Workbook

Sheet MONTHWISE
A1: Inv Date | B1: Inv Month | C1: Advertiser | D1: Invoice number | E1: Final Amount | F1: Invoice amt | G1: ServiceTax | H1: Less 2% | I1: Amt Receivable
E2: =SUM(E3:E384) -> 28008161 | F2: =SUM(F3:F384) -> 24411649 | G2: =SUM(G3:G384) -> 3596511.5 | H2: =SUM(H3:H384) -> 483341.54 | I2: =SUM(I3:I384) -> 27524819
A4: 5th Apr 2016 | B4: Dec 2015 | C4: Komli Media | D4: Komli-00186-Dec-2015 | E4: =F4+G4 -> 984508.79 | F4: 859833 | G4: =F4*14.5% -> 124675.78 | H4: =F4*2% -> 17196.66 | I4: =E4-H4 -> 967312.12
A5: 12th Apr 2016 | B5: Jan 2016 | C5: Icubes Wire | D5: iCubeswire-015-Jan-2016 | E5: =F5+G5 -> 85296.775 | F5: 74495 | G5: =F5*14.5% -> 10801.775 | H5: =F5*2% -> 1489.9 | I5: =E5-H5 -> 83806.875
A6: 16th Apr 2016 | B6: Feb 2016 | C6: Icubes Wire | D6: iCubeswire-016-Feb-2016 | E6: =F6+G6 -> 4024.675 | F6: 3515 | G6: =F6*14.5% -> 509.675 | H6: =F6*2% -> 70.3 | I6: =E6-H6 -> 3954.375
A7: 14th Apr 2016 | B7: April 2016 | C7: ADOMANTRA | D7: Adomantra-117 | E7: =F7+G7 -> 44082.5 | F7: 38500 | G7: =F7*14.5% -> 5582.5 | H7: =F7*2% -> 770 | I7: =E7-H7 -> 43312.5
A8: 1st Apr 2016 | B8: Jan 2016 | C8: Bizwin Media | D8: Bizwin-016-Jan-2016 | E8: =F8+G8 -> 25762.5 | F8: =500000/1000*45 -> 22500 | G8: =F8*14.5% -> 3262.5 | H8: =F8*2% -> 450 | I8: =E8-H8 -> 25312.5
A9: 1st Apr 2016 | B9: Feb 2016 | C9: Bizwin Media | D9: Bizwin-017-Feb-2016 | E9: =F9+G9 -> 48948.75 | F9: =950000/1000*45 -> 42750 | G9: =F9*14.5% -> 6198.75 | H9: =F9*2% -> 855 | I9: =E9-H9 -> 48093.75
A10: 1st Apr 2016 | B10: Mar 2016 | C10: Bizwin Media | D10: Bizwin-018-Feb-2017 | E10: =F10+G10 -> 5741.6368 | F10: =111434/1000*45 -> 5014.53 | G10: =F10*14.5% -> 727.10685 | H10: =F10*2% -> 100.2906 | I10: =E10-H10 -> 5641.3462
A11: 1st Apr 2016 | B11: Mar 2016 | C11: Bizwin Media | D11: Bizwin-019-Mar-2016 | E11: =F11+G11 -> 16075.8 | F11: =312000/1000*45 -> 14040 | G11: =F11*14.5% -> 2035.8 | H11: =F11*2% -> 280.8 | I11: =E11-H11 -> 15795
A12: 1st Apr 2016 | B12: Mar 2016 | C12: Bizwin Media | D12: Bizwin-020-Mar-2016 | E12: =F12+G12 -> 33956.263 | F12: =SUM(500000+159025)/1000*45 -> 29656.125 | G12: =F12*14.5% -> 4300.1381 | H12: =F12*2% -> 593.1225 | I12: =E12-H12 -> 33363.141
A13: 11th Apr 2016 | B13: April 2016 | C13: Bizwin Media | D13: Bizwin-021-Apr-2016 | E13: =F13+G13 -> 43967.983 | F13: =853333/1000*45 -> 38399.985 | G13: =F13*14.5% -> 5567.9978 | H13: =F13*2% -> 767.9997 | I13: =E13-H13 -> 43199.983
A14: 12th Apr 2016 | B14: April 2016 | C14: Bizwin Media | D14: Bizwin-022-Apr-2016 | E14: =F14+G14 -> 38069.658 | F14: =738858/1000*45 -> 33248.61 | G14: =F14*14.5% -> 4821.0484 | H14: =F14*2% -> 664.9722 | I14: =E14-H14 -> 37404.686
A15: 11th Apr 2016 | B15: April 2016 | C15: Bizwin Media | D15: Bizwin-023-Apr-2016 | E15: =F15+G15 -> 283387.5 | F15: =5500000/1000*45 -> 247500 | G15: =F15*14.5% -> 35887.5 | H15: =F15*2% -> 4950 | I15: =E15-H15 -> 278437.5
A16: 7th Apr 2016 | B16: April 2016 | C16: Bizwin Media | D16: Bizwin-024-Apr-2016 | E16: =F16+G16 -> 8587.5 | F16: =1500*5 -> 7500 | G16: =F16*14.5% -> 1087.5 | H16: =F16*2% -> 150 | I16: =E16-H16 -> 8437.5
A17: 12th Apr 2016 | B17: April 2016 | C17: Bizwin Media | D17: Bizwin-025-Apr-2016 | E17: =F17+G17 -> 1717.5 | F17: =300*5 -> 1500 | G17: =F17*14.5% -> 217.5 | H17: =F17*2% -> 30 | I17: =E17-H17 -> 1687.5
A18: 25th Apr 2016 | B18: Feb 2016 | C18: Fork Media/Clickzoot | D18: Fork Media-024-Feb-2016 | E18: =F18+G18 -> 1341438.5 | F18: 1171562 | G18: =F18*14.5% -> 169876.49 | H18: =F18*2% -> 23431.24 | I18: =E18-H18 -> 1318007.2
A19: 25th Apr 2016 | B19: April 2016 | C19: Bizwin Media | D19: Bizwin-026-Apr-2016 | E19: =F19+G19 -> 199758.51 | F19: =3876924/1000*45 -> 174461.58 | G19: =F19*14.5% -> 25296.929 | H19: =F19*2% -> 3489.2316 | I19: =E19-H19 -> 196269.28
A20: 1st Apr 2016 | B20: Dec 2015 | C20: Media Conversion | D20: MediaConversion-017-Dec-2015 | E20: =F20+G20 -> 174326.25 | F20: =1450000/1000*105 -> 152250 | G20: =F20*14.5% -> 22076.25 | H20: =F20*2% -> 3045 | I20: =E20-H20 -> 171281.25
A21: 1st Apr 2016 | B21: Mar 2016 | C21: SVG+DGM | D21: DGMatix-021-March-2016 | E21: =F21+G21 -> 15223.92 | F21: 13296 | G21: =F21*14.5% -> 1927.92 | H21: =F21*2% -> 265.92 | I21: =E21-H21 -> 14958
A22: 11th Apr 2016 | B22: Feb 2016 | C22: SVG+DGM | D22: TYROO-00149 | E22: =F22+G22 -> 135973.33 | F22: 118754 | G22: =F22*14.5% -> 17219.33 | H22: =F22*2% -> 2375.08 | I22: =E22-H22 -> 133598.25
A23: 3rd May 2016 | B23: Feb 2016 | C23: Icubes Wire | D23: iCubeswire-017-Feb-2016 | E23: =F23+G23 -> 91628.625 | F23: 80025 | G23: =F23*14.5% -> 11603.625 | H23: =F23*2% -> 1600.5 | I23: =E23-H23 -> 90028.125
A24: 3rd May 2016 | B24: Jan 2016 | C24: Komli Media | D24: Komli-00187-Jan-2016 | E24: =F24+G24 -> 119189.92 | F24: 104096 | G24: =F24*14.5% -> 15093.92 | H24: =F24*2% -> 2081.92 | I24: =E24-H24 -> 117108
A25: 3rd May 2016 | B25: Feb 2016 | C25: Komli Media | D25: Komli-00188-Feb-2016 | E25: =F25+G25 -> 426565.17 | F25: 372546 | G25: =F25*14.5% -> 54019.17 | H25: =F25*2% -> 7450.92 | I25: =E25-H25 -> 419114.25
A26: 3rd May 2016 | B26: Feb 2016 | C26: Aqugen Media | D26: AquGen-010-February-2016 | E26: =F26+G26 -> 1522.85 | F26: 1330 | G26: =F26*14.5% -> 192.85 | H26: =F26*2% -> 26.6 | I26: =E26-H26 -> 1496.25
A27: 3rd May 2016 | B27: Mar 2016 | C27: Aqugen Media | D27: AquGen-011-March-2016 | E27: =F27+G27 -> 23186.25 | F27: 20250 | G27: =F27*14.5% -> 2936.25 | H27: =F27*2% -> 405 | I27: =E27-H27 -> 22781.25
A28: 3rd May 2016 | B28: Mar 2016 | C28: Icubes Wire | D28: iCubeswire-018-Mar-2016 | E28: =F28+G28 -> 413608.35 | F28: 361230 | G28: =F28*14.5% -> 52378.35 | H28: =F28*2% -> 7224.6 | I28: =E28-H28 -> 406383.75
A29: 30th Apr 2016 | B29: April 2016 | C29: Bizwin Media | D29: Bizwin-027-Apr-2016 | E29: =F29+G29 -> 25762.5 | F29: 22500 | G29: =F29*14.5% -> 3262.5 | H29: =F29*2% -> 450 | I29: =E29-H29 -> 25312.5
A30: 30th Apr 2016 | B30: April 2016 | C30: Bizwin Media | D30: Bizwin-028-Apr-2016 | E30: =F30+G30 -> 77287.5 | F30: 67500 | G30: =F30*14.5% -> 9787.5 | H30: =F30*2% -> 1350 | I30: =E30-H30 -> 75937.5
A31: 31st May 2016 | B31: Mar 2016 | C31: Icubes Wire | D31: iCubeswire-019-Mar-2016 | E31: =F31+G31 -> 8123.775 | F31: 7095 | G31: =F31*14.5% -> 1028.775 | H31: =F31*2% -> 141.9 | I31: =E31-H31 -> 7981.875
A32: 1st May 2016 | B32: April 2016 | C32: SVG+DGM | D32: DGMatix-022-April-2016 | E32: =F32+G32 -> 17573.46 | F32: 15348 | G32: =F32*14.5% -> 2225.46 | H32: =F32*2% -> 306.96 | I32: =E32-H32 -> 17266.5
... A51: 31st May 2016 | B51: May 2016 | C51: Media Conversion | D51: MediaConversion-020-May-2016 | E51: =F51+G51 -> 51525 | F51: 45000 | G51: =F51*14.5% -> 6525 | H51: =F51*2% -> 900 | I51: =E51-H51 -> 50625
A52: 7th Jun 2016 | B52: May 2016 | C52: Media Conversion | D52: MediaConversion-021-May-2016 | E52: =F52+G52 -> 51750 | F52: 45000 | G52: =F52*15% -> 6750 | H52: =F52*2% -> 900 | I52: =E52-H52 -> 50850
A53: 1st Jun 2016 | B53: May 2016 | C53: Digidesk | D53: Digidesk Media-017-May-2016 | E53: =F53+G53 -> 20700 | F53: 18000 | G53: =F53*15% -> 2700 | H53: =F53*2% -> 360 | I53: =E53-H53 -> 20340
A54: 2nd May 2016 | B54: March 2016 | C54: HttPool | D54: Httpool-0001-March-2016 | E54: =F54+G54 -> 29907.4 | F54: 26120 | G54: =F54*14.5% -> 3787.4 | H54: =F54*2% -> 522.4 | I54: =E54-H54 -> 29385
A55: 13th April 2016 | B55: Feb 2016 | C55: AD2CLICK - SGS GLOBAL SERVICES | D55: Ad2click -001-Feb-2016 | E55: =F55+G55 -> 4694.5 | F55: 4100 | G55: =F55*14.5% -> 594.5 | H55: =F55*2% -> 82 | I55: =E55-H55 -> 4612.5
A56: 23rd June 2016 | B56: Jan 2016 | C56: Media Conversion | D56: MediaConversion-022-Jan-2016 | E56: =F56+G56 -> 215050 | F56: 187000 | G56: =F56*15% -> 28050 | H56: =F56*2% -> 3740 | I56: =E56-H56 -> 211310
A57: 23rd June 2016 | B57: Feb 2016 | C57: Media Conversion | D57: MediaConversion-023-Feb-2016 | E57: =F57+G57 -> 302450 | F57: 263000 | G57: =F57*15% -> 39450 | H57: =F57*2% -> 5260 | I57: =E57-H57 -> 297190
A58: 29th June 2016 | B58: March 2016 | C58: Sense Digital | D58: Sense-Digital-003-Mar-2016 | E58: =F58+G58 -> 1304.1 | F58: 1134 | G58: =F58*15% -> 170.1 | H58: =F58*2% -> 22.68 | I58: =E58-H58 -> 1281.42
A59: 29th June 2016 | B59: April 2016 | C59: Sense Digital | D59: Sense-Digital-004-April-2016 | E59: =F59+G59 -> 4168.75 | F59: 3625 | G59: =F59*15% -> 543.75 | H59: =F59*2% -> 72.5 | I59: =E59-H59 -> 4096.25
A60: 30th Jun 2016 | B60: Jun 2016 | C60: ADOMANTRA | D60: Adomantra-0124 | E60: =F60+G60 -> 4600 | F60: =50000/1000*80 -> 4000 | G60: =F60*15% -> 600 | H60: =F60*2% -> 80 | I60: =E60-H60 -> 4520
A61: 30th Jun 2016 | B61: Jun 2016 | C61: ADOMANTRA | D61: Adomantra-0125 | E61: =F61+G61 -> 50312.5 | F61: =17500*2.5 -> 43750 | G61: =F61*15% -> 6562.5 | H61: =F61*2% -> 875 | I61: =E61-H61 -> 49437.5
A62: 30th Jun 2016 | B62: Jun 2016 | C62: ADOMANTRA | D62: Adomantra-0126 | E62: =F62+G62 -> 82775.85 | F62: =719790/1000*100 -> 71979 | G62: =F62*15% -> 10796.85 | H62: =F62*2% -> 1439.58 | I62: =E62-H62 -> 81336.27
A63: 4th Jul 2016 | B63: Jun 2016 | C63: Media Conversion | D63: MediaConversion-024-Jun-2016 | E63: =F63+G63 -> 36800 | F63: =400000/1000*80 -> 32000 | G63: =F63*15% -> 4800 | H63: =F63*2% -> 640 | I63: =E63-H63 -> 36160
A64: 30th Jun 2016 | B64: Jun 2016 | C64: D-Creative | D64: Dcreative-140-Jun-2016 | E64: =F64+G64 -> 65780 | F64: =26000*2.2 -> 57200 | G64: =F64*15% -> 8580 | H64: =F64*2% -> 1144 | I64: =E64-H64 -> 64636
A65: 23rd Jun 2016 | B65: Mar 2016 | C65: Fork Media/Clickzoot | D65: Fork Media-025-Mar-2016 | E65: =F65+G65 -> 187283.25 | F65: 162855 | G65: =F65*15% -> 24428.25 | H65: =F65*2% -> 3257.1 | I65: =E65-H65 -> 184026.15
A66: 23rd Jun 2016 | B66: Apr 2016 | C66: Fork Media/Clickzoot | D66: Fork Media-026-Apr-2016 | E66: =F66+G66 -> 86715.75 | F66: 75405 | G66: =F66*15% -> 11310.75 | H66: =F66*2% -> 1508.1 | I66: =E66-H66 -> 85207.65
A67: 27th Jun 2016 | B67: April 2016 | C67: Komli Media | D67: Komli-00192-Apr-2016 | E67: =F67+G67 -> 150552.25 | F67: 130915 | G67: =F67*15% -> 19637.25 | H67: =F67*2% -> 2618.3 | I67: =E67-H67 -> 147933.95
A68: 4th Jul 2016 | B68: Jun 2016 | C68: Media Conversion | D68: MediaConversion-025-Jun-2016 | E68: =F68+G68 -> 41687.5 | F68: =14500*2.5 -> 36250 | G68: =F68*15% -> 5437.5 | H68: =F68*2% -> 725 | I68: =E68-H68 -> 40962.5
A69: 4th Jul 2016 | B69: Jun 2016 | C69: Media Conversion | D69: MediaConversion-026-Jun-2016 | E69: =F69+G69 -> 8050 | F69: =2800*2.5 -> 7000 | G69: =F69*15% -> 1050 | H69: =F69*2% -> 140 | I69: =E69-H69 -> 7910
A70: 4th Jul 2016 | B70: Jun 2016 | C70: Media Conversion | D70: MediaConversion-027-Jun-2016 | E70: =F70+G70 -> 91104.15 | F70: =26407*3 -> 79221 | G70: =F70*15% -> 11883.15 | H70: =F70*2% -> 1584.42 | I70: =E70-H70 -> 89519.73
A71: 12th Jul 2016 | B71: July 2016 | C71: Mobinet | D71: Mobinet-001-July-2016 | E71: =F71+G71 -> 56267.137 | F71: =515031/1000*95 -> 48927.945 | G71: =F71*15% -> 7339.1917 | H71: =F71*2% -> 978.5589 | I71: =E71-H71 -> 55288.578
A72: 31st May 2016 | B72: May 2016 | C72: Vertoz | D72: Vertoz-0001-May-2016 | E72: =F72+G72 -> 4997.925 | F72: =2910*1.5 -> 4365 | G72: =F72*14.5% -> 632.925 | H72: =F72*2% -> 87.3 | I72: =E72-H72 -> 4910.625
A73: 7th July 2016 | B73: Jun 2016 | C73: Vertoz | D73: Vertoz-0002-Jun-2016 | E73: =F73+G73 -> 3393.075 | F73: =1967*1.5 -> 2950.5 | G73: =F73*15% -> 442.575 | H73: =F73*2% -> 59.01 | I73: =E73-H73 -> 3334.065
A74: 15th Jun 2016 | B74: April 2016 | C74: Opicle Technologies | D74: OpicleTechnologies-003-Apr-2016 | E74: =F74+G74 -> 20542.45 | F74: 17863 | G74: =F74*15% -> 2679.45 | H74: =F74*2% -> 357.26 | I74: =E74-H74 -> 20185.19
A75: 14th Jul 2016 | B75: May 2016 | C75: DGM India | D75: DGPerform-020-May-2016 | E75: =F75+G75 -> 5554.5 | F75: 4830 | G75: =F75*15% -> 724.5 | H75: =F75*2% -> 96.6 | I75: =E75-H75 -> 5457.9
A76: 15th Jul 2016 | B76: May 2016 | C76: Opicle Technologies | D76: OpicleTechnologies-004-May-2016 | E76: =F76+G76 -> 77637.65 | F76: 67511 | G76: =F76*15% -> 10126.65 | H76: =F76*2% -> 1350.22 | I76: =E76-H76 -> 76287.43
A77: 8th July 2016 | B77: Jun 2016 | C77: ADOMANTRA | D77: Adomantra-0127 | E77: =F77+G77 -> 69000 | F77: =20000*3 -> 60000 | G77: =F77*15% -> 9000 | H77: =F77*2% -> 1200 | I77: =E77-H77 -> 67800
A78: 20th Jul 2016 | B78: Jun 2016 | C78: ADOMANTRA | D78: Adomantra-0128 | E78: =F78+G78 -> 60375 | F78: =700000/1000*75 -> 52500 | G78: =F78*15% -> 7875 | H78: =F78*2% -> 1050 | I78: =E78-H78 -> 59325
A79: 30th July 2016 | B79: Jun 2016 | C79: ADOMANTRA | D79: Adomantra-0129 | E79: =F79+G79 -> 20700 | F79: =150000/1000*120 -> 18000 | G79: =F79*15% -> 2700 | H79: =F79*2% -> 360 | I79: =E79-H79 -> 20340
A80: 29th Jun 2016 | B80: July 2016 | C80: ADOMANTRA | D80: Adomantra-0130 | E80: =F80+G80 -> 8050 | F80: =2000*3.5 -> 7000 | G80: =F80*15% -> 1050 | H80: =F80*2% -> 140 | I80: =E80-H80 -> 7910
A81: 4th Aug 2016 | B81: May 2016 | C81: Icubes Wire | D81: iCubeswire-021-May-2016 | E81: =F81+G81 -> 233289 | F81: 202860 | G81: =F81*15% -> 30429 | H81: =F81*2% -> 4057.2 | I81: =E81-H81 -> 229231.8
A82: 4th Aug 2016 | B82: April 2016 | C82: Aqugen Media | D82: AquGen-012-April-2016 | E82: =F82+G82 -> 414 | F82: 360 | G82: =F82*15% -> 54 | H82: =F82*2% -> 7.2 | I82: =E82-H82 -> 406.8
A83: 4th Aug 2016 | B83: May 2016 | C83: Aqugen Media | D83: AquGen-013-May-2016 | E83: =F83+G83 -> 3082 | F83: 2680 | G83: =F83*15% -> 402 | H83: =F83*2% -> 53.6 | I83: =E83-H83 -> 3028.4
A84: 4th Aug 2016 | B84: Jun 2016 | C84: Aqugen Media | D84: AquGen-014-June-2016 | E84: =F84+G84 -> 70851.5 | F84: 61610 | G84: =F84*15% -> 9241.5 | H84: =F84*2% -> 1232.2 | I84: =E84-H84 -> 69619.3
A85: 12th Jul 2016 | B85: July 2016 | C85: D-Creative | D85: Dcreative-141-July-2016 | E85: =F85+G85 -> 138000 | F85: 120000 | G85: =F85*15% -> 18000 | H85: =F85*2% -> 2400 | I85: =E85-H85 -> 135600
A86: 1st Aug 2016 | B86: July 2016 | C86: Media Conversion | D86: MediaConversion-028-Jul-2016 | E86: =F86+G86 -> 34500 | F86: =12000*2.5 -> 30000 | G86: =F86*15% -> 4500 | H86: =F86*2% -> 600 | I86: =E86-H86 -> 33900
A87: 5th Jul 2016 | B87: July 2016 | C87: Media Conversion | D87: MediaConversion-029-Jul-2016 | E87: =F87+G87 -> 18566.704 | F87: =201812/1000*80 -> 16144.96 | G87: =F87*15% -> 2421.744 | H87: =F87*2% -> 322.8992 | I87: =E87-H87 -> 18243.805
A88: 23rd Jul 2016 | B88: July 2016 | C88: Media Conversion | D88: MediaConversion-030-Jul-2016 | E88: =F88+G88 -> 4140 | F88: =1800*2 -> 3600 | G88: =F88*15% -> 540 | H88: =F88*2% -> 72 | I88: =E88-H88 -> 4068
A89: 23rd Jul 2016 | B89: July 2016 | C89: Media Conversion | D89: MediaConversion-031-Jul-2016 | E89: =F89+G89 -> 23000 | F89: =250000/1000*80 -> 20000 | G89: =F89*15% -> 3000 | H89: =F89*2% -> 400 | I89: =E89-H89 -> 22600
A90: 5th Jul 2016 | B90: July 2016 | C90: Media Conversion | D90: MediaConversion-032-Jun-2016 | E90: =F90+G90 -> 7187.5 | F90: =2500*2.5 -> 6250 | G90: =F90*15% -> 937.5 | H90: =F90*2% -> 125 | I90: =E90-H90 -> 7062.5
A91: 8th Aug 2016 | B91: March 2016 | C91: SVG+DGM | D91: TYROO-00150-Mar-2016-International | E91: =F91+G91 -> 129061.05 | F91: 112227 | G91: =F91*15% -> 16834.05 | H91: =F91*2% -> 2244.54 | I91: =E91-H91 -> 126816.51
A92: 8th Aug 2016 | B92: April 2016 | C92: SVG+DGM | D92: TYROO-00151-Apr-2016-International | E92: =F92+G92 -> 38982 | F92: =584*66.75 -> 38982 | G92: 0 | H92: 0 | I92: =E92-H92 -> 38982
A93: 8th Aug 2016 | B93: May 2016 | C93: SVG+DGM | D93: TYROO-00152-May-2016-International | E93: =F93+G93 -> 116812.5 | F93: =1750*66.75 -> 116812.5 | G93: 0 | H93: 0 | I93: =E93-H93 -> 116812.5
A94: 8th Aug 2016 | B94: Jun 2016 | C94: SVG+DGM | D94: TYROO-00153-June-2016-International | E94: =F94+G94 -> 88777.5 | F94: =1330*66.75 -> 88777.5 | G94: 0 | H94: 0 | I94: =E94-H94 -> 88777.5
A95: 22nd Aug 2016 | B95: May 2016 | C95: Bizwin Media | D95: Bizwin-030-May-2016 | E95: =F95+G95 -> 2875 | F95: =500*5 -> 2500 | G95: =F95*15% -> 375 | H95: =F95*2% -> 50 | I95: =E95-H95 -> 2825
A96: 22nd Aug 2016 | B96: May 2016 | C96: Bizwin Media | D96: Bizwin-031-May-2016 | E96: =F96+G96 -> 2875 | F96: =500*5 -> 2500 | G96: =F96*15% -> 375 | H96: =F96*2% -> 50 | I96: =E96-H96 -> 2825
A97: 22nd Aug 2016 | B97: July 2016 | C97: Bizwin Media | D97: Bizwin-032-July-2016 | E97: =F97+G97 -> 32343.75 | F97: =625000/1000*45 -> 28125 | G97: =F97*15% -> 4218.75 | H97: =F97*2% -> 562.5 | I97: =E97-H97 -> 31781.25
A98: 22nd Aug 2016 | B98: July 2016 | C98: Bizwin Media | D98: Bizwin-033-July-2016 | E98: =F98+G98 -> 32343.75 | F98: =625000/1000*45 -> 28125 | G98: =F98*15% -> 4218.75 | H98: =F98*2% -> 562.5 | I98: =E98-H98 -> 31781.25
A99: 22nd Aug 2016 | B99: July 2016 | C99: Bizwin Media | D99: Bizwin-034-July-2016 | E99: =F99+G99 -> 62100 | F99: =1200000/1000*45 -> 54000 | G99: =F99*15% -> 8100 | H99: =F99*2% -> 1080 | I99: =E99-H99 -> 61020
A100: 22nd Aug 2016 | B100: July 2016 | C100: Bizwin Media | D100: Bizwin-035-July-2016 | E100: =F100+G100 -> 62100 | F100: =1200000/1000*45 -> 54000 | G100: =F100*15% -> 8100 | H100: =F100*2% -> 1080 | I100: =E100-H100 -> 61020
A101: 22nd Aug 2016 | B101: July 2016 | C101: Bizwin Media | D101: Bizwin-036-July-2016 | E101: =F101+G101 -> 116437.5 | F101: =2250000/1000*45 -> 101250 | G101: =F101*15% -> 15187.5 | H101: =F101*2% -> 2025 | I101: =E101-H101 -> 114412.5
A102: 22nd Aug 2016 | B102: July 2016 | C102: Bizwin Media | D102: Bizwin-037-July-2016 | E102: =F102+G102 -> 155250 | F102: =3000000/1000*45 -> 135000 | G102: =F102*15% -> 20250 | H102: =F102*2% -> 2700 | I102: =E102-H102 -> 152550
A103: 22nd Aug 2016 | B103: July 2016 | C103: Bizwin Media | D103: Bizwin-038-July-2016 | E103: =F103+G103 -> 64687.5 | F103: =1250000/1000*45 -> 56250 | G103: =F103*15% -> 8437.5 | H103: =F103*2% -> 1125 | I103: =E103-H103 -> 63562.5
A104: 22nd Aug 2016 | B104: July 2016 | C104: Bizwin Media | D104: Bizwin-039-July-2016 | E104: =F104+G104 -> 94090.918 | F104: =1818182/1000*45 -> 81818.19 | G104: =F104*15% -> 12272.728 | H104: =F104*2% -> 1636.3638 | I104: =E104-H104 -> 92454.555
A105: 22nd Aug 2016 | B105: July 2016 | C105: Bizwin Media | D105: Bizwin-040-July-2016 | E105: =F105+G105 -> 31050 | F105: =600000/1000*45 -> 27000 | G105: =F105*15% -> 4050 | H105: =F105*2% -> 540 | I105: =E105-H105 -> 30510
A106: 22nd Aug 2016 | B106: July 2016 | C106: Bizwin Media | D106: Bizwin-041-June-2016 | E106: =F106+G106 -> 207000 | F106: =4000000/1000*45 -> 180000 | G106: =F106*15% -> 27000 | H106: =F106*2% -> 3600 | I106: =E106-H106 -> 203400
A107: 22nd Aug 2016 | B107: July 2016 | C107: Bizwin Media | D107: Bizwin-042-July-2016 | E107: =F107+G107 -> 20700 | F107: =400000/1000*45 -> 18000 | G107: =F107*15% -> 2700 | H107: =F107*2% -> 360 | I107: =E107-H107 -> 20340
A108: 22nd Aug 2016 | B108: July 2016 | C108: Bizwin Media | D108: Bizwin-043-July-2016 | E108: =F108+G108 -> 25875 | F108: =500000/1000*45 -> 22500 | G108: =F108*15% -> 3375 | H108: =F108*2% -> 450 | I108: =E108-H108 -> 25425
A109: 22nd Aug 2016 | B109: July 2016 | C109: Bizwin Media | D109: Bizwin-044-July-2016 | E109: =F109+G109 -> 25875 | F109: =500000/1000*45 -> 22500 | G109: =F109*15% -> 3375 | H109: =F109*2% -> 450 | I109: =E109-H109 -> 25425
A110: 22nd Aug 2016 | B110: July 2016 | C110: Bizwin Media | D110: Bizwin-045-July-2016 | E110: =F110+G110 -> 10350 | F110: =200000/1000*45 -> 9000 | G110: =F110*15% -> 1350 | H110: =F110*2% -> 180 | I110: =E110-H110 -> 10170
A111: 22nd Aug 2016 | B111: July 2016 | C111: Bizwin Media | D111: Bizwin-046-July-2016 | E111: =F111+G111 -> 86422.5 | F111: =1670000/1000*45 -> 75150 | G111: =F111*15% -> 11272.5 | H111: =F111*2% -> 1503 | I111: =E111-H111 -> 84919.5
A112: 22nd Aug 2016 | B112: July 2016 | C112: Bizwin Media | D112: Bizwin-047-July-2016 | E112: =F112+G112 -> 25875 | F112: =500000/1000*45 -> 22500 | G112: =F112*15% -> 3375 | H112: =F112*2% -> 450 | I112: =E112-H112 -> 25425
A113: 22nd Aug 2016 | B113: Aug 2016 | C113: Bizwin Media | D113: Bizwin-048-Aug-2016 | E113: =F113+G113 -> 1207.5 | F113: =210*5 -> 1050 | G113: =F113*15% -> 157.5 | H113: =F113*2% -> 21 | I113: =E113-H113 -> 1186.5
A114: 22nd Aug 2016 | B114: Aug 2016 | C114: Bizwin Media | D114: Bizwin-049-Aug-2016 | E114: =F114+G114 -> 2248.25 | F114: =391*5 -> 1955 | G114: =F114*15% -> 293.25 | H114: =F114*2% -> 39.1 | I114: =E114-H114 -> 2209.15
A115: 22nd Aug 2016 | B115: July 2016 | C115: OptiMidea | D115: OptiMidea-001-July-2016 | E115: =F115+G115 -> 75856.3 | F115: 65962 | G115: =F115*15% -> 9894.3 | H115: =F115*2% -> 1319.24 | I115: =E115-H115 -> 74537.06
A116: 22nd Aug 2016 | B116: July 2016 | C116: D-Creative | D116: Dcreative-142-July-2016 | E116: =F116+G116 -> 13524.69 | F116: =69180*0.17 -> 11760.6 | G116: =F116*15% -> 1764.09 | H116: =F116*2% -> 235.212 | I116: =E116-H116 -> 13289.478
A117: 24th Aug 2016 | B117: May 2016 | C117: Sense Digital | D117: Sense-Digital-005-May-2016 | E117: =F117+G117 -> 15995.35 | F117: 13909 | G117: =F117*15% -> 2086.35 | H117: =F117*2% -> 278.18 | I117: =E117-H117 -> 15717.17
A118: 24th Aug 2016 | B118: Jun 2016 | C118: Click Thru Network | D118: CTN-001-June-2016 | E118: =F118+G118 -> 10143 | F118: 8820 | G118: =F118*15% -> 1323 | H118: =F118*2% -> 176.4 | I118: =E118-H118 -> 9966.6
A119: 24th Aug 2016 | B119: Jun 2016 | C119: Opicle Technologies | D119: OpicleTechnologies-005-June-2016 | E119: =F119+G119 -> 133030.85 | F119: 115679 | G119: =F119*15% -> 17351.85 | H119: =F119*2% -> 2313.58 | I119: =E119-H119 -> 130717.27
...

Sheet HOME
B1: Turnover | C1: Service Tax | D1: Amt Receivable | E1: Amt Received | F1: Amt Pending
A3: Adomantra | B3: =Adomantra!F2 -> 8646621.5 | C3: =Adomantra!H2 -> 1126444.9 | D3: =Adomantra!L2 -> 8496218 | E3: =Adomantra!M2 -> 8499150 | F3: =D3-E3 -> -2932.0459 | H3: Total Turnover | I3: =SUM(B3:B44) -> 28237178
A4: Icubes | B4: =iCubes!F20 -> 2917591.8 | C4: =iCubes!H20 -> 377253.78 | D4: =iCubes!L20 -> 2866785 | E4: =iCubes!M20 -> 2866783 | F4: =D4-E4 -> 2.02
A5: Media-Conv | B5: ='Media-Conversion'!F28 -> 1801132.2 | C5: ='Media-Conversion'!H28 -> 233492.24 | D5: ='Media-Conversion'!L28 -> 1769779.4 | E5: ='Media-Conversion'!M28 -> 1767972 | F5: =D5-E5 -> 1807.4048 | H5: Total Service Tax | I5: =SUM(C3:C44) -> 3626383.4
A6: Bizwin | B6: =Bizvin!F2 -> 3094701.9 | C6: =Bizvin!H2 -> 400310.8 | D6: =Bizvin!L2 -> 3040814 | E6: =Bizvin!M2 -> 3040824 | F6: =D6-E6 -> -9.96765
A7: Komli Media | B7: =KOMLI!F2 -> 2289646.8 | C7: =KOMLI!H2 -> 292838.83 | D7: =KOMLI!L2 -> 2249710.7 | E7: =KOMLI!M2 -> 2249710 | F7: =D7-E7 -> 0.665 | H7: Amt Receivable | I7: =SUM(D3:D44) -> 27750188
A8: CZ / Fork Media | B8: ='Fork Media'!F23 -> 2408202.6 | C8: ='Fork Media'!H23 -> 309019.64 | D8: ='Fork Media'!L23 -> 2366219 | E8: ='Fork Media'!M23 -> 2366217 | F8: =D8-E8 -> 1.98
A9: D-creative | B9: =Dcreative!F2 -> 631770.05 | C9: =Dcreative!H2 -> 81132.95 | D9: =Dcreative!L2 -> 620757.31 | E9: =Dcreative!M2 -> 630817 | F9: =D9-E9 -> -10059.692 | H9: Amt Received | I9: =SUM(E3:E44) -> 26405128
A10: SVG+DGM | B10: ='SVG+DGM'!F28 -> 605328.56 | C10: ='SVG+DGM'!H28 -> 44133.06 | D10: ='SVG+DGM'!L28 -> 599329.84 | E10: ='SVG+DGM'!M28 -> 595810.37 | F10: =D10-E10 -> 3519.47
A11: AquGen | B11: =Aqugen!F16 -> 380494.95 | C11: =Aqugen!H16 -> 49535.95 | D11: =Aqugen!L16 -> 373875.77 | E11: =Aqugen!M16 -> 373875 | F11: =D11-E11 -> 0.77 | H11: Amt Pending | I11: =SUM(F3:F44) -> 1345059.3
A12: OptiMidea | B12: =OptiMidea!F14 -> 1273610 | C12: =OptiMidea!H14 -> 166123.05 | D12: =OptiMidea!L14 -> 1251460.3 | E12: =OptiMidea!M14 -> 1251473 | F12: =D12-E12 -> -12.69
A13: Opicle | B13: =Opicle!F16 -> 773113.38 | C13: =Opicle!H16 -> 100818.37 | D13: =Opicle!L16 -> 759667.47 | E13: =Opicle!M16 -> 759669 | F13: =D13-E13 -> -1.525
A14: Mobinet | B14: =Mobinet!F17 -> 1662844 | C14: =Mobinet!H17 -> 216892.7 | D14: =Mobinet!L17 -> 1633925 | E14: =Mobinet!M17 -> 726597 | F14: =D14-E14 -> 907328.02 | H14: Click on the Advertiser Name
A15: Digidesk | B15: =DigiDesk!F22 -> 36004.2 | C15: =DigiDesk!H22 -> 4696.2 | D15: =DigiDesk!L22 -> 35378.04 | E15: =DigiDesk!M22 -> 35378 | F15: =D15-E15 -> 0.04
A16: Pracharnama | B16: =Pracharnama!F14 -> 646893.4 | C16: =Pracharnama!H14 -> 84377.4 | D16: =Pracharnama!L14 -> 635643.08 | E16: =Pracharnama!M14 -> 225035 | F16: =D16-E16 -> 410608.08 | H16: UPDATED - 14th Jan 2020
A17: Catalyst | B17: =Catalyst!F15 -> 34835.8 | C17: =Catalyst!H15 -> 4543.8 | D17: =Catalyst!L15 -> 34229.96 | E17: =Catalyst!M15 -> 34230 | F17: =D17-E17 -> -0.04
A18: Vertoz | B18: =Vertoz!F15 -> 370812.35 | C18: =Vertoz!H15 -> 48347.85 | D18: =Vertoz!L15 -> 364363.06 | E18: =Vertoz!M15 -> 364362 | F18: =D18-E18 -> 1.06
A19: Click Thru Network | B19: =CTN!F14 -> 182920.15 | C19: =CTN!H14 -> 23859.15 | D19: =CTN!L14 -> 179738.93 | E19: =CTN!M14 -> 179739 | F19: =D19-E19 -> -0.07
A20: AdsPayMedia | B20: =AdsPayMedia!F14 -> 23244.95 | C20: =AdsPayMedia!H14 -> 3031.95 | D20: =AdsPayMedia!L14 -> 22840.69 | E20: =AdsPayMedia!M14 -> 22841 | F20: =D20-E20 -> -0.31
A21: Ad-Click-Zone | B21: =Adclickzone!F13 -> 50441.3 | C21: =Adclickzone!H13 -> 6579.3 | D21: =Adclickzone!L13 -> 49564.06 | E21: =Adclickzone!M13 -> 49564 | F21: =D21-E21 -> 0.06
A22: AdSpar | B22: =AdSpar!F13 -> 20579.25 | C22: =AdSpar!H13 -> 2684.25 | D22: =AdSpar!L13 -> 20221.35 | E22: =AdSpar!M13 -> 0 | F22: =D22-E22 -> 20221.35
A23: AD2CLICK - SGS Global | B23: =AD2Click!F15 -> 25026.5 | C23: =AD2Click!H15 -> 3246.5 | D23: =AD2Click!L15 -> 24590.9 | E23: =AD2Click!M15 -> 24591 | F23: =D23-E23 -> -0.1
A24: Zeematics | B24: =Zeematics!F13 -> 9994.65 | C24: =Zeematics!H13 -> 1303.65 | D24: =Zeematics!L13 -> 9820.83 | E24: =Zeematics!M13 -> 9995 | F24: =D24-E24 -> -174.17
A25: Adzjunction | B25: =Adzjunction!F13 -> 10346.55 | C25: =Adzjunction!H13 -> 1349.55 | D25: =Adzjunction!L13 -> 10166.61 | E25: =Adzjunction!M13 -> 10167 | F25: =D25-E25 -> -0.39
A26: Rappier | B26: =Rappier!F13 -> 42343 | C26: =Rappier!H13 -> 5523 | D26: =Rappier!L13 -> 41606.6 | E26: =Rappier!M13 -> 41606 | F26: =D26-E26 -> 0.6
A27: Esperto | B27: =Esperto!F13 -> 30834.95 | C27: =Esperto!H13 -> 4021.95 | D27: =Esperto!L13 -> 30298.69 | E27: =Esperto!M13 -> 30217 | F27: =D27-E27 -> 81.69
A28: Myinsuranceclub | B28: =Myinsuranceclub!F14 -> 25564.5 | C28: =Myinsuranceclub!H14 -> 3334.5 | D28: =Myinsuranceclub!L14 -> 25119.9 | E28: =Myinsuranceclub!M14 -> 10000 | F28: =D28-E28 -> 15119.9
A29: Refearn | B29: =Refearn!F14 -> 21531.45 | C29: =Refearn!H14 -> 2808.45 | D29: =Refearn!L14 -> 21156.99 | E29: =Refearn!M14 -> 21156 | F29: =D29-E29 -> 0.99
A30: Xapads | B30: =Xapads!F18 -> 25932.5 | C30: =Xapads!H18 -> 3382.5 | D30: =Xapads!L18 -> 25481.5 | E30: =Xapads!M18 -> 25481 | F30: =D30-E30 -> 0.5
A31: Sense Digital | B31: ='Sense Digital'!F16 -> 31542.2 | C31: ='Sense Digital'!H16 -> 4114.2 | D31: ='Sense Digital'!L16 -> 30993.64 | E31: ='Sense Digital'!M16 -> 30916 | F31: =D31-E31 -> 77.64
A32: Adhunterz | B32: =Adhunterz!F13 -> 5150.85 | C32: =Adhunterz!H13 -> 671.85 | D32: =Adhunterz!L13 -> 5061.27 | E32: =Adhunterz!M13 -> 5061 | F32: =D32-E32 -> 0.27
A33: Admitad | B33: =Admitad!F23 -> 8692.85 | C33: =Admitad!H23 -> 1133.85 | D33: =Admitad!L23 -> 8541.67 | E33: =Admitad!M2 -> 8542 | F33: =D33-E33 -> -0.33
A34: Value First | B34: ='Value First'!F16 -> 0 | C34: ='Value First'!H16 -> 0 | D34: ='Value First'!L16 -> 0 | E34: ='Value First'!M16 -> 0 | F34: =D34-E34 -> 0
A35: Girnarsoft | F35: =D35-E35 -> 0
A36: HTTPOOL | B36: =HTTPOOL!F15 -> 149429.2 | C36: =HTTPOOL!H15 -> 19377.2 | D36: =HTTPOOL!L15 -> 146828.16 | E36: =HTTPOOL!M15 -> 147350 | F36: =D36-E36 -> -521.84
H50: Total Turnover | I50: =SUM(B49:B69) -> 0
H52: Total Service Tax | I52: =SUM(C49:C69) -> 0
H54: Amt Receivable | I54: =SUM(D49:D69) -> 0
H56: Amt Received | I56: =SUM(E49:E69) -> 0
H58: Amt Pending | I58: =SUM(F49:F69) -> 0

Sheet KOMLI
A1: Inv Date | B1: RO No | C1: Campaigns | D1: Adunit | E1: Invoice number | F1: Final Amount | G1: Invoice amt | H1: ServiceTax | I1: Cam End date | J1: Due date | K1: Less 2% | L1: Amt Receivable | M1: Amount Received | N1: Amt Received Date | O1: Status | P1: Cheque No
A2: HOME | E2: Monthwise | F2: =SUM(F3:F30) -> 2289646.8 | G2: =SUM(G3:G30) -> 1996808 | H2: =SUM(H3:H30) -> 292838.83 | K2: =SUM(K3:K30) -> 39936.16 | L2: =SUM(L3:L30) -> 2249710.7 | M2: =SUM(M3:M30) -> 2249710
A3: 5th Apr 2016 | C3: AUDIENCE | E3: Komli-00186-Dec-2015 | F3: =G3+H3 -> 984508.79 | G3: 859833 | H3: =G3*14.5% -> 124675.78 | K3: =G3*2% -> 17196.66 | L3: =F3-K3 -> 967312.12 | M3: 967312 | N3: 9th May 2016 | O3: CLEAR | P3: NEFT Transfer
A4: 3rd May 2016 | C4: AUDIENCE | E4: Komli-00187-Jan-2016 | F4: =G4+H4 -> 119189.92 | G4: 104096 | H4: =G4*14.5% -> 15093.92 | K4: =G4*2% -> 2081.92 | L4: =F4-K4 -> 117108 | M4: 117108 | N4: 30th June 2016 | O4: CLEAR | P4: NEFT Transfer
A5: 3rd May 2016 | C5: AUDIENCE | E5: Komli-00188-Feb-2016 | F5: =G5+H5 -> 426565.17 | G5: 372546 | H5: =G5*14.5% -> 54019.17 | K5: =G5*2% -> 7450.92 | L5: =F5-K5 -> 419114.25 | M5: 419114 | N5: 30th June 2016 | O5: CLEAR | P5: NEFT Transfer
A6: 27th Jun 2016 | C6: AUDIENCE | E6: Komli-00192-Apr-2016 | F6: =G6+H6 -> 150552.25 | G6: 130915 | H6: =G6*15% -> 19637.25 | K6: =G6*2% -> 2618.3 | L6: =F6-K6 -> 147933.95 | M6: 147934 | N6: 16th March 2017 | O6: CLEAR | P6: NEFT Transfer
E7: Komli-00195-July-2016 | F7: =G7+H7 -> 207984.4 | G7: 180856 | H7: =G7*15% -> 27128.4 | K7: =G7*2% -> 3617.12 | L7: =F7-K7 -> 204367.28 | M7: 204367 | N7: 22nd Feb 2017 | O7: CLEAR | P7: NEFT Transfer
C8: Native-Advertising | E8: Komli-00199-Aug-2016 | F8: =G8+H8 -> 7863.7 | G8: 6838 | H8: =G8*15% -> 1025.7 | K8: =G8*2% -> 136.76 | L8: =F8-K8 -> 7726.94 | M8: 7727 | N8: 22nd Feb 2017 | O8: CLEAR | P8: NEFT Transfer
C9: Native-Advertising | E9: Komli-00200-Sep-2016 | F9: =G9+H9 -> 19057.8 | G9: 16572 | H9: =G9*15% -> 2485.8 | K9: =G9*2% -> 331.44 | L9: =F9-K9 -> 18726.36 | M9: 18726 | N9: 22nd Feb 2017 | O9: CLEAR | P9: NEFT Transfer
C10: Native-Advertising | E10: Komli-00201-Oct-2016 | F10: =G10+H10 -> 71726.65 | G10: 62371 | H10: =G10*15% -> 9355.65 | K10: =G10*2% -> 1247.42 | L10: =F10-K10 -> 70479.23 | M10: 70479 | N10: 22nd Feb 2017 | O10: CLEAR | P10: NEFT Transfer
C11: Native-Advertising | E11: Komli-00202-Nov-2016 | F11: =G11+H11 -> 16181.65 | G11: 14071 | H11: =G11*15% -> 2110.65 | K11: =G11*2% -> 281.42 | L11: =F11-K11 -> 15900.23 | M11: 15900 | N11: 22nd Feb 2017 | O11: CLEAR | P11: NEFT Transfer
C12: Native-Advertising | E12: Komli-00203-Dec-2016 | F12: =G12+H12 -> 113457.85 | G12: 98659 | H12: =G12*15% -> 14798.85 | K12: =G12*2% -> 1973.18 | L12: =F12-K12 -> 111484.67 | M12: 111485 | N12: 22nd Feb 2017 | O12: CLEAR | P12: NEFT Transfer
E13: Komli-00196-April-2016-Pending-Campaigns | F13: =G13+H13 -> 172558.65 | G13: 150051 | H13: =G13*15% -> 22507.65 | K13: =G13*2% -> 3001.02 | L13: =F13-K13 -> 169557.63 | M13: 169558 | N13: 16th March 2017 | O13: CLEAR | P13: NEFT Transfer
F14: =G14+H14 -> 0 | H14: =G14*15% -> 0 | K14: =G14*2% -> 0 | L14: =F14-K14 -> 0
F15: =G15+H15 -> 0 | H15: =G15*15% -> 0 | K15: =G15*2% -> 0 | L15: =F15-K15 -> 0
F16: =G16+H16 -> 0 | H16: =G16*15% -> 0 | K16: =G16*2% -> 0 | L16: =F16-K16 -> 0
F17: =G17+H17 -> 0 | H17: =G17*15% -> 0 | K17: =G17*2% -> 0 | L17: =F17-K17 -> 0
F18: =G18+H18 -> 0 | H18: =G18*15% -> 0 | K18: =G18*2% -> 0 | L18: =F18-K18 -> 0
F19: =G19+H19 -> 0 | H19: =G19*15% -> 0 | K19: =G19*2% -> 0 | L19: =F19-K19 -> 0
F20: =G20+H20 -> 0 | H20: =G20*15% -> 0 | K20: =G20*2% -> 0 | L20: =F20-K20 -> 0
F21: =G21+H21 -> 0 | H21: =G21*15% -> 0 | K21: =G21*2% -> 0 | L21: =F21-K21 -> 0
F22: =G22+H22 -> 0 | H22: =G22*15% -> 0 | K22: =G22*2% -> 0 | L22: =F22-K22 -> 0
F23: =G23+H23 -> 0 | H23: =G23*15% -> 0 | K23: =G23*2% -> 0 | L23: =F23-K23 -> 0
F24: =G24+H24 -> 0 | H24: =G24*15% -> 0 | K24: =G24*2% -> 0 | L24: =F24-K24 -> 0
F25: =G25+H25 -> 0 | H25: =G25*15% -> 0 | K25: =G25*2% -> 0 | L25: =F25-K25 -> 0
... F30: =G30+H30 -> 0 | H30: =G30*15% -> 0 | K30: =G30*2% -> 0 | L30: =F30-K30 -> 0

Sheet Fork Media
A1: Inv Date | B1: RO No | C1: Campaigns | D1: Adunit | E1: Invoice number | F1: Final Amount | G1: Invoice amt | H1: ServiceTax | I1: Cam End date | J1: Due date | K1: Less 2% | L1: Amt Receivable | M1: Amount Received | N1: Amt Received Date | O1: Status | P1: Cheque No | Q1: Remarks
A2: 25th Apr 2016 | E2: Fork Media-024-Feb-2016 | F2: =SUM(G2:H2) -> 1341438.5 | G2: 1171562 | H2: =G2*14.5% -> 169876.49 | K2: =G2*2% -> 23431.24 | L2: =F2-K2 -> 1318007.2 | M2: 1587239 | N2: 22nd Dec 2016 | O2: CLEAR | P2: NEFT-PNB
A3: 23rd Jun 2016 | E3: Fork Media-025-Mar-2016 | F3: =SUM(G3:H3) -> 187283.25 | G3: 162855 | H3: =G3*15% -> 24428.25 | K3: =G3*2% -> 3257.1 | L3: =F3-K3 -> 184026.15 | O3: CLEAR | P3: NEFT-PNB
A4: 23rd Jun 2016 | E4: Fork Media-026-Apr-2016 | F4: =SUM(G4:H4) -> 86715.75 | G4: 75405 | H4: =G4*15% -> 11310.75 | K4: =G4*2% -> 1508.1 | L4: =F4-K4 -> 85207.65 | O4: CLEAR | P4: NEFT-PNB
A5: 4th Jan 2017 | E5: Fork Media-027-May-2016 | F5: =SUM(G5:H5) -> 97444.1 | G5: 84734 | H5: =G5*15% -> 12710.1 | K5: =G5*2% -> 1694.68 | L5: =F5-K5 -> 95749.42 | M5: 95750 | N5: 27th March 2017 | O5: CLEAR | P5: NEFT-PNB
A6: 4th Jan 2017 | E6: Fork Media-028-June-2016 | F6: =SUM(G6:H6) -> 23143.75 | G6: 20125 | H6: =G6*15% -> 3018.75 | K6: =G6*2% -> 402.5 | L6: =F6-K6 -> 22741.25 | M6: 22742 | N6: 10th Apr 2017 | O6: CLEAR | P6: NEFT-PNB
A7: 4th Jan 2017 | E7: Fork Media-029-July-2016 | F7: =SUM(G7:H7) -> 21187.6 | G7: 18424 | H7: =G7*15% -> 2763.6 | K7: =G7*2% -> 368.48 | L7: =F7-K7 -> 20819.12 | M7: 20819 | N7: 10th Apr 2017 | O7: CLEAR | P7: NEFT-PNB
A8: 4th Jan 2017 | E8: Fork Media-030-Aug-2016 | F8: =SUM(G8:H8) -> 552 | G8: 480 | H8: =G8*15% -> 72 | K8: =G8*2% -> 9.6 | L8: =F8-K8 -> 542.4 | M8: 541 | N8: 10th Apr 2017 | O8: CLEAR | P8: NEFT-PNB
A9: 4th Jan 2017 | E9: Fork Media-031-Sep-2016 | F9: =SUM(G9:H9) -> 14455.5 | G9: 12570 | H9: =G9*15% -> 1885.5 | K9: =G9*2% -> 251.4 | L9: =F9-K9 -> 14204.1 | M9: 14205 | N9: 10th Apr 2017 | O9: CLEAR | P9: NEFT-PNB
A10: 4th Jan 2017 | E10: Fork Media-032-Oct-2016 | F10: =SUM(G10:H10) -> 36409 | G10: 31660 | H10: =G10*15% -> 4749 | K10: =G10*2% -> 633.2 | L10: =F10-K10 -> 35775.8 | M10: 35775 | N10: 10th Apr 2017 | O10: CLEAR | P10: NEFT-PNB
A11: 4th Jan 2017 | E11: Fork Media-033-Nov-2016 | F11: =SUM(G11:H11) -> 14628 | G11: 12720 | H11: =G11*15% -> 1908 | K11: =G11*2% -> 254.4 | L11: =F11-K11 -> 14373.6 | M11: 5918 | N11: 10th Apr 2017 | O11: CLEAR | P11: NEFT-PNB
A12: 13th Jan 2017 | C12: Master-Card-Uber | D12: CPC | E12: Fork Media-034-Dec-2016 | F12: =SUM(G12:H12) -> 115000 | G12: 100000 | H12: =G12*15% -> 15000 | K12: =G12*2% -> 2000 | L12: =F12-K12 -> 113000 | M12: 121456 | N12: 17th May 2017 | O12: CLEAR | P12: NEFT-PNB
A13: 13th Jan 2017 | C13: Firstpost-Desktop-Mobile | D13: CPV | E13: Fork Media-035-Dec-2016 | F13: =SUM(G13:H13) -> 56307.45 | G13: 48963 | H13: =G13*15% -> 7344.45 | K13: =G13*2% -> 979.26 | L13: =F13-K13 -> 55328.19 | M13: 55329 | N13: 28th June 2017 | O13: CLEAR | P13: NEFT-PNB
A14: 13th Jan 2017 | C14: India-Today | D14: CPV | E14: Fork Media-036-Dec-2016 | F14: =SUM(G14:H14) -> 66166.4 | G14: 57536 | H14: =G14*15% -> 8630.4 | K14: =G14*2% -> 1150.72 | L14: =F14-K14 -> 65015.68 | M14: 65016 | N14: 28th June 2017 | O14: CLEAR | P14: NEFT-PNB
A15: 6th Feb 2017 | C15: IDFC | D15: CPV | E15: Fork Media-037-Dec-2016 | F15: =SUM(G15:H15) -> 144541.2 | G15: 125688 | H15: =G15*15% -> 18853.2 | K15: =G15*2% -> 2513.76 | L15: =F15-K15 -> 142027.44 | M15: 142026 | N15: 21st July 2017 | O15: CLEAR | P15: NEFT-PNB
A16: 6th Feb 2017 | C16: Firstpost | D16: CPV | E16: Fork Media-038-Jan-2017 | F16: =SUM(G16:H16) -> 202930.15 | G16: 176461 | H16: =G16*15% -> 26469.15 | K16: =G16*2% -> 3529.22 | L16: =F16-K16 -> 199400.93 | M16: 199401 | N16: 21st July 2017 | O16: CLEAR | P16: NEFT-PNB
F17: =SUM(G17:H17) -> 0 | H17: =G17*15% -> 0 | K17: =G17*2% -> 0 | L17: =F17-K17 -> 0
F18: =SUM(G18:H18) -> 0 | H18: =G18*15% -> 0 | K18: =G18*2% -> 0 | L18: =F18-K18 -> 0
F19: =SUM(G19:H19) -> 0 | H19: =G19*15% -> 0 | K19: =G19*2% -> 0 | L19: =F19-K19 -> 0
F20: =SUM(G20:H20) -> 0 | H20: =G20*15% -> 0 | K20: =G20*2% -> 0 | L20: =F20-K20 -> 0
F21: =SUM(G21:H21) -> 0 | H21: =G21*15% -> 0 | K21: =G21*2% -> 0 | L21: =F21-K21 -> 0
E23: HOME | F23: =SUM(F2:F21) -> 2408202.6 | G23: =SUM(G2:G21) -> 2099183 | H23: =SUM(H2:H21) -> 309019.64 | K23: =SUM(K2:K21) -> 41983.66 | L23: =SUM(L2:L21) -> 2366219 | M23: =SUM(M2:M21) -> 2366217
E24: Monthwise | P24: =L11-M11 -> 8455.6
J25: =F6*2% -> 462.875 | M25: 301945 | N25: 79655 | P25: =F27-N25 -> 2726738.6
F26: 398191 | J26: =F7*2% -> 423.752 | N26: 62371
F27: =SUM(F23:F26) -> 2806393.6 | J27: =F8*2% -> 11.04
J28: =F9*2% -> 289.11 | M28: =L23-M23 -> 1.98
J29: =F10*2% -> 728.18 | M29: 5633299.3
J30: =F11*2% -> 292.56 | M30: =M29-M25 -> 5331354.3

Sheet Adomantra
A1: Inv Date | B1: RO No | C1: Campaigns | D1: Adunit | E1: Invoice number | F1: Final Amount | G1: Invoice amt | H1: ServiceTax | I1: Cam End date | J1: Due date | K1: Less 2% | L1: Amt Receivable | M1: Amount Received | N1: Amt Received Date | O1: Status | P1: Cheque No
A2: HOME | B2: Monthwise | F2: =SUM(F3:F132) -> 8646621.5 | G2: =SUM(G3:G132) -> 7520176.6 | H2: =SUM(H3:H132) -> 1126444.9 | K2: =SUM(K3:K132) -> 150872.49 | L2: =SUM(L3:L132) -> 8496218 | M2: =SUM(M3:M132) -> 8499150
A3: 14th Apr 2016 | B3: Ado/16-008 | C3: WELSPUN | D3: CPM | E3: Adomantra-117 | F3: =SUM(G3:H3) -> 44082.5 | G3: 38500 | H3: =G3*14.5% -> 5582.5 | I3: 42474 | J3: =I3+90 -> 42564 | K3: =G3*2% -> 770 | L3: =F3-K3 -> 43312.5 | M3: 43313 | O3: CLEAR | P3: 532821
A4: 27th May 2016 | B4: Ado/16‐023 | C4: ASIAN PAINTS‐TRAVEL | D4: CPM | E4: Adomantra-0118 | F4: =SUM(G4:H4) -> 94897.6 | G4: 82880 | H4: =G4*14.5% -> 12017.6 | I4: 42517 | J4: =I4+90 -> 42607 | K4: =G4*2% -> 1657.6 | L4: =F4-K4 -> 93240 | M4: 93240 | O4: CLEAR | P4: 532835
A5: 27th May 2016 | B5: Ado/16‐021 | C5: ASIAN PAINTS –ECOMMERCE | D5: CPM | E5: Adomantra-0119 | F5: =SUM(G5:H5) -> 95264 | G5: 83200 | H5: =G5*14.5% -> 12064 | I5: 42517 | J5: =I5+90 -> 42607 | K5: =G5*2% -> 1664 | L5: =F5-K5 -> 93600 | M5: 93600 | O5: CLEAR | P5: 532835
A6: 26th May 2016 | B6: Ado/16‐029 | C6: OLA PR | D6: CPM | E6: Adomantra-0120 | F6: =SUM(G6:H6) -> 16316.25 | G6: 14250 | H6: =G6*14.5% -> 2066.25 | I6: 42516 | J6: =I6+90 -> 42606 | K6: =G6*2% -> 285 | L6: =F6-K6 -> 16031.25 | M6: 16031 | O6: CLEAR | P6: 532844
A7: 31st May 2016 | B7: Ado/16‐030 | C7: Emirates-Economy-Class | D7: CPM | E7: Adomantra-0121 | F7: =SUM(G7:H7) -> 54984.045 | G7: 48021 | H7: =G7*14.5% -> 6963.045 | I7: 42521 | J7: =I7+90 -> 42611 | K7: =G7*2% -> 960.42 | L7: =F7-K7 -> 54023.625 | M7: 54024 | O7: CLEAR | P7: 354242
A8: 31st May 2016 | B8: Ado/16‐031 | C8: VW TACTICAL | D8: CPC | E8: Adomantra-0122 | F8: =SUM(G8:H8) -> 39460.135 | G8: 34463 | H8: =G8*14.5% -> 4997.135 | I8: 42521 | J8: =I8+90 -> 42611 | K8: =G8*2% -> 689.26 | L8: =F8-K8 -> 38770.875 | M8: 38771 | O8: CLEAR | P8: 532844
A9: 31st May 2016 | B9: Ado/16‐027 | C9: SD-CORPORATION | D9: CPL | E9: Adomantra-0123 | F9: =SUM(G9:H9) -> 17175 | G9: 15000 | H9: =G9*14.5% -> 2175 | I9: 42521 | J9: =I9+90 -> 42611 | K9: =G9*2% -> 300 | L9: =F9-K9 -> 16875 | M9: 16875 | O9: CLEAR | P9: 532873
A10: 30th Jun 2016 | B10: Ado/16‐059 | C10: Apcolite | D10: CPM | E10: Adomantra-0124 | F10: =SUM(G10:H10) -> 4600 | G10: =50000/1000*80 -> 4000 | H10: =G10*15% -> 600 | I10: 42551 | J10: =I10+90 -> 42641 | K10: =G10*2% -> 80 | L10: =F10-K10 -> 4520 | M10: 4520 | O10: CLEAR | P10: 532844
A11: 30th Jun 2016 | B11: Ado/16‐031 | C11: VW TACTICAL | D11: CPC | E11: Adomantra-0125 | F11: =SUM(G11:H11) -> 50312.5 | G11: =17500*2.5 -> 43750 | H11: =G11*15% -> 6562.5 | I11: 42551 | J11: =I11+90 -> 42641 | K11: =G11*2% -> 875 | L11: =F11-K11 -> 49437.5 | M11: 49438 | O11: CLEAR | P11: 532844
A12: 30th Jun 2016 | B12: Ado/16‐030 | C12: Emirates-Economy-Class | D12: CPM | E12: Adomantra-0126 | F12: =SUM(G12:H12) -> 82775.85 | G12: =719790/1000*100 -> 71979 | H12: =G12*15% -> 10796.85 | I12: 42551 | J12: =I12+90 -> 42641 | K12: =G12*2% -> 1439.58 | L12: =F12-K12 -> 81336.27 | M12: 81336 | O12: CLEAR | P12: 354242
A13: 8th July 2016 | B13: Ado/16‐061 | C13: SONY BRAVIA | D13: CPV | E13: Adomantra-0127 | F13: =SUM(G13:H13) -> 69000 | G13: =20000*3 -> 60000 | H13: =G13*15% -> 9000 | I13: 42559 | J13: =I13+90 -> 42649 | K13: =G13*2% -> 1200 | L13: =F13-K13 -> 67800 | M13: 67800 | O13: CLEAR | P13: 532844
A14: 20th Jul 2016 | B14: Ado/16‐063 | C14: Asian Paints Royale | D14: CPM | E14: Adomantra-0128 | F14: =SUM(G14:H14) -> 60375 | G14: =700000/1000*75 -> 52500 | H14: =G14*15% -> 7875 | I14: 42571 | J14: =I14+90 -> 42661 | K14: =G14*2% -> 1050 | L14: =F14-K14 -> 59325 | M14: 59325 | O14: CLEAR | P14: 532858
A15: 30th July 2016 | B15: Ado/16‐058 | C15: Emirates | D15: CPM | E15: Adomantra-0129 | F15: =SUM(G15:H15) -> 20700 | G15: =150000/1000*120 -> 18000 | H15: =G15*15% -> 2700 | I15: 42581 | J15: =I15+90 -> 42671 | K15: =G15*2% -> 360 | L15: =F15-K15 -> 20340 | M15: 20340 | O15: CLEAR | P15: 354242
A16: 29th Jun 2016 | B16: Ado/16‐054 | C16: Kotak | D16: CPV | E16: Adomantra-0130 | F16: =SUM(G16:H16) -> 8050 | G16: =2000*3.5 -> 7000 | H16: =G16*15% -> 1050 | I16: 42550 | J16: =I16+90 -> 42640 | K16: =G16*2% -> 140 | L16: =F16-K16 -> 7910 | M16: 7910 | O16: CLEAR | P16: 354242
A17: 26th Aug 2016 | B17: - | C17: OTNT + PGB - USA | D17: CPM | E17: Adomantra-0131 | F17: =SUM(G17:H17) -> 13912.7 | G17: 12098 | H17: =G17*15% -> 1814.7 | K17: =G17*2% -> 241.96 | L17: =F17-K17 -> 13670.74 | M17: 13671 | O17: CLEAR | P17: 354303
A18: 31st Aug 2016 | B18: Ado/16‐079 | C18: Capgemini | D18: CPC | E18: Adomantra-0132 | F18: =SUM(G18:H18) -> 28750 | G18: =10000*2.5 -> 25000 | H18: =G18*15% -> 3750 | I18: 42613 | J18: =I18+90 -> 42703 | K18: =G18*2% -> 500 | L18: =F18-K18 -> 28250 | M18: 28250 | O18: CLEAR | P18: 354255
A19: 31st Aug 2016 | B19: Ado/16‐069 | C19: Philips STA | D19: CPM | E19: Adomantra-0133 | F19: =SUM(G19:H19) -> 80305.236 | G19: =775896/1000*90 -> 69830.64 | H19: =G19*15% -> 10474.596 | I19: 42613 | J19: =I19+90 -> 42703 | K19: =G19*2% -> 1396.6128 | L19: =F19-K19 -> 78908.623 | M19: 78909 | O19: CLEAR | P19: 532873
A20: 22nd Sep 2016 | B20: Ado/16‐086 | C20: Vwash | D20: CPM | E20: Adomantra-0134 | F20: =SUM(G20:H20) -> 31050 | G20: =300000/1000*90 -> 27000 | H20: =G20*15% -> 4050 | I20: 42635 | J20: =I20+90 -> 42725 | K20: =G20*2% -> 540 | L20: =F20-K20 -> 30510 | M20: 30510 | O20: CLEAR | P20: 354242
A21: 30th Sep 2016 | B21: Ado/16‐092 | C21: Asian Paints Smartcare | D21: CPD | E21: Adomantra-0135 | F21: =SUM(G21:H21) -> 477566.25 | G21: =27685*15 -> 415275 | H21: =G21*15% -> 62291.25 | I21: 42643 | J21: =I21+90 -> 42733 | K21: =G21*2% -> 8305.5 | L21: =F21-K21 -> 469260.75 | M21: 469261 | O21: CLEAR | P21: 532873
A22: 30th Sep 2016 | B22: Ado/16‐079 | C22: Capgemini | D22: CPC | E22: Adomantra-0136 | F22: =SUM(G22:H22) -> 46623.875 | G22: =16217*2.5 -> 40542.5 | H22: =G22*15% -> 6081.375 | I22: 42643 | J22: =I22+90 -> 42733 | K22: =G22*2% -> 810.85 | L22: =F22-K22 -> 45813.025 | M22: 45813 | O22: CLEAR | P22: 354255
A23: 30th Sep 2016 | B23: Ado/16‐069 | C23: Philips STA | D23: CPM | E23: Adomantra-0137 | F23: =SUM(G23:H23) -> 26367.971 | G23: =254763/1000*90 -> 22928.67 | H23: =G23*15% -> 3439.3005 | I23: 42643 | J23: =I23+90 -> 42733 | K23: =G23*2% -> 458.5734 | L23: =F23-K23 -> 25909.397 | M23: 25909 | O23: CLEAR | P23: 354242
A24: 30th Sep 2016 | B24: Ado/16-091 | C24: Vodafone | D24: CPM | E24: Adomantra-0138 | F24: =SUM(G24:H24) -> 27580.887 | G24: =266482/1000*90 -> 23983.38 | H24: =G24*15% -> 3597.507 | I24: 42643 | J24: =I24+90 -> 42733 | K24: =G24*2% -> 479.6676 | L24: =F24-K24 -> 27101.219 | M24: 27101 | O24: CLEAR | P24: 354255
A25: 30th Sep 2016 | B25: Ado/16-094 | C25: Emirates | D25: CPM | E25: Adomantra-0139 | F25: =SUM(G25:H25) -> 21871.93 | G25: =211323/1000*90 -> 19019.07 | H25: =G25*15% -> 2852.8605 | I25: 42643 | J25: =I25+90 -> 42733 | K25: =G25*2% -> 380.3814 | L25: =F25-K25 -> 21491.549 | M25: 21492 | O25: CLEAR | P25: 354255
A26: 20th Oct 2016 | B26: Ado/16‐098 | C26: Maruti Brezza | D26: CPV | E26: Adomantra-0140 | F26: =SUM(G26:H26) -> 138000 | G26: =40000*3 -> 120000 | H26: =G26*15% -> 18000 | I26: 42653 | J26: =I26+90 -> 42743 | K26: =G26*2% -> 2400 | L26: =F26-K26 -> 135600 | M26: 135600 | O26: CLEAR | P26: 354242
A27: 26th Oct 2016 | B27: Ado/16‐106 | C27: Capital Float | D27: CPV | E27: Adomantra-0141 | F27: =SUM(G27:H27) -> 41400 | G27: =12000*3 -> 36000 | H27: =G27*15% -> 5400 | I27: 42664 | J27: =I27+90 -> 42754 | K27: =G27*2% -> 720 | L27: =F27-K27 -> 40680 | M27: 40680 | O27: CLEAR | P27: 354255
A28: 26th Oct 2016 | B28: Ado/16‐091 | C28: Vodafone | D28: CPM | E28: Adomantra-0142 | F28: =SUM(G28:H28) -> 267394.11 | G28: =2583518/1000*90 -> 232516.62 | H28: =G28*15% -> 34877.493 | I28: 42657 | J28: =I28+90 -> 42747 | K28: =G28*2% -> 4650.3324 | L28: =F28-K28 -> 262743.78 | M28: 262744 | O28: CLEAR | P28: 354262
A29: 4th Nov 2016 | B29: Ado/16‐069 | C29: Philips STA | D29: CPM | E29: Adomantra-0143 | F29: =SUM(G29:H29) -> 27876.794 | G29: =269341/1000*90 -> 24240.69 | H29: =G29*15% -> 3636.1035 | I29: 42669 | J29: =I29+90 -> 42759 | K29: =G29*2% -> 484.8138 | L29: =F29-K29 -> 27391.98 | M29: 27392 | O29: CLEAR | P29: 354255
A30: 4th Nov 2016 | B30: Ado/16‐108 | C30: VW Testimonial | D30: CPM | E30: Adomantra-0144 | F30: =SUM(G30:H30) -> 62100 | G30: =450000/1000*120 -> 54000 | H30: =G30*15% -> 8100 | I30: 42673 | J30: =I30+90 -> 42763 | K30: =G30*2% -> 1080 | L30: =F30-K30 -> 61020 | M30: 61020 | O30: CLEAR | P30: 354255
A31: 4th Nov 2016 | B31: Ado/16‐079 | C31: Capgemini | D31: CPC | E31: Adomantra-0145 | F31: =SUM(G31:H31) -> 40163.75 | G31: =13970*2.5 -> 34925 | H31: =G31*15% -> 5238.75 | I31: 42673 | J31: =I31+90 -> 42763 | K31: =G31*2% -> 698.5 | L31: =F31-K31 -> 39465.25 | M31: 39465 | O31: CLEAR | P31: 354255
A32: 29th Nov 2016 | B32: Ado/16‐104 | C32: Asian Paints Epoxy‐TN | D32: CPV | E32: Adomantra-0146 | F32: =SUM(G32:H32) -> 11040 | G32: 9600 | H32: =G32*15% -> 1440 | I32: 42677 | J32: =I32+90 -> 42767 | K32: =G32*2% -> 192 | L32: =F32-K32 -> 10848 | M32: 10848 | O32: CLEAR | P32: 354255
A33: 29th Nov 2016 | B33: Ado/16‐079 | C33: Capgemini | D33: CPC | E33: Adomantra-0147 | F33: =SUM(G33:H33) -> 17054.5 | G33: 14830 | H33: =G33*15% -> 2224.5 | I33: 42698 | J33: =I33+90 -> 42788 | K33: =G33*2% -> 296.6 | L33: =F33-K33 -> 16757.9 | M33: 16758 | O33: CLEAR | P33: 354242
A34: 29th Nov 2016 | B34: Ado/16‐094 | C34: Emirates | D34: CPM | E34: Adomantra-0148 | F34: =SUM(G34:H34) -> 81628.15 | G34: 70981 | H34: =G34*15% -> 10647.15 | I34: 42694 | J34: =I34+90 -> 42784 | K34: =G34*2% -> 1419.62 | L34: =F34-K34 -> 80208.53 | M34: 80209 | O34: CLEAR | P34: 354255
A35: 30th Nov 2016 | B35: Ado/16‐112 | C35: Maruti Dzire | D35: CPV | E35: Adomantra-0149 | F35: =SUM(G35:H35) -> 58598.25 | G35: 50955 | H35: =G35*15% -> 7643.25 | I35: 42704 | J35: =I35+90 -> 42794 | K35: =G35*2% -> 1019.1 | L35: =F35-K35 -> 57579.15 | M35: 57579 | O35: CLEAR | P35: 354255
A36: 30th Nov 2016 | B36: Ado/16‐111 | C36: Emirates FB Class | D36: CPM | E36: Adomantra-0150 | F36: =SUM(G36:H36) -> 14269.2 | G36: 12408 | H36: =G36*15% -> 1861.2 | I36: 42704 | J36: =I36+90 -> 42794 | K36: =G36*2% -> 248.16 | L36: =F36-K36 -> 14021.04 | M36: 14021 | O36: CLEAR | P36: 354255
A37: 30th Nov 2016 | B37: Ado/16‐113 | C37: Apcolite Epoxy ‐ AP | D37: CPV | E37: Adomantra-0151 | F37: =SUM(G37:H37) -> 34396.5 | G37: 29910 | H37: =G37*15% -> 4486.5 | I37: 42704 | J37: =I37+90 -> 42794 | K37: =G37*2% -> 598.2 | L37: =F37-K37 -> 33798.3 | M37: 33798 | O37: CLEAR | P37: 354255
A38: 14th Dec 2016 | B38: Ado/16‐120 | C38: Apcolite Epoxy ‐ Chennai | D38: CPV | E38: Adomantra-0152 | F38: =SUM(G38:H38) -> 123625 | G38: 107500 | H38: =G38*15% -> 16125 | I38: 42711 | J38: =I38+90 -> 42801 | K38: =G38*2% -> 2150 | L38: =F38-K38 -> 121475 | M38: 121475 | O38: CLEAR | P38: 354262
A39: 14th Dec 2016 | B39: Ado/16‐113 | C39: Apcolite Epoxy ‐ AP | D39: CPV | E39: Adomantra-0153 | F39: =SUM(G39:H39) -> 41824.35 | G39: 36369 | H39: =G39*15% -> 5455.35 | I39: 42714 | J39: =I39+90 -> 42804 | K39: =G39*2% -> 727.38 | L39: =F39-K39 -> 41096.97 | M39: 41097 | O39: CLEAR | P39: 354262
A40: 17th Dec 2016 | B40: Ado/16‐112 | C40: Maruti-Dzire | D40: CPV | E40: Adomantra-0154 | F40: =SUM(G40:H40) -> 27651.75 | G40: 24045 | H40: =G40*15% -> 3606.75 | I40: 43086 | J40: =I40+90 -> 43176 | K40: =G40*2% -> 480.9 | L40: =F40-K40 -> 27170.85 | M40: 27171 | O40: CLEAR | P40: 354262
A41: 30th Dec 2016 | B41: Ado/16‐123 | C41: Lenovo | D41: CPO | E41: Adomantra-0155 | F41: =SUM(G41:H41) -> 86250 | G41: 75000 | H41: =G41*15% -> 11250 | I41: 43099 | J41: =I41+90 -> 43189 | K41: =G41*2% -> 1500 | L41: =F41-K41 -> 84750 | M41: 84750 | O41: CLEAR | P41: 354274
A42: 30th Dec 2016 | B42: Ado/16‐130 | C42: Asian Paints Site Promotion | D42: CPV | E42: Adomantra-0156 | F42: =SUM(G42:H42) -> 431250 | G42: 375000 | H42: =G42*15% -> 56250 | I42: 43099 | J42: =I42+90 -> 43189 | K42: =G42*2% -> 7500 | L42: =F42-K42 -> 423750 | M42: 423750 | O42: CLEAR | P42: 354274
A43: 30th Dec 2016 | B43: Ado/16‐127 | C43: Infocus | D43: CPC | E43: Adomantra-0157 | F43: =SUM(G43:H43) -> 19941 | G43: 17340 | H43: =G43*15% -> 2601 | I43: 43099 | J43: =I43+90 -> 43189 | K43: =G43*2% -> 346.8 | L43: =F43-K43 -> 19594.2 | M43: 19594 | O43: CLEAR | P43: 354274
... A87: 30th Mar 2017 | B87: Ado/17-195 | C87: Lenovo | D87: CPO | E87: Adomantra-0201 | F87: =SUM(G87:H87) -> 69000 | G87: 60000 | H87: =G87*15% -> 9000 | I87: 42824 | J87: =I87+90 -> 42914 | K87: =G87*2% -> 1200 | L87: =F87-K87 -> 67800 | M87: 67800 | O87: CLEAR | P87: 354316
J89: =F44*2% -> 539.304 | K89: =G44*2% -> 468.96

Sheet iCubes
A1: Inv Date | B1: RO No | C1: Campaigns | D1: Adunit | E1: Invoice number | F1: Final Amount | G1: Invoice amt | H1: ServiceTax | I1: Cam End date | J1: Due date | K1: Less 2% | L1: Amt Receivable | M1: Amount Received | N1: Amt Received Date | O1: Status | P1: Cheque No
A2: 12th Apr 2016 | D2: CPL | E2: iCubeswire-015-Jan-2016 | F2: =G2+H2 -> 85296.775 | G2: 74495 | H2: =G2*14.5% -> 10801.775 | K2: =G2*2% -> 1489.9 | L2: =F2-K2 -> 83806.875 | M2: 83807 | N2: 19th April 2016 | O2: CLEAR | P2: NEFT-PNB
A3: 15th Apr 2016 | D3: Branding | E3: iCubeswire-016-Feb-2016 | F3: =G3+H3 -> 4024.675 | G3: 3515 | H3: =G3*14.5% -> 509.675 | K3: =G3*2% -> 70.3 | L3: =F3-K3 -> 3954.375 | M3: 3954 | N3: 20th April 2016 | O3: CLEAR | P3: NEFT-PNB
A4: 3rd May 2016 | D4: CPL | E4: iCubeswire-017-Feb-2016 | F4: =G4+H4 -> 91628.625 | G4: 80025 | H4: =G4*14.5% -> 11603.625 | K4: =G4*2% -> 1600.5 | L4: =F4-K4 -> 90028.125 | M4: 90028 | N4: 7th May 2016 | O4: CLEAR | P4: NEFT-PNB
A5: 3rd May 2016 | D5: Branding | E5: iCubeswire-018-Mar-2016 | F5: =G5+H5 -> 413608.35 | G5: 361230 | H5: =G5*14.5% -> 52378.35 | K5: =G5*2% -> 7224.6 | L5: =F5-K5 -> 406383.75 | M5: 406383 | N5: 21st May 2016 | O5: CLEAR | P5: NEFT-PNB
A6: 31st May 2016 | D6: CPL | E6: iCubeswire-019-Mar-2016 | F6: =G6+H6 -> 8123.775 | G6: 7095 | H6: =G6*14.5% -> 1028.775 | K6: =G6*2% -> 141.9 | L6: =F6-K6 -> 7981.875 | M6: 7982 | N6: 15th June 2016 | O6: CLEAR | P6: NEFT-PNB
A7: 31st May 2016 | D7: Branding | E7: iCubeswire-020-Apr-2016 | F7: =G7+H7 -> 266812.48 | G7: 233024 | H7: =G7*14.5% -> 33788.48 | K7: =G7*2% -> 4660.48 | L7: =F7-K7 -> 262152 | M7: 262151 | N7: 23rd June 2016 | O7: CLEAR | P7: NEFT-PNB
A8: 4th Aug 2016 | D8: Branding | E8: iCubeswire-021-May-2016 | F8: =G8+H8 -> 233289 | G8: 202860 | H8: =G8*15% -> 30429 | K8: =G8*2% -> 4057.2 | L8: =F8-K8 -> 229231.8 | M8: 229232 | N8: 5th Aug 2016 | O8: CLEAR | P8: NEFT-PNB
A9: 24th Aug 2016 | D9: Branding | E9: iCubeswire-022-June-2016 | F9: =G9+H9 -> 313302.55 | G9: 272437 | H9: =G9*15% -> 40865.55 | K9: =G9*2% -> 5448.74 | L9: =F9-K9 -> 307853.81 | M9: 307853 | N9: 4th Oct 2016 | O9: CLEAR | P9: NEFT-PNB
A10: 23rd Sep 2016 | D10: Branding | E10: iCubeswire-023-July-2016 | F10: =G10+H10 -> 110900.25 | G10: 96435 | H10: =G10*15% -> 14465.25 | K10: =G10*2% -> 1928.7 | L10: =F10-K10 -> 108971.55 | M10: 108972 | N10: 10th Oct 2016 | O10: CLEAR | P10: NEFT-PNB
A11: 4th Nov 2016 | D11: Branding | E11: iCubeswire-024-Aug-2016 | F11: =G11+H11 -> 329517.55 | G11: 286537 | H11: =G11*15% -> 42980.55 | K11: =G11*2% -> 5730.74 | L11: =F11-K11 -> 323786.81 | M11: 323787 | N11: 7th Nov 2016 | O11: CLEAR | P11: NEFT-PNB
A12: 30th Nov 2016 | D12: Branding | E12: iCubeswire-025-Sep-2016 | F12: =G12+H12 -> 227213.55 | G12: 197577 | H12: =G12*15% -> 29636.55 | K12: =G12*2% -> 3951.54 | L12: =F12-K12 -> 223262.01 | M12: 223262 | N12: 5th Dec 2016 | O12: CLEAR | P12: NEFT-PNB
A13: 2nd Jan 2017 | D13: Branding | E13: iCubeswire-026-Oct-2016 | F13: =G13+H13 -> 368018.4 | G13: 320016 | H13: =G13*15% -> 48002.4 | K13: =G13*2% -> 6400.32 | L13: =F13-K13 -> 361618.08 | M13: 361619 | N13: 4th Jan 2017 | O13: CLEAR | P13: NEFT-PNB
A14: 2nd Feb 2017 | D14: Branding | E14: iCubeswire-027-Nov-2016 | F14: =G14+H14 -> 265346.4 | G14: 230736 | H14: =G14*15% -> 34610.4 | K14: =G14*2% -> 4614.72 | L14: =F14-K14 -> 260731.68 | M14: 260732 | N14: 9th Feb 2017 | O14: CLEAR | P14: NEFT-PNB
A15: 1st Mar 2017 | D15: Branding | E15: iCubeswire-028-Dec-2016 | F15: =G15+H15 -> 200509.4 | G15: 174356 | H15: =G15*15% -> 26153.4 | K15: =G15*2% -> 3487.12 | L15: =F15-K15 -> 197022.28 | M15: 197021 | N15: 4th March 2017 | O15: CLEAR | P15: NEFT-PNB
F16: =G16+H16 -> 0 | H16: =G16*15% -> 0 | K16: =G16*2% -> 0 | L16: =F16-K16 -> 0
F17: =G17+H17 -> 0 | H17: =G17*15% -> 0 | K17: =G17*2% -> 0 | L17: =F17-K17 -> 0
F18: =G18+H18 -> 0 | H18: =G18*15% -> 0 | K18: =G18*2% -> 0 | L18: =F18-K18 -> 0
E20: HOME | F20: =SUM(F2:F18) -> 2917591.8 | G20: =SUM(G2:G18) -> 2540338 | H20: =SUM(H2:H18) -> 377253.78 | K20: =SUM(K2:K18) -> 50806.76 | L20: =SUM(L2:L18) -> 2866785 | M20: =SUM(M2:M18) -> 2866783
E21: Monthwise
M24: =L9-M9 -> 0.81 | N24: 390000
M25: =G9*10% -> 27243.7 | N25: 16383
M26: =F9-M25 -> 286058.85

Sheet Media-Conversion
A1: Inv Date | B1: RO No | C1: Campaigns | D1: Adunit | E1: Invoice number | F1: Final Amount | G1: Invoice amt | H1: ServiceTax | I1: Cam End date | J1: Due date | K1: Less 2% | L1: Amt Receivable | M1: Amount Received | N1: Amt Received Date | O1: Status | P1: Cheque No
A2: 1st Apr 2016 | C2: Cisco | D2: CPM | E2: MediaConversion-017-Dec-2015 | F2: =SUM(G2:H2) -> 174326.25 | G2: =1450000/1000*105 -> 152250 | H2: =G2*14.5% -> 22076.25 | K2: =G2*2% -> 3045 | L2: =F2-K2 -> 171281.25 | M2: 171281 | N2: 25th Apr 2016 | O2: CLEAR | P2: NEFT Transfer
A3: 30th Apr 2016 | C3: Tomorrow Makers | D3: CPV | E3: MediaConversion-018-Apr-2016 | F3: =SUM(G3:H3) -> 109920 | G3: 96000 | H3: =G3*14.5% -> 13920 | I3: 42490 | J3: =I3+60 -> 42550 | K3: =G3*2% -> 1920 | L3: =F3-K3 -> 108000 | M3: 108000 | N3: 14th Sep 2016 | O3: CLEAR | P3: NEFT Transfer
A4: 29th May 2016 | C4: Tomorrow Makers | D4: CPV | E4: MediaConversion-019-May-2016 | F4: =SUM(G4:H4) -> 42937.5 | G4: 37500 | H4: =G4*14.5% -> 5437.5 | I4: 42519 | J4: =I4+60 -> 42579 | K4: =G4*2% -> 750 | L4: =F4-K4 -> 42187.5 | M4: 42188 | N4: 30th Dec 2016 | O4: CLEAR | P4: NEFT Transfer
A5: 31st May 2016 | C5: Droom | D5: CPM | E5: MediaConversion-020-May-2016 | F5: =SUM(G5:H5) -> 51525 | G5: 45000 | H5: =G5*14.5% -> 6525 | I5: 42521 | J5: =I5+60 -> 42581 | K5: =G5*2% -> 900 | L5: =F5-K5 -> 50625 | M5: 50625 | N5: 30th Dec 2016 | O5: CLEAR | P5: NEFT Transfer
A6: 7th Jun 2016 | C6: Honda | D6: CPM | E6: MediaConversion-021-May-2016 | F6: =SUM(G6:H6) -> 51750 | G6: 45000 | H6: =G6*15% -> 6750 | I6: 42528 | J6: =I6+60 -> 42588 | K6: =G6*2% -> 900 | L6: =F6-K6 -> 50850 | M6: 50850 | N6: 14th Sep 2016 | O6: CLEAR | P6: NEFT Transfer
A7: 23rd June 2016 | C7: Ford | D7: CPM | E7: MediaConversion-022-Jan-2016 | F7: =SUM(G7:H7) -> 215050 | G7: 187000 | H7: =G7*15% -> 28050 | I7: 42544 | J7: Immediate | K7: =G7*2% -> 3740 | L7: =F7-K7 -> 211310 | M7: 211310 | N7: 24th Oct 2016 | O7: CLEAR | P7: NEFT Transfer
A8: 23rd June 2016 | C8: Ford | D8: CPM | E8: MediaConversion-023-Feb-2016 | F8: =SUM(G8:H8) -> 302450 | G8: 263000 | H8: =G8*15% -> 39450 | I8: 42544 | J8: Immediate | K8: =G8*2% -> 5260 | L8: =F8-K8 -> 297190 | M8: 297190 | N8: 24th Oct 2016 | O8: CLEAR | P8: NEFT Transfer
A9: 4th Jul 2016 | C9: LPU | D9: CPM | E9: MediaConversion-024-Jun-2016 | F9: =SUM(G9:H9) -> 36800 | G9: =400000/1000*80 -> 32000 | H9: =G9*15% -> 4800 | I9: 42555 | J9: =I9+60 -> 42615 | K9: =G9*2% -> 640 | L9: =F9-K9 -> 36160 | M9: 36160 | N9: 14th Sep 2016 | O9: CLEAR | P9: NEFT Transfer
A10: 4th Jul 2016 | C10: Tomorrow Makers | D10: CPV | E10: MediaConversion-025-Jun-2016 | F10: =SUM(G10:H10) -> 41687.5 | G10: =14500*2.5 -> 36250 | H10: =G10*15% -> 5437.5 | I10: 42555 | J10: =I10+60 -> 42615 | K10: =G10*2% -> 725 | L10: =F10-K10 -> 40962.5 | M10: 40963 | N10: 30th Dec 2016 | O10: CLEAR | P10: NEFT Transfer
A11: 4th Jul 2016 | C11: Tomorrow Makers | D11: CPV | E11: MediaConversion-026-Jun-2016 | F11: =SUM(G11:H11) -> 8050 | G11: =2800*2.5 -> 7000 | H11: =G11*15% -> 1050 | I11: 42555 | J11: =I11+60 -> 42615 | K11: =G11*2% -> 140 | L11: =F11-K11 -> 7910 | M11: 7910 | N11: 30th Dec 2016 | O11: CLEAR | P11: NEFT Transfer
A12: 4th Jul 2016 | C12: HP-Supplies | D12: CPV | E12: MediaConversion-027-Jun-2016 | F12: =SUM(G12:H12) -> 91104.15 | G12: =26407*3 -> 79221 | H12: =G12*15% -> 11883.15 | I12: 42555 | J12: =I12+60 -> 42615 | K12: =G12*2% -> 1584.42 | L12: =F12-K12 -> 89519.73 | M12: 89520 | N12: 5th Oct 2016 | O12: CLEAR | P12: NEFT Transfer
A13: 1st Aug 2016 | C13: Tomorrow Makers | D13: CPV | E13: MediaConversion-028-Jul-2016 | F13: =SUM(G13:H13) -> 34500 | G13: =12000*2.5 -> 30000 | H13: =G13*15% -> 4500 | I13: 42583 | J13: =I13+60 -> 42643 | K13: =G13*2% -> 600 | L13: =F13-K13 -> 33900 | M13: 32092 | N13: 5th Oct 2016 | O13: CLEAR | P13: NEFT Transfer
A14: 5th Jul 2016 | C14: Godrej-PR | D14: CPM | E14: MediaConversion-029-Jul-2016 | F14: =SUM(G14:H14) -> 18566.704 | G14: =201812/1000*80 -> 16144.96 | H14: =G14*15% -> 2421.744 | I14: 42556 | J14: =I14+60 -> 42616 | K14: =G14*2% -> 322.8992 | L14: =F14-K14 -> 18243.805 | M14: 18244 | N14: 14th Sep 2016 | O14: CLEAR | P14: NEFT Transfer
A15: 23rd Jul 2016 | C15: Shopclues | D15: CPV | E15: MediaConversion-030-Jul-2016 | F15: =SUM(G15:H15) -> 4140 | G15: =1800*2 -> 3600 | H15: =G15*15% -> 540 | I15: 42574 | J15: =I15+60 -> 42634 | K15: =G15*2% -> 72 | L15: =F15-K15 -> 4068 | M15: 4068 | N15: 5th Oct 2016 | O15: CLEAR | P15: NEFT Transfer
A16: 23rd Jul 2016 | C16: Cisco-Video | D16: CPM | E16: MediaConversion-031-Jul-2016 | F16: =SUM(G16:H16) -> 23000 | G16: =250000/1000*80 -> 20000 | H16: =G16*15% -> 3000 | I16: 42574 | J16: =I16+60 -> 42634 | K16: =G16*2% -> 400 | L16: =F16-K16 -> 22600 | M16: 22600 | N16: 30th Dec 2016 | O16: CLEAR | P16: NEFT Transfer
A17: 5th Jul 2016 | C17: Tomorrow Makers PART II | D17: CPV | E17: MediaConversion-032-Jun-2016 | F17: =SUM(G17:H17) -> 7187.5 | G17: =2500*2.5 -> 6250 | H17: =G17*15% -> 937.5 | I17: 42556 | J17: =I17+60 -> 42616 | K17: =G17*2% -> 125 | L17: =F17-K17 -> 7062.5 | M17: 7063 | N17: 30th Dec 2016 | O17: CLEAR | P17: NEFT Transfer
A18: 20th Oct 2016 | C18: Tomorrow Makers | D18: CPV | E18: MediaConversion-033-Sep-2016 | F18: =SUM(G18:H18) -> 9970.5 | G18: =3468*2.5 -> 8670 | H18: =G18*15% -> 1300.5 | I18: 42638 | J18: =I18+60 -> 42698 | K18: =G18*2% -> 173.4 | L18: =F18-K18 -> 9797.1 | M18: 9797 | N18: 30th Dec 2016 | O18: CLEAR | P18: NEFT Transfer
A19: 20th Oct 2016 | C19: Citibank CPO Mailers | D19: CPO | E19: MediaConversion-034-Sep-2016 | F19: =SUM(G19:H19) -> 41400 | G19: =450000*0.08 -> 36000 | H19: =G19*15% -> 5400 | I19: 42631 | J19: =I19+60 -> 42691 | K19: =G19*2% -> 720 | L19: =F19-K19 -> 40680 | M19: 40680 | N19: 30th Dec 2016 | O19: CLEAR | P19: NEFT Transfer
A20: 11th Nov 2016 | C20: Cisco | D20: CPM | E20: MediaConversion-035-Sep+Oct-2016 | F20: =SUM(G20:H20) -> 263120 | G20: =2080000/1000*110 -> 228800 | H20: =G20*15% -> 34320 | I20: 42666 | J20: =I20+60 -> 42726 | K20: =G20*2% -> 4576 | L20: =F20-K20 -> 258544 | M20: 258544 | N20: 18th Apr 2017 | O20: CLEAR | P20: NEFT Transfer
A21: 21st Nov 2016 | C21: Samsumg-PR | D21: CPM | E21: MediaConversion-036-Nov-2016 | F21: =SUM(G21:H21) -> 87773.75 | G21: 76325 | H21: =G21*15% -> 11448.75 | I21: 42671 | J21: =I21+60 -> 42731 | K21: =G21*2% -> 1526.5 | L21: =F21-K21 -> 86247.25 | M21: 86247 | N21: 8th June 2017 | O21: CLEAR | P21: NEFT Transfer
A22: 21st Nov 2016 | C22: Honda Brio | D22: CPM | E22: MediaConversion-037-Nov-2016 | F22: =SUM(G22:H22) -> 103500 | G22: 90000 | H22: =G22*15% -> 13500 | I22: 42686 | J22: =I22+60 -> 42746 | K22: =G22*2% -> 1800 | L22: =F22-K22 -> 101700 | M22: 101700 | N22: 18th Apr 2017 | O22: CLEAR | P22: NEFT Transfer
A23: 12th Jan 2017 | C23: Infocus | D23: CPV | E23: MediaConversion-038-Dec-2016 | F23: =SUM(G23:H23) -> 3038.3 | G23: 2642 | H23: =G23*15% -> 396.3 | I23: 43083 | J23: =I23+60 -> 43143 | K23: =G23*2% -> 52.84 | L23: =F23-K23 -> 2985.46 | M23: 2985 | N23: 8th June 2017 | O23: CLEAR | P23: NEFT Transfer
A24: 12th Jan 2017 | C24: CIBIL Banners + Mailers | D24: CPV | E24: MediaConversion-039-Dec-2016 | F24: =SUM(G24:H24) -> 70599.65 | G24: 61391 | H24: =G24*15% -> 9208.65 | I24: 43087 | J24: =I24+60 -> 43147 | K24: =G24*2% -> 1227.82 | L24: =F24-K24 -> 69371.83 | M24: 69372 | N24: 8th June 2017 | O24: CLEAR | P24: NEFT Transfer
A25: 2nd March 2017 | C25: Birla-Sun-Life | D25: CPV | E25: MediaConversion-041-Feb-2017 | F25: =SUM(G25:H25) -> 8735.4 | G25: 7596 | H25: =G25*15% -> 1139.4 | I25: 42781 | J25: =I25+60 -> 42841 | K25: =G25*2% -> 151.92 | L25: =F25-K25 -> 8583.48 | M25: 8583 | N25: 8th June 2017 | O25: CLEAR | P25: NEFT Transfer
F26: =SUM(G26:H26) -> 0 | H26: =G26*15% -> 0 | J26: =I26+60 -> 60 | K26: =G26*2% -> 0 | L26: =F26-K26 -> 0
E28: HOME | F28: =SUM(F2:F26) -> 1801132.2 | G28: =SUM(G2:G26) -> 1567640 | H28: =SUM(H2:H26) -> 233492.24 | K28: =SUM(K2:K26) -> 31352.799 | L28: =SUM(L2:L26) -> 1769779.4 | M28: =SUM(M2:M26) -> 1767972
E29: Monthwise | N29: 221825 | O29: 1808
M30: =SUM(M3:M14) -> 985052
I31: 147954 | K31: =L5+L13 -> 84525 | M31: 213254 | N31: 28440
I32: =I31*2% -> 2959.08 | K32: 28440 | M32: =M31-M30 -> -771798 | N32: =SUM(L16,L4) -> 64787.5
I33: =170147-I32 -> 167187.92 | K33: =K32-K31 -> -56085 | N33: =N31-N32 -> -36347.5
N35: =8362-172 -> 8190

Sheet Bizvin
A1: Inv Date | B1: RO No | C1: Campaigns | D1: Adunit | E1: Invoice number | F1: Final Amount | G1: Invoice amt | H1: ServiceTax | I1: Cam End date | J1: Due date | K1: Less 2% | L1: Amt Receivable | M1: Amount Received | N1: Amt Received Date | O1: Status | P1: Cheque No
A2: HOME | B2: Monthwise | F2: =SUM(F3:F71) -> 3094701.9 | G2: =SUM(G3:G71) -> 2694391 | H2: =SUM(H3:H71) -> 400310.8 | K2: =SUM(K3:K71) -> 53887.821 | L2: =SUM(L3:L71) -> 3040814 | M2: =SUM(M3:M71) -> 3040824
A3: 1st Apr 2016 | C3: Ipad-Banner | D3: CPM | E3: Bizwin-016-Jan-2016 | F3: =SUM(G3:H3) -> 25762.5 | G3: =500000/1000*45 -> 22500 | H3: =G3*14.5% -> 3262.5 | I3: 42399 | J3: =I3+90 -> 42489 | K3: =G3*2% -> 450 | L3: =F3-K3 -> 25312.5 | M3: 25313 | N3: 26th July 2016 | O3: CLEAR | P3: 314
A4: 1st Apr 2016 | C4: Lufsthansa CPM | D4: CPM | E4: Bizwin-017-Feb-2016 | F4: =SUM(G4:H4) -> 48948.75 | G4: =950000/1000*45 -> 42750 | H4: =G4*14.5% -> 6198.75 | I4: 42422 | J4: =I4+90 -> 42512 | K4: =G4*2% -> 855 | L4: =F4-K4 -> 48093.75 | M4: 48094 | N4: 26th July 2016 | O4: CLEAR | P4: 314
A5: 1st Apr 2016 | C5: Microsoft Nasscom | D5: CPM | E5: Bizwin-018-Feb-2017 | F5: =SUM(G5:H5) -> 5741.6368 | G5: =111434/1000*45 -> 5014.53 | H5: =G5*14.5% -> 727.10685 | I5: 42412 | J5: =I5+90 -> 42502 | K5: =G5*2% -> 100.2906 | L5: =F5-K5 -> 5641.3462 | M5: 5641 | N5: 26th July 2016 | O5: CLEAR | P5: 314
A6: 1st Apr 2016 | C6: JCB CPM | D6: CPM | E6: Bizwin-019-Mar-2016 | F6: =SUM(G6:H6) -> 16075.8 | G6: =312000/1000*45 -> 14040 | H6: =G6*14.5% -> 2035.8 | I6: 42447 | J6: =I6+90 -> 42537 | K6: =G6*2% -> 280.8 | L6: =F6-K6 -> 15795 | M6: 15795 | N6: 26th July 2016 | O6: CLEAR | P6: 314
A7: 1st Apr 2016 | C7: Eureka Channel W | D7: CPM | E7: Bizwin-020-Mar-2016 | F7: =SUM(G7:H7) -> 33956.263 | G7: =SUM(500000+159025)/1000*45 -> 29656.125 | H7: =G7*14.5% -> 4300.1381 | I7: 42459 | J7: =I7+90 -> 42549 | K7: =G7*2% -> 593.1225 | L7: =F7-K7 -> 33363.141 | M7: 33363 | N7: 9th Sep 2016 | O7: CLEAR | P7: 343
A8: 11th Apr 2016 | C8: Lufthansa TAM II | D8: CPM | E8: Bizwin-021-Apr-2016 | F8: =SUM(G8:H8) -> 43967.983 | G8: =853333/1000*45 -> 38399.985 | H8: =G8*14.5% -> 5567.9978 | I8: 42471 | J8: =I8+90 -> 42561 | K8: =G8*2% -> 767.9997 | L8: =F8-K8 -> 43199.983 | M8: 43200 | N8: 9th Sep 2016 | O8: CLEAR | P8: 343
A9: 12th Apr 2016 | C9: Catterpillar | D9: CPM | E9: Bizwin-022-Apr-2016 | F9: =SUM(G9:H9) -> 38069.658 | G9: =738858/1000*45 -> 33248.61 | H9: =G9*14.5% -> 4821.0484 | I9: 42472 | J9: =I9+90 -> 42562 | K9: =G9*2% -> 664.9722 | L9: =F9-K9 -> 37404.686 | M9: 37405 | N9: 9th Sep 2016 | O9: CLEAR | P9: 343
A10: 11th Apr 2016 | C10: Google | D10: CPM | E10: Bizwin-023-Apr-2016 | F10: =SUM(G10:H10) -> 283387.5 | G10: =5500000/1000*45 -> 247500 | H10: =G10*14.5% -> 35887.5 | I10: 42471 | J10: =I10+90 -> 42561 | K10: =G10*2% -> 4950 | L10: =F10-K10 -> 278437.5 | M10: 278438 | N10: 9th Sep 2016 | O10: CLEAR | P10: 343
A11: 7th Apr 2016 | C11: CISCO FISME | D11: CPV | E11: Bizwin-024-Apr-2016 | F11: =SUM(G11:H11) -> 8587.5 | G11: =1500*5 -> 7500 | H11: =G11*14.5% -> 1087.5 | I11: 42467 | J11: =I11+90 -> 42557 | K11: =G11*2% -> 150 | L11: =F11-K11 -> 8437.5 | M11: 8438 | N11: 9th Sep 2016 | O11: CLEAR | P11: 343
A12: 12th Apr 2016 | C12: CISCO KNN | D12: CPV | E12: Bizwin-025-Apr-2016 | F12: =SUM(G12:H12) -> 1717.5 | G12: =300*5 -> 1500 | H12: =G12*14.5% -> 217.5 | I12: 42472 | J12: =I12+90 -> 42562 | K12: =G12*2% -> 30 | L12: =F12-K12 -> 1687.5 | M12: 1688 | N12: 9th Sep 2016 | O12: CLEAR | P12: 343
A13: 25th Apr 2016 | C13: CISCO-CPM | D13: CPM | E13: Bizwin-026-Apr-2016 | F13: =SUM(G13:H13) -> 199758.51 | G13: =3876924/1000*45 -> 174461.58 | H13: =G13*14.5% -> 25296.929 | I13: 42485 | J13: =I13+90 -> 42575 | K13: =G13*2% -> 3489.2316 | L13: =F13-K13 -> 196269.28 | M13: 196270 | N13: 9th Sep 2016 | O13: CLEAR | P13: 343
A14: 30th Apr 2016 | C14: Lufthansa | D14: CPM | E14: Bizwin-027-Apr-2016 | F14: =SUM(G14:H14) -> 25762.5 | G14: 22500 | H14: =G14*14.5% -> 3262.5 | I14: 42490 | J14: =I14+90 -> 42580 | K14: =G14*2% -> 450 | L14: =F14-K14 -> 25312.5 | M14: 25313 | N14: 9th Sep 2016 | O14: CLEAR | P14: 343
A15: 30th Apr 2016 | C15: Google-TI | D15: CPM | E15: Bizwin-028-Apr-2016 | F15: =SUM(G15:H15) -> 77287.5 | G15: 67500 | H15: =G15*14.5% -> 9787.5 | J15: =I15+90 -> 90 | K15: =G15*2% -> 1350 | L15: =F15-K15 -> 75937.5 | M15: 75938 | N15: 25th Oct 2016 | O15: CLEAR | P15: 356
A16: 22nd May 2016 | C16: HP | D16: CPM | E16: Bizwin-029-Apr-May-2016 | F16: =SUM(G16:H16) -> 72135 | G16: 63000 | H16: =G16*14.5% -> 9135 | I16: 42512 | J16: =I16+90 -> 42602 | K16: =G16*2% -> 1260 | L16: =F16-K16 -> 70875 | M16: 70875 | N16: 25th Oct 2016 | O16: CLEAR | P16: 356
A17: 22nd Aug 2016 | C17: Commvault Nasscom | D17: CPV | E17: Bizwin-030-May-2016 | F17: =SUM(G17:H17) -> 2875 | G17: =500*5 -> 2500 | H17: =G17*15% -> 375 | J17: Immediate | K17: =G17*2% -> 50 | L17: =F17-K17 -> 2825 | M17: 2825 | N17: 25th Oct 2016 | O17: CLEAR | P17: 356
A18: 22nd Aug 2016 | C18: Commvault CII | D18: CPV | E18: Bizwin-031-May-2016 | F18: =SUM(G18:H18) -> 2875 | G18: =500*5 -> 2500 | H18: =G18*15% -> 375 | J18: Immediate | K18: =G18*2% -> 50 | L18: =F18-K18 -> 2825 | M18: 2825 | N18: 25th Oct 2016 | O18: CLEAR | P18: 356
A19: 22nd Aug 2016 | C19: Cisco Fisme | D19: CPM | E19: Bizwin-032-July-2016 | F19: =SUM(G19:H19) -> 32343.75 | G19: =625000/1000*45 -> 28125 | H19: =G19*15% -> 4218.75 | I19: 42574 | J19: =I19+90 -> 42664 | K19: =G19*2% -> 562.5 | L19: =F19-K19 -> 31781.25 | M19: 31781 | O19: CLEAR | P19: 411
A20: 22nd Aug 2016 | C20: Cisco KNN | D20: CPM | E20: Bizwin-033-July-2016 | F20: =SUM(G20:H20) -> 32343.75 | G20: =625000/1000*45 -> 28125 | H20: =G20*15% -> 4218.75 | I20: 42574 | J20: =I20+90 -> 42664 | K20: =G20*2% -> 562.5 | L20: =F20-K20 -> 31781.25 | M20: 31781 | O20: CLEAR | P20: 411
A21: 22nd Aug 2016 | C21: Cisco Nasscom | D21: CPM | E21: Bizwin-034-July-2016 | F21: =SUM(G21:H21) -> 62100 | G21: =1200000/1000*45 -> 54000 | H21: =G21*15% -> 8100 | I21: 42574 | J21: =I21+90 -> 42664 | K21: =G21*2% -> 1080 | L21: =F21-K21 -> 61020 | M21: 61020 | O21: CLEAR | P21: 411
A22: 22nd Aug 2016 | C22: Cisco CII | D22: CPM | E22: Bizwin-035-July-2016 | F22: =SUM(G22:H22) -> 62100 | G22: =1200000/1000*45 -> 54000 | H22: =G22*15% -> 8100 | I22: 42574 | J22: =I22+90 -> 42664 | K22: =G22*2% -> 1080 | L22: =F22-K22 -> 61020 | M22: 61020 | O22: CLEAR | P22: 411
A23: 22nd Aug 2016 | C23: Google TT | D23: CPM | E23: Bizwin-036-July-2016 | F23: =SUM(G23:H23) -> 116437.5 | G23: =2250000/1000*45 -> 101250 | H23: =G23*15% -> 15187.5 | I23: 42561 | J23: =I23+90 -> 42651 | K23: =G23*2% -> 2025 | L23: =F23-K23 -> 114412.5 | M23: 114413 | N23: 23rd Nov 2016 | O23: CLEAR | P23: 404
A24: 22nd Aug 2016 | C24: Google TI | D24: CPM | E24: Bizwin-037-July-2016 | F24: =SUM(G24:H24) -> 155250 | G24: =3000000/1000*45 -> 135000 | H24: =G24*15% -> 20250 | I24: 42561 | J24: =I24+90 -> 42651 | K24: =G24*2% -> 2700 | L24: =F24-K24 -> 152550 | M24: 152550 | N24: 23rd Nov 2016 | O24: CLEAR | P24: 404
A25: 22nd Aug 2016 | C25: HP KNN | D25: CPM | E25: Bizwin-038-July-2016 | F25: =SUM(G25:H25) -> 64687.5 | G25: =1250000/1000*45 -> 56250 | H25: =G25*15% -> 8437.5 | I25: 42564 | J25: =I25+90 -> 42654 | K25: =G25*2% -> 1125 | L25: =F25-K25 -> 63562.5 | M25: 63563 | N25: 23rd Nov 2016 | O25: CLEAR | P25: 404
A26: 22nd Aug 2016 | C26: HP Fisme | D26: CPM | E26: Bizwin-039-July-2016 | F26: =SUM(G26:H26) -> 94090.918 | G26: =1818182/1000*45 -> 81818.19 | H26: =G26*15% -> 12272.728 | I26: 42564 | J26: =I26+90 -> 42654 | K26: =G26*2% -> 1636.3638 | L26: =F26-K26 -> 92454.555 | M26: 92455 | N26: 23rd Nov 2016 | O26: CLEAR | P26: 404
A27: 22nd Aug 2016 | C27: HP TT | D27: CPM | E27: Bizwin-040-July-2016 | F27: =SUM(G27:H27) -> 31050 | G27: =600000/1000*45 -> 27000 | H27: =G27*15% -> 4050 | I27: 42564 | J27: =I27+90 -> 42654 | K27: =G27*2% -> 540 | L27: =F27-K27 -> 30510 | M27: 30510 | N27: 23rd Nov 2016 | O27: CLEAR | P27: 404
A28: 22nd Aug 2016 | C28: Microsoft | D28: CPM | E28: Bizwin-041-June-2016 | F28: =SUM(G28:H28) -> 207000 | G28: =4000000/1000*45 -> 180000 | H28: =G28*15% -> 27000 | I28: 42551 | J28: =I28+90 -> 42641 | K28: =G28*2% -> 3600 | L28: =F28-K28 -> 203400 | M28: 203400 | O28: CLEAR | P28: 411
A29: 22nd Aug 2016 | C29: HP BN KNN | D29: CPM | E29: Bizwin-042-July-2016 | F29: =SUM(G29:H29) -> 20700 | G29: =400000/1000*45 -> 18000 | H29: =G29*15% -> 2700 | I29: 42582 | J29: =I29+90 -> 42672 | K29: =G29*2% -> 360 | L29: =F29-K29 -> 20340 | M29: 20340 | O29: CLEAR | P29: 411
A30: 22nd Aug 2016 | C30: HP BN Fisme | D30: CPM | E30: Bizwin-043-July-2016 | F30: =SUM(G30:H30) -> 25875 | G30: =500000/1000*45 -> 22500 | H30: =G30*15% -> 3375 | I30: 42582 | J30: =I30+90 -> 42672 | K30: =G30*2% -> 450 | L30: =F30-K30 -> 25425 | M30: 25425 | O30: CLEAR | P30: 411
A31: 22nd Aug 2016 | C31: HP BN TI | D31: CPM | E31: Bizwin-044-July-2016 | F31: =SUM(G31:H31) -> 25875 | G31: =500000/1000*45 -> 22500 | H31: =G31*15% -> 3375 | I31: 42582 | J31: =I31+90 -> 42672 | K31: =G31*2% -> 450 | L31: =F31-K31 -> 25425 | M31: 25425 | O31: CLEAR | P31: 411
A32: 22nd Aug 2016 | C32: HP BN TT | D32: CPM | E32: Bizwin-045-July-2016 | F32: =SUM(G32:H32) -> 10350 | G32: =200000/1000*45 -> 9000 | H32: =G32*15% -> 1350 | I32: 42582 | J32: =I32+90 -> 42672 | K32: =G32*2% -> 180 | L32: =F32-K32 -> 10170 | M32: 10170 | O32: CLEAR | P32: 411
A33: 22nd Aug 2016 | C33: HP Supplies KNN | D33: CPM | E33: Bizwin-046-July-2016 | F33: =SUM(G33:H33) -> 86422.5 | G33: =1670000/1000*45 -> 75150 | H33: =G33*15% -> 11272.5 | I33: 42582 | J33: =I33+90 -> 42672 | K33: =G33*2% -> 1503 | L33: =F33-K33 -> 84919.5 | M33: 84920 | O33: CLEAR | P33: 411
A34: 22nd Aug 2016 | C34: Caterpillar | D34: CPM | E34: Bizwin-047-July-2016 | F34: =SUM(G34:H34) -> 25875 | G34: =500000/1000*45 -> 22500 | H34: =G34*15% -> 3375 | I34: 42598 | J34: =I34+90 -> 42688 | K34: =G34*2% -> 450 | L34: =F34-K34 -> 25425 | M34: 25425 | O34: CLEAR | P34: 430
A35: 22nd Aug 2016 | C35: HP Fisme | D35: CPV | E35: Bizwin-048-Aug-2016 | F35: =SUM(G35:H35) -> 1207.5 | G35: =210*5 -> 1050 | H35: =G35*15% -> 157.5 | I35: 42588 | J35: =I35+90 -> 42678 | K35: =G35*2% -> 21 | L35: =F35-K35 -> 1186.5 | M35: 1187 | O35: CLEAR | P35: 430
A36: 22nd Aug 2016 | C36: HP KNN | D36: CPV | E36: Bizwin-049-Aug-2016 | F36: =SUM(G36:H36) -> 2248.25 | G36: =391*5 -> 1955 | H36: =G36*15% -> 293.25 | I36: 42588 | J36: =I36+90 -> 42678 | K36: =G36*2% -> 39.1 | L36: =F36-K36 -> 2209.15 | M36: 2209 | O36: CLEAR | P36: 430
A37: 29th Aug 2016 | C37: JCB | D37: CPM | E37: Bizwin-050-Aug-2016 | F37: =SUM(G37:H37) -> 15525 | G37: 13500 | H37: =G37*15% -> 2025 | I37: 42606 | J37: =I37+90 -> 42696 | K37: =G37*2% -> 270 | L37: =F37-K37 -> 15255 | M37: 15255 | O37: CLEAR | P37: 430
A38: 3rd Sep 2016 | C38: Virgin Atlantic | D38: CPM | E38: Bizwin-051-Aug-2016 | F38: =SUM(G38:H38) -> 90562.5 | G38: =1750000/1000*45 -> 78750 | H38: =G38*15% -> 11812.5 | I38: 42616 | J38: =I38+90 -> 42706 | K38: =G38*2% -> 1575 | L38: =F38-K38 -> 88987.5 | M38: 88988 | O38: CLEAR | P38: 430
A39: 1st Oct 2016 | C39: JCB | D39: CPM | E39: Bizwin-052-Sep-2016 | F39: =SUM(G39:H39) -> 36225 | G39: =700000/1000*45 -> 31500 | H39: =G39*15% -> 4725 | I39: 42623 | J39: =I39+90 -> 42713 | K39: =G39*2% -> 630 | L39: =F39-K39 -> 35595 | M39: 35595 | O39: CLEAR | P39: 430
A40: 1st Oct 2016 | C40: Exxon | D40: CPM | E40: Bizwin-053-Sep-2016 | F40: =SUM(G40:H40) -> 51750 | G40: =1000000/1000*45 -> 45000 | H40: =G40*15% -> 6750 | I40: 42618 | J40: =I40+90 -> 42708 | K40: =G40*2% -> 900 | L40: =F40-K40 -> 50850 | M40: 50850 | O40: CLEAR | P40: 430
A41: 1st Oct 2016 | C41: Hitachi | D41: CPM | E41: Bizwin-054-Sep-2016 | F41: =SUM(G41:H41) -> 38812.5 | G41: =750000/1000*45 -> 33750 | H41: =G41*15% -> 5062.5 | I41: 42640 | J41: =I41+90 -> 42730 | K41: =G41*2% -> 675 | L41: =F41-K41 -> 38137.5 | M41: 38138 | O41: CLEAR | P41: 446
A42: 1st Oct 2016 | C42: Microsoft | D42: CPM | E42: Bizwin-055-Sep-2016 | F42: =SUM(G42:H42) -> 23287.5 | G42: =450000/1000*45 -> 20250 | H42: =G42*15% -> 3037.5 | I42: 42643 | J42: =I42+90 -> 42733 | K42: =G42*2% -> 405 | L42: =F42-K42 -> 22882.5 | M42: 22883 | O42: CLEAR | P42: 446
A43: 1st Oct 2016 | C43: Microsoft | D43: CPV | E43: Bizwin-056-Sep-2016 | F43: =SUM(G43:H43) -> 3162.5 | G43: =550*5 -> 2750 | H43: =G43*15% -> 412.5 | I43: 42643 | J43: =I43+90 -> 42733 | K43: =G43*2% -> 55 | L43: =F43-K43 -> 3107.5 | M43: 3108 | O43: CLEAR | P43: 446
A44: 1st Oct 2016 | C44: Hitachi | D44: CPV | E44: Bizwin-057-Sep-2016 | F44: =SUM(G44:H44) -> 1725 | G44: =300*5 -> 1500 | H44: =G44*15% -> 225 | I44: 42642 | J44: =I44+90 -> 42732 | K44: =G44*2% -> 30 | L44: =F44-K44 -> 1695 | M44: 1695 | O44: CLEAR | P44: 446
A45: 7th Nov 2016 | C45: Cisco-Fisme+KNN | D45: CPM | E45: Bizwin-058-Sep+Oct-2016 | F45: =SUM(G45:H45) -> 43125.035 | G45: =833334/1000*45 -> 37500.03 | H45: =G45*15% -> 5625.0045 | I45: 42668 | J45: =I45+90 -> 42758 | K45: =G45*2% -> 750.0006 | L45: =F45-K45 -> 42375.034 | M45: 42375 | O45: CLEAR | P45: 446
A46: 7th Nov 2016 | C46: Cisco-Fisme+KNN | D46: CPV | E46: Bizwin-059-Sep+Oct-2016 | F46: =SUM(G46:H46) -> 5175 | G46: =900*5 -> 4500 | H46: =G46*15% -> 675 | I46: 42647 | J46: =I46+90 -> 42737 | K46: =G46*2% -> 90 | L46: =F46-K46 -> 5085 | M46: 5085 | O46: CLEAR | P46: 446
A47: 7th Nov 2016 | C47: Cisco | D47: CPM | E47: Bizwin-060-Oct-2016 | F47: =SUM(G47:H47) -> 129375 | G47: =2500000/1000*45 -> 112500 | H47: =G47*15% -> 16875 | I47: 42668 | J47: =I47+90 -> 42758 | K47: =G47*2% -> 2250 | L47: =F47-K47 -> 127125 | M47: 127125 | O47: CLEAR | P47: 446
A48: 7th Nov 2016 | C48: Cisco | D48: CPV | E48: Bizwin-061-Oct-2016 | F48: =SUM(G48:H48) -> 18687.5 | G48: =3250*5 -> 16250 | H48: =G48*15% -> 2437.5 | I48: 42668 | J48: =I48+90 -> 42758 | K48: =G48*2% -> 325 | L48: =F48-K48 -> 18362.5 | M48: 18363 | O48: CLEAR | P48: 446
A49: 7th Nov 2016 | C49: Cisco-Newsletter | D49: CPV | E49: Bizwin-062-Oct-2016 | F49: =SUM(G49:H49) -> 3018.75 | G49: =525*5 -> 2625 | H49: =G49*15% -> 393.75 | I49: 42660 | J49: =I49+90 -> 42750 | K49: =G49*2% -> 52.5 | L49: =F49-K49 -> 2966.25 | M49: 2966 | O49: CLEAR | P49: 446
A50: 7th Nov 2016 | C50: Cisco-Nasscom | D50: CPV | E50: Bizwin-063-Oct-2016 | F50: =SUM(G50:H50) -> 2012.5 | G50: =350*5 -> 1750 | H50: =G50*15% -> 262.5 | I50: 42665 | J50: =I50+90 -> 42755 | K50: =G50*2% -> 35 | L50: =F50-K50 -> 1977.5 | M50: 1978 | O50: CLEAR | P50: 446
A51: 29th Nov 2016 | C51: SAP | D51: CPM | E51: Bizwin-064-Nov-2016 | F51: =SUM(G51:H51) -> 258750 | G51: 225000 | H51: =G51*15% -> 33750 | I51: 42689 | J51: =I51+90 -> 42779 | K51: =G51*2% -> 4500 | L51: =F51-K51 -> 254250 | M51: 254250 | O51: CLEAR | P51: 538
A52: 29th Nov 2016 | C52: SAP | D52: CPV | E52: Bizwin-065-Nov-2016 | F52: =SUM(G52:H52) -> 5031.25 | G52: 4375 | H52: =G52*15% -> 656.25 | I52: 42691 | J52: =I52+90 -> 42781 | K52: =G52*2% -> 87.5 | L52: =F52-K52 -> 4943.75 | M52: 4943 | O52: CLEAR | P52: 538
A53: 13th Dec 2016 | C53: Hitachi-Nov | D53: CPM | E53: Bizwin-066-Nov-2016 | F53: =SUM(G53:H53) -> 14231.25 | G53: 12375 | H53: =G53*15% -> 1856.25 | I53: 42704 | J53: =I53+90 -> 42794 | K53: =G53*2% -> 247.5 | L53: =F53-K53 -> 13983.75 | M53: 13983 | O53: CLEAR | P53: 538
A54: 13th Dec 2016 | C54: Dell | D54: CPM | E54: Bizwin-067-Nov-2016 | F54: =SUM(G54:H54) -> 23287.5 | G54: 20250 | H54: =G54*15% -> 3037.5 | I54: 42704 | J54: =I54+90 -> 42794 | K54: =G54*2% -> 405 | L54: =F54-K54 -> 22882.5 | M54: 22883 | O54: CLEAR | P54: 538
A55: 13th Dec 2016 | C55: Hitachi-Oct | D55: CPM | E55: Bizwin-068-Oct-2016 | F55: =SUM(G55:H55) -> 18791 | G55: 16340 | H55: =G55*15% -> 2451 | I55: 42664 | J55: =I55+90 -> 42754 | K55: =G55*2% -> 326.8 | L55: =F55-K55 -> 18464.2 | M55: 18467 | O55: CLEAR | P55: 538
A56: 2nd Jan 2017 | C56: Hitachi-Dec | D56: CPM | E56: Bizwin-069-Dec-2016 | F56: =SUM(G56:H56) -> 33637.5 | G56: =650000/1000*45 -> 29250 | H56: =G56*15% -> 4387.5 | I56: 43095 | J56: =I56+90 -> 43185 | K56: =G56*2% -> 585 | L56: =F56-K56 -> 33052.5 | M56: 33053 | O56: CLEAR | P56: 489
A57: 2nd Jan 2017 | C57: SAP | D57: CPV | E57: Bizwin-070-Dec-2016 | F57: =SUM(G57:H57) -> 2875 | G57: 2500 | H57: =G57*15% -> 375 | I57: 43099 | J57: =I57+90 -> 43189 | K57: =G57*2% -> 50 | L57: =F57-K57 -> 2825 | M57: 2825 | O57: CLEAR | P57: 489
A58: 24th Jan 2017 | C58: Hitachi-Jan | D58: CPM | E58: Bizwin-071-Jan-2017 | F58: =SUM(G58:H58) -> 105147.95 | G58: 91433 | H58: =G58*15% -> 13714.95 | I58: 42759 | J58: =I58+90 -> 42849 | K58: =G58*2% -> 1828.66 | L58: =F58-K58 -> 103319.29 | M58: 103319 | O58: CLEAR | P58: 489
A59: 24th Jan 2017 | C59: Cisco-Jan | D59: CPM | E59: Bizwin-072-Jan-2017 | F59: =SUM(G59:H59) -> 128948.35 | G59: 112129 | H59: =G59*15% -> 16819.35 | I59: 42759 | J59: =I59+90 -> 42849 | K59: =G59*2% -> 2242.58 | L59: =F59-K59 -> 126705.77 | M59: 126706 | O59: CLEAR | P59: 489
A60: 24th Jan 2017 | C60: Cisco-Jan | D60: CPV | E60: Bizwin-073-Jan-2017 | F60: =SUM(G60:H60) -> 18624.25 | G60: 16195 | H60: =G60*15% -> 2429.25 | I60: 42759 | J60: =I60+90 -> 42849 | K60: =G60*2% -> 323.9 | L60: =F60-K60 -> 18300.35 | M60: 18300 | O60: CLEAR | P60: 489
A61: 24th Jan 2017 | C61: Hitachi-Jan | D61: CPV | E61: Bizwin-074-Jan-2017 | F61: =SUM(G61:H61) -> 2443.75 | G61: 2125 | H61: =G61*15% -> 318.75 | I61: 42759 | J61: =I61+90 -> 42849 | K61: =G61*2% -> 42.5 | L61: =F61-K61 -> 2401.25 | M61: 2401 | O61: CLEAR | P61: 489
A62: 2nd March 2017 | C62: Hitachi | D62: CPM | E62: Bizwin-075-Jan-2017 | F62: =SUM(G62:H62) -> 51750 | G62: 45000 | H62: =G62*15% -> 6750 | I62: 42786 | J62: =I62+90 -> 42876 | K62: =G62*2% -> 900 | L62: =F62-K62 -> 50850 | M62: 50850 | O62: CLEAR | P62: 592
A63: 2nd March 2017 | C63: Nescafe | D63: CPL | E63: Bizwin-076-Jan-2017 | F63: =SUM(G63:H63) -> 25875 | G63: 22500 | H63: =G63*15% -> 3375 | I63: 42791 | J63: =I63+90 -> 42881 | K63: =G63*2% -> 450 | L63: =F63-K63 -> 25425 | M63: 25425 | O63: CLEAR | P63: 592
F64: =SUM(G64:H64) -> 0 | H64: =G64*15% -> 0 | J64: =I64+90 -> 90 | K64: =G64*2% -> 0 | L64: =F64-K64 -> 0
F65: =SUM(G65:H65) -> 0 | H65: =G65*15% -> 0 | J65: =I65+90 -> 90 | K65: =G65*2% -> 0 | L65: =F65-K65 -> 0
F66: =SUM(G66:H66) -> 0 | H66: =G66*15% -> 0 | J66: =I66+90 -> 90 | K66: =G66*2% -> 0 | L66: =F66-K66 -> 0
F67: =SUM(G67:H67) -> 0 | H67: =G67*15% -> 0 | J67: =I67+90 -> 90 | K67: =G67*2% -> 0 | L67: =F67-K67 -> 0
F68: =SUM(G68:H68) -> 0 | H68: =G68*15% -> 0 | J68: =I68+90 -> 90 | K68: =G68*2% -> 0 | L68: =F68-K68 -> 0
F69: =SUM(G69:H69) -> 0 | H69: =G69*15% -> 0 | J69: =I69+90 -> 90 | K69: =G69*2% -> 0 | L69: =F69-K69 -> 0
F70: =SUM(G70:H70) -> 0 | H70: =G70*15% -> 0 | J70: =I70+90 -> 90 | K70: =G70*2% -> 0 | L70: =F70-K70 -> 0
F71: =SUM(G71:H71) -> 0 | H71: =G71*15% -> 0 | J71: =I71+90 -> 90 | K71: =G71*2% -> 0 | L71: =F71-K71 -> 0
E73: HOME | F73: =SUM(F3:F71) -> 3094701.9 | G73: =SUM(G3:G71) -> 2694391 | H73: =SUM(H3:H71) -> 400310.8 | K73: =SUM(K3:K71) -> 53887.821 | L73: =SUM(L3:L71) -> 3040814 | M73: =SUM(M3:M71) -> 3040824
E74: Monthwise

Sheet SVG+DGM
A1: Inv Date | B1: Segment | C1: Campaigns | D1: Adunit | E1: Invoice number | F1: Final Amount | G1: Invoice amt | H1: ServiceTax | I1: Cam End date | J1: Due date | K1: Less 2% | L1: Amt Receivable | M1: Amount Received | N1: Amt Received Date | O1: Status | P1: Cheque No
A2: 1st April 2016 | B2: DGMATIX | E2: DGMatix-021-March-2016 | F2: =SUM(G2:H2) -> 15223.92 | G2: 13296 | H2: =G2*14.5% -> 1927.92 | I2: 42399 | J2: =I2+90 -> 42489 | K2: =G2*2% -> 265.92 | L2: =F2-K2 -> 14958 | M2: 14957 | N2: 13th May 2016 | O2: CLEAR | P2: NEFT-PNB
A3: 11th Apr 2016 | B3: Tyroo International | E3: TYROO-00149 | F3: =SUM(G3:H3) -> 135973.33 | G3: 118754 | H3: =G3*14.5% -> 17219.33 | K3: =G3*2% -> 2375.08 | L3: =F3-K3 -> 133598.25 | M3: 133598.91 | N3: 17th May 2016 | O3: CLEAR | P3: NEFT-PNB
A4: 1st May 2016 | B4: DGMATIX | E4: DGMatix-022-April-2016 | F4: =SUM(G4:H4) -> 17573.46 | G4: 15348 | H4: =G4*14.5% -> 2225.46 | K4: =G4*2% -> 306.96 | L4: =F4-K4 -> 17266.5 | M4: 17267 | N4: 7th June 2017 | O4: CLEAR | P4: NEFT-PNB
A5: 26th May 2016 | B5: DGM INDIA | E5: DGPerform-016-Jan-2016 | F5: =SUM(G5:H5) -> 7041.75 | G5: 6150 | H5: =G5*14.5% -> 891.75 | K5: =G5*2% -> 123 | L5: =F5-K5 -> 6918.75 | M5: 6919 | N5: 9th June 2016 | O5: CLEAR | P5: NEFT-PNB
A6: 26th May 2016 | B6: DGM INDIA | E6: DGPerform-017-Feb-2016 | F6: =SUM(G6:H6) -> 5633.4 | G6: 4920 | H6: =G6*14.5% -> 713.4 | K6: =G6*2% -> 98.4 | L6: =F6-K6 -> 5535 | M6: 5536 | N6: 9th June 2016 | O6: CLEAR | P6: NEFT-PNB
A7: 26th May 2016 | B7: DGM INDIA | E7: DGPerform-018-Mar-2016 | F7: =SUM(G7:H7) -> 14369.75 | G7: 12550 | H7: =G7*14.5% -> 1819.75 | K7: =G7*2% -> 251 | L7: =F7-K7 -> 14118.75 | M7: 14118 | N7: 25th Jul 2017 | O7: CLEAR | P7: NEFT-PNB
A8: 26th May 2016 | B8: DGM INDIA | E8: DGPerform-019-Apr-2016 | F8: =SUM(G8:H8) -> 515.25 | G8: 450 | H8: =G8*14.5% -> 65.25 | K8: =G8*2% -> 9 | L8: =F8-K8 -> 506.25 | M8: 506 | N8: 25th Jul 2017 | O8: CLEAR | P8: NEFT-PNB
A9: 14th Jul 2016 | B9: DGM INDIA | E9: DGPerform-020-May-2016 | F9: =SUM(G9:H9) -> 5554.5 | G9: 4830 | H9: =G9*15% -> 724.5 | K9: =G9*2% -> 96.6 | L9: =F9-K9 -> 5457.9 | M9: 5457 | N9: 27th July 2016 | O9: CLEAR | P9: NEFT-PNB
A10: 8th Aug 2016 | B10: Tyroo International | C10: International | E10: TYROO-00150-Mar-2016 | F10: =SUM(G10:H10) -> 129061.05 | G10: 112227 | H10: =G10*15% -> 16834.05 | K10: =G10*2% -> 2244.54 | L10: =F10-K10 -> 126816.51 | M10: 126816.46 | N10: 23rd Aug 2016 | O10: CLEAR | P10: NEFT-PNB
A11: 8th Aug 2016 | B11: Tyroo International | C11: International | E11: TYROO-00151-Apr-2016 | F11: =SUM(G11:H11) -> 38982 | G11: =584*66.75 -> 38982 | H11: 0 | K11: 0 | L11: =F11-K11 -> 38982 | M11: 241053 | N11: 26th Aug 2016 | O11: CLEAR | P11: NEFT-PNB
A12: 8th Aug 2016 | B12: Tyroo International | C12: International | E12: TYROO-00152-May-2016 | F12: =SUM(G12:H12) -> 116812.5 | G12: =1750*66.75 -> 116812.5 | H12: 0 | K12: 0 | L12: =F12-K12 -> 116812.5 | N12: 26th Aug 2016 | O12: CLEAR | P12: NEFT-PNB
A13: 8th Aug 2016 | B13: Tyroo International | C13: International | E13: TYROO-00153-June-2016 | F13: =SUM(G13:H13) -> 88777.5 | G13: =1330*66.75 -> 88777.5 | H13: 0 | K13: 0 | L13: =F13-K13 -> 88777.5 | N13: 26th Aug 2016 | O13: CLEAR | P13: NEFT-PNB
A14: 26th Aug 2016 | B14: DGMATIX | E14: DGMatix-023-May-2016 | F14: =SUM(G14:H14) -> 5061.15 | G14: 4401 | H14: =G14*15% -> 660.15 | K14: =G14*2% -> 88.02 | L14: =F14-K14 -> 4973.13 | M14: 4973 | N14: 7th June 2017 | O14: CLEAR | P14: NEFT-PNB
A15: 6th Feb 2017 | B15: Tyroo International | C15: International | E15: TYROO-00154-July-2016 | F15: =SUM(G15:H15) -> 16687.5 | G15: =250*66.75 -> 16687.5 | H15: 0 | K15: 0 | L15: =F15-K15 -> 16687.5 | M15: 16688 | N15: 15th June 2017 | O15: CLEAR | P15: NEFT-PNB
A16: 21st Feb 2017 | B16: DGM INDIA | E16: DGPerform-021-Dec-2016 | F16: =SUM(G16:H16) -> 3047.5 | G16: 2650 | H16: =G16*15% -> 397.5 | K16: =G16*2% -> 53 | L16: =F16-K16 -> 2994.5 | M16: 2994 | N16: 3rd Mar 2017 | O16: CLEAR | P16: NEFT-PNB
A17: 21st Feb 2017 | B17: DGM INDIA | E17: DGPerform-022-Jan-2017 | F17: =SUM(G17:H17) -> 5014 | G17: 4360 | H17: =G17*15% -> 654 | K17: =G17*2% -> 87.2 | L17: =F17-K17 -> 4926.8 | M17: 4927 | N17: 18th Apr 2017 | O17: CLEAR | P17: NEFT-PNB
F18: =SUM(G18:H18) -> 0 | H18: =G18*15% -> 0 | K18: =G18*2% -> 0 | L18: =F18-K18 -> 0
F19: =SUM(G19:H19) -> 0 | H19: =G19*15% -> 0 | K19: =G19*2% -> 0 | L19: =F19-K19 -> 0
F20: =SUM(G20:H20) -> 0 | H20: =G20*15% -> 0 | K20: =G20*2% -> 0 | L20: =F20-K20 -> 0
F21: =SUM(G21:H21) -> 0 | H21: =G21*15% -> 0 | K21: =G21*2% -> 0 | L21: =F21-K21 -> 0
F22: =SUM(G22:H22) -> 0 | H22: =G22*15% -> 0 | K22: =G22*2% -> 0 | L22: =F22-K22 -> 0
F23: =SUM(G23:H23) -> 0 | H23: =G23*15% -> 0 | K23: =G23*2% -> 0 | L23: =F23-K23 -> 0
F24: =SUM(G24:H24) -> 0 | H24: =G24*15% -> 0 | K24: =G24*2% -> 0 | L24: =F24-K24 -> 0
F25: =SUM(G25:H25) -> 0 | H25: =G25*15% -> 0 | K25: =G25*2% -> 0 | L25: =F25-K25 -> 0
F26: =SUM(G26:H26) -> 0 | H26: =G26*15% -> 0 | K26: =G26*2% -> 0 | L26: =F26-K26 -> 0
E28: HOME | F28: =SUM(F2:F26) -> 605328.56 | G28: =SUM(G2:G26) -> 561195.5 | H28: =SUM(H2:H26) -> 44133.06 | K28: =SUM(K2:K26) -> 5998.72 | L28: =SUM(L2:L26) -> 599329.84 | M28: =SUM(M2:M26) -> 595810.37
E29: Monthwise
N31: 28377
N32: 232247
K33: =L33-K6 -> 14.268 | L33: =F6*2% -> 112.668 | M33: =F6-L33 -> 5520.732 | N33: 47638
K34: =L34-K7 -> 36.395 | L34: =F7*2% -> 287.395 | M34: =F7-L34 -> 14082.355 | N34: 1024
K35: =L35-K8 -> 1.305 | L35: =F8*2% -> 10.305 | M35: =F8-L35 -> 504.945

Sheet Dcreative
A1: Inv Date | B1: RO No | C1: Campaigns | D1: Adunit | E1: Invoice number | F1: Final Amount | G1: Invoice amt | H1: ServiceTax | I1: Cam End date | J1: Due date | K1: Less 2% | L1: Amt Receivable | M1: Amount Received | N1: Amt Received Date | O1: Status | P1: Cheque No
B2: HOME | E2: Monthwise | F2: =SUM(F3:F100) -> 631770.05 | G2: =SUM(G3:G100) -> 550637.1 | H2: =SUM(H3:H100) -> 81132.95 | K2: =SUM(K3:K100) -> 11012.742 | L2: =SUM(L3:L100) -> 620757.31 | M2: =SUM(M3:M100) -> 630817
A3: 24th May 2016 | C3: Hotels | D3: CPM | E3: Dcreative-137-Apr-May-2016 | F3: =SUM(G3:H3) -> 168152.41 | G3: 146858 | H3: =G3*14.5% -> 21294.41 | I3: 42514 | J3: =I3+70 -> 42584 | K3: =G3*2% -> 2937.16 | L3: =F3-K3 -> 165215.25 | M3: =168152 -> 168152 | N3: 7th Sep 2016 | O3: CLEAR | P3: NEFT-PNB
A4: 1st May 2016 | C4: Autoportal | D4: CPV | E4: Dcreative-138-Apr-2016 | F4: =SUM(G4:H4) -> 58147.68 | G4: 50784 | H4: =G4*14.5% -> 7363.68 | I4: 42491 | J4: =I4+70 -> 42561 | K4: =G4*2% -> 1015.68 | L4: =F4-K4 -> 57132 | M4: =58148 -> 58148 | N4: 7th Sep 2016 | O4: CLEAR | P4: NEFT-PNB
A5: 31st May 2016 | C5: Autoportal | D5: CPV | E5: Dcreative-139-May-2016 | F5: =SUM(G5:H5) -> 108638.74 | G5: 94881 | H5: =G5*14.5% -> 13757.745 | I5: 42521 | J5: =I5+70 -> 42591 | K5: =G5*2% -> 1897.62 | L5: =F5-K5 -> 106741.12 | M5: 108638 | N5: 7th Sep 2016 | O5: CLEAR | P5: NEFT-PNB
A6: 30th Jun 2016 | C6: Nokia Lumia 650 | D6: CPV | E6: Dcreative-140-Jun-2016 | F6: =SUM(G6:H6) -> 65780 | G6: =26000*2.2 -> 57200 | H6: =G6*15% -> 8580 | I6: 42551 | J6: =I6+70 -> 42621 | K6: =G6*2% -> 1144 | L6: =F6-K6 -> 64636 | M6: 65780 | N6: 7th Sep 2016 | O6: CLEAR | P6: NEFT-PNB
A7: 12th July 2016 | C7: Microsoft CPV | D7: CPV | E7: Dcreative-141-July-2016 | F7: =SUM(G7:H7) -> 138000 | G7: 120000 | H7: =G7*15% -> 18000 | I7: 42563 | J7: =I7+70 -> 42633 | K7: =G7*2% -> 2400 | L7: =F7-K7 -> 135600 | M7: 138000 | N7: 7th Sep 2016 | O7: CLEAR | P7: NEFT-PNB
A8: 22nd Aug 2016 | C8: BabyChakra | D8: CPV | E8: Dcreative-142-July-2016 | F8: =SUM(G8:H8) -> 13524.69 | G8: =69180*0.17 -> 11760.6 | H8: =G8*15% -> 1764.09 | I8: 42583 | J8: =I8+60 -> 42643 | K8: =G8*2% -> 235.212 | L8: =F8-K8 -> 13289.478 | M8: 13289 | N8: 27th Feb 2017 | O8: CLEAR | P8: NEFT-PNB | Q8: 92031
A9: 14th Dec 2016 | C9: BabyChakra | D9: CPV | E9: Dcreative-143-Nov-2016 | F9: =SUM(G9:H9) -> 41202.775 | G9: =143314*0.25 -> 35828.5 | H9: =G9*15% -> 5374.275 | I9: 42705 | J9: =I9+60 -> 42765 | K9: =G9*2% -> 716.57 | L9: =F9-K9 -> 40486.205 | M9: 40486 | N9: 27th Feb 2017 | O9: CLEAR | P9: NEFT-PNB | Q9: 2850
A10: 6th Feb 2017 | C10: BabyChakra | D10: CPV | E10: Dcreative-144-Dec-2016 | F10: =SUM(G10:H10) -> 38323.75 | G10: 33325 | H10: =G10*15% -> 4998.75 | I10: 42736 | K10: =G10*2% -> 666.5 | L10: =F10-K10 -> 37657.25 | M10: 38324 | N10: 28th July 2017 | O10: CLEAR | P10: NEFT-PNB | Q10: =SUM(Q8:Q9) -> 94881
F11: =SUM(G11:H11) -> 0 | H11: =G11*15% -> 0 | K11: =G11*2% -> 0 | L11: =F11-K11 -> 0
F12: =SUM(G12:H12) -> 0 | H12: =G12*15% -> 0 | K12: =G12*2% -> 0 | L12: =F12-K12 -> 0
F13: =SUM(G13:H13) -> 0 | H13: =G13*15% -> 0 | K13: =G13*2% -> 0 | L13: =F13-K13 -> 0
F14: =SUM(G14:H14) -> 0 | H14: =G14*15% -> 0 | K14: =G14*2% -> 0 | L14: =F14-K14 -> 0
F15: =SUM(G15:H15) -> 0 | H15: =G15*15% -> 0 | K15: =G15*2% -> 0 | L15: =F15-K15 -> 0
F16: =SUM(G16:H16) -> 0 | H16: =G16*15% -> 0 | K16: =G16*2% -> 0 | L16: =F16-K16 -> 0
F17: =SUM(G17:H17) -> 0 | H17: =G17*15% -> 0 | K17: =G17*2% -> 0 | L17: =F17-K17 -> 0
F18: =SUM(G18:H18) -> 0 | H18: =G18*15% -> 0 | K18: =G18*2% -> 0 | L18: =F18-K18 -> 0
F19: =SUM(G19:H19) -> 0 | H19: =G19*15% -> 0 | K19: =G19*2% -> 0 | L19: =F19-K19 -> 0
F20: =SUM(G20:H20) -> 0 | H20: =G20*15% -> 0 | K20: =G20*2% -> 0 | L20: =F20-K20 -> 0
F21: =SUM(G21:H21) -> 0 | H21: =G21*15% -> 0 | K21: =G21*2% -> 0 | L21: =F21-K21 -> 0

Sheet DigiDesk
A1: Inv Date | B1: RO No | C1: Campaigns | D1: Adunit | E1: Invoice number | F1: Final Amount | G1: Invoice amt | H1: ServiceTax | I1: Cam End date | J1: Due date | K1: Less 2% | L1: Amt Receivable | M1: Amount Received | N1: Amt Received Date | O1: Status | P1: Cheque No
A2: 1st Jun 2016 | C2: Vista-Print-CPV | E2: Digidesk Media-017-May-2016 | F2: =SUM(G2:H2) -> 20700 | G2: 18000 | H2: =G2*15% -> 2700 | K2: =G2*2% -> 360 | L2: =F2-K2 -> 20340 | M2: 20340 | N2: 29th Aug 2016 | O2: CLEAR | P2: NEFT HDFC
A3: 9th Jan 2016 | C3: Reliance-CPC | E3: Digidesk Media-019-Dec-2016 | F3: =SUM(G3:H3) -> 15304.2 | G3: 13308 | H3: =G3*15% -> 1996.2 | I3: 43099 | J3: =I3+30 -> 43129 | K3: =G3*2% -> 266.16 | L3: =F3-K3 -> 15038.04 | M3: 15038 | N3: 31st Mar 2017 | O3: CLEAR | P3: NEFT HDFC
F4: =SUM(G4:H4) -> 0 | H4: =G4*15% -> 0 | K4: =G4*2% -> 0 | L4: =F4-K4 -> 0
F5: =SUM(G5:H5) -> 0 | H5: =G5*15% -> 0 | K5: =G5*2% -> 0 | L5: =F5-K5 -> 0
F6: =SUM(G6:H6) -> 0 | H6: =G6*15% -> 0 | K6: =G6*2% -> 0 | L6: =F6-K6 -> 0
F7: =SUM(G7:H7) -> 0 | H7: =G7*15% -> 0 | K7: =G7*2% -> 0 | L7: =F7-K7 -> 0
F8: =SUM(G8:H8) -> 0 | H8: =G8*15% -> 0 | K8: =G8*2% -> 0 | L8: =F8-K8 -> 0
F9: =SUM(G9:H9) -> 0 | H9: =G9*15% -> 0 | K9: =G9*2% -> 0 | L9: =F9-K9 -> 0
F10: =SUM(G10:H10) -> 0 | H10: =G10*15% -> 0 | K10: =G10*2% -> 0 | L10: =F10-K10 -> 0
F11: =SUM(G11:H11) -> 0 | H11: =G11*15% -> 0 | K11: =G11*2% -> 0 | L11: =F11-K11 -> 0
F12: =SUM(G12:H12) -> 0 | H12: =G12*15% -> 0 | K12: =G12*2% -> 0 | L12: =F12-K12 -> 0
F13: =SUM(G13:H13) -> 0 | H13: =G13*15% -> 0 | K13: =G13*2% -> 0 | L13: =F13-K13 -> 0
F14: =SUM(G14:H14) -> 0 | H14: =G14*15% -> 0 | K14: =G14*2% -> 0 | L14: =F14-K14 -> 0
F15: =SUM(G15:H15) -> 0 | H15: =G15*15% -> 0 | K15: =G15*2% -> 0 | L15: =F15-K15 -> 0
... F20: =SUM(G20:H20) -> 0 | H20: =G20*15% -> 0 | K20: =G20*2% -> 0 | L20: =F20-K20 -> 0
E22: HOME | F22: =SUM(F2:F20) -> 36004.2 | G22: =SUM(G2:G20) -> 31308 | H22: =SUM(H2:H20) -> 4696.2 | K22: =SUM(K2:K20) -> 626.16 | L22: =SUM(L2:L20) -> 35378.04 | M22: =SUM(M2:M20) -> 35378
E23: Monthwise

Sheet Opicle
A1: Inv Date | B1: RO No | C1: Campaigns | D1: Adunit | E1: Invoice number | F1: Final Amount | G1: Invoice amt | H1: ServiceTax | I1: Cam End date | J1: Due date | K1: Less 2% | L1: Amt Receivable | M1: Amount Received | N1: Amt Received Date | O1: Status | P1: Cheque No
A2: 30th May 2016 | D2: CPL | E2: OpicleTechnologies-002-Mar-2016 | F2: =SUM(G2:H2) -> 5925.375 | G2: 5175 | H2: =G2*14.5% -> 750.375 | I2: 42520 | J2: =I2+45 -> 42565 | K2: =G2*2% -> 103.5 | L2: =F2-K2 -> 5821.875 | M2: 5822 | N2: 24th Nov 2016 | O2: CLEAR | P2: NEFT-PNB
A3: 15th Jun 2016 | D3: CPL | E3: OpicleTechnologies-003-Apr-2016 | F3: =SUM(G3:H3) -> 20542.45 | G3: 17863 | H3: =G3*15% -> 2679.45 | I3: 42536 | J3: =I3+45 -> 42581 | K3: =G3*2% -> 357.26 | L3: =F3-K3 -> 20185.19 | M3: 20186 | N3: 29th July 2016 | O3: CLEAR | P3: NEFT-PNB
A4: 15th Jul 2016 | D4: CPL | E4: OpicleTechnologies-004-May-2016 | F4: =SUM(G4:H4) -> 77637.65 | G4: 67511 | H4: =G4*15% -> 10126.65 | I4: 42566 | J4: =I4+45 -> 42611 | K4: =G4*2% -> 1350.22 | L4: =F4-K4 -> 76287.43 | M4: 76288 | N4: 29th July 2016 | O4: CLEAR | P4: NEFT-PNB
A5: 24th Aug 2016 | D5: CPL | E5: OpicleTechnologies-005-June-2016 | F5: =SUM(G5:H5) -> 133030.85 | G5: 115679 | H5: =G5*15% -> 17351.85 | I5: 42582 | J5: =I5+45 -> 42627 | K5: =G5*2% -> 2313.58 | L5: =F5-K5 -> 130717.27 | M5: 130716 | N5: 14th Sept 2016 | O5: CLEAR | P5: NEFT-PNB
A6: 9th Sep 2016 | D6: CPL | E6: OpicleTechnologies-006-July-2016 | F6: =SUM(G6:H6) -> 98640.1 | G6: 85774 | H6: =G6*15% -> 12866.1 | I6: 42622 | J6: =I6+45 -> 42667 | K6: =G6*2% -> 1715.48 | L6: =F6-K6 -> 96924.62 | M6: 96925 | N6: 24th Nov 2016 | O6: CLEAR | P6: NEFT-PNB
A7: 20th Oct 2016 | D7: CPL+CPV | E7: OpicleTechnologies-007-Aug-2016 | F7: =SUM(G7:H7) -> 95171.7 | G7: 82758 | H7: =G7*15% -> 12413.7 | I7: 42614 | J7: =I7+45 -> 42659 | K7: =G7*2% -> 1655.16 | L7: =F7-K7 -> 93516.54 | M7: 93517 | N7: 28th Oct 2016 | O7: CLEAR | P7: NEFT-PNB
A8: 21st Nov 2016 | D8: CPL+CPV | E8: OpicleTechnologies-008-Sep-2016 | F8: =SUM(G8:H8) -> 91163.95 | G8: 79273 | H8: =G8*15% -> 11890.95 | I8: 42644 | J8: =I8+45 -> 42689 | K8: =G8*2% -> 1585.46 | L8: =F8-K8 -> 89578.49 | M8: 89579 | N8: 1st Dec 2016 | O8: CLEAR | P8: NEFT-PNB
A9: 22nd Dec 2016 | D9: CPL+CPV | E9: OpicleTechnologies-009-Oct-2016 | F9: =SUM(G9:H9) -> 120831.65 | G9: 105071 | H9: =G9*15% -> 15760.65 | I9: 42675 | J9: =I9+45 -> 42720 | K9: =G9*2% -> 2101.42 | L9: =F9-K9 -> 118730.23 | M9: 118730 | N9: 17th Jan 2017 | O9: CLEAR | P9: NEFT-PNB
A10: 31st Jan 2017 | D10: CPL+CPV | E10: OpicleTechnologies-010-Nov-2016 | F10: =SUM(G10:H10) -> 130169.65 | G10: 113191 | H10: =G10*15% -> 16978.65 | I10: 43070 | J10: =I10+45 -> 43115 | K10: =G10*2% -> 2263.82 | L10: =F10-K10 -> 127905.83 | M10: 127906 | N10: 5th Apr 2017 | O10: CLEAR | P10: NEFT-PNB
F11: =SUM(G11:H11) -> 0 | H11: =G11*15% -> 0 | J11: =I11+45 -> 45 | K11: =G11*2% -> 0 | L11: =F11-K11 -> 0
F12: =SUM(G12:H12) -> 0 | H12: =G12*15% -> 0 | J12: =I12+45 -> 45 | K12: =G12*2% -> 0 | L12: =F12-K12 -> 0
F13: =SUM(G13:H13) -> 0 | H13: =G13*15% -> 0 | J13: =I13+45 -> 45 | K13: =G13*2% -> 0 | L13: =F13-K13 -> 0
F14: =SUM(G14:H14) -> 0 | H14: =G14*15% -> 0 | J14: =I14+45 -> 45 | K14: =G14*2% -> 0 | L14: =F14-K14 -> 0
E16: HOME | F16: =SUM(F2:F14) -> 773113.38 | G16: =SUM(G2:G14) -> 672295 | H16: =SUM(H2:H14) -> 100818.37 | K16: =SUM(K2:K14) -> 13445.9 | L16: =SUM(L2:L14) -> 759667.47 | M16: =SUM(M2:M14) -> 759669
E17: Monthwise

Sheet Aqugen
A1: Inv Date | B1: RO No | C1: Campaigns | D1: Adunit | E1: Invoice number | F1: Final Amount | G1: Invoice amt | H1: ServiceTax | I1: Cam End date | J1: Due date | K1: Less 2% | L1: Amt Receivable | M1: Amount Received | N1: Amt Received Date | O1: Status | P1: Cheque No
A2: 3rd May 2016 | E2: AquGen-010-February-2016 | F2: =SUM(G2:H2) -> 1522.85 | G2: 1330 | H2: =G2*14.5% -> 192.85 | K2: =G2*2% -> 26.6 | L2: =F2-K2 -> 1496.25 | M2: 1496 | N2: 14th June 2016 | O2: CLEAR | P2: NEFT Transfer
A3: 3rd May 2016 | E3: AquGen-011-March-2016 | F3: =SUM(G3:H3) -> 23186.25 | G3: 20250 | H3: =G3*14.5% -> 2936.25 | K3: =G3*2% -> 405 | L3: =F3-K3 -> 22781.25 | M3: 22781 | N3: 14th June 2016 | O3: CLEAR | P3: NEFT Transfer
A4: 4th Aug 2016 | E4: AquGen-012-April-2016 | F4: =SUM(G4:H4) -> 414 | G4: 360 | H4: =G4*15% -> 54 | K4: =G4*2% -> 7.2 | L4: =F4-K4 -> 406.8 | M4: 407 | N4: 19th Sep 2016 | O4: CLEAR | P4: NEFT Transfer
A5: 4th Aug 2016 | E5: AquGen-013-May-2016 | F5: =SUM(G5:H5) -> 3082 | G5: 2680 | H5: =G5*15% -> 402 | K5: =G5*2% -> 53.6 | L5: =F5-K5 -> 3028.4 | M5: 3028 | N5: 19th Sep 2016 | O5: CLEAR | P5: NEFT Transfer
A6: 4th Aug 2016 | E6: AquGen-014-June-2016 | F6: =SUM(G6:H6) -> 70851.5 | G6: 61610 | H6: =G6*15% -> 9241.5 | K6: =G6*2% -> 1232.2 | L6: =F6-K6 -> 69619.3 | M6: 69619 | N6: 19th Sep 2016 | O6: CLEAR | P6: NEFT Transfer
A7: 29th Aug 2016 | E7: AquGen-015-July-2016 | F7: =SUM(G7:H7) -> 31588.2 | G7: 27468 | H7: =G7*15% -> 4120.2 | K7: =G7*2% -> 549.36 | L7: =F7-K7 -> 31038.84 | M7: 31039 | N7: 1st March 2017 | O7: CLEAR | P7: NEFT Transfer
A8: 27th Sep 2016 | E8: AquGen-016-Aug-2016 | F8: =SUM(G8:H8) -> 40884.8 | G8: 35552 | H8: =G8*15% -> 5332.8 | K8: =G8*2% -> 711.04 | L8: =F8-K8 -> 40173.76 | M8: 40174 | N8: 7th Jan 2017 | O8: CLEAR | P8: NEFT Transfer
A9: 13th Dec 2016 | E9: AquGen-017-Sep-2016 | F9: =SUM(G9:H9) -> 48420.75 | G9: 42105 | H9: =G9*15% -> 6315.75 | K9: =G9*2% -> 842.1 | L9: =F9-K9 -> 47578.65 | M9: 47578 | N9: 7th Jan 2017 | O9: CLEAR | P9: NEFT Transfer
A10: 13th Dec 2016 | E10: AquGen-018-Oct-2016 | F10: =SUM(G10:H10) -> 56699.6 | G10: 49304 | H10: =G10*15% -> 7395.6 | K10: =G10*2% -> 986.08 | L10: =F10-K10 -> 55713.52 | M10: 55714 | N10: 1st March 2017 | O10: CLEAR | P10: NEFT Transfer
A11: 11th Jan 2017 | E11: AquGen-019-Nov-2016 | F11: =SUM(G11:H11) -> 88347.6 | G11: 76824 | H11: =G11*15% -> 11523.6 | K11: =G11*2% -> 1536.48 | L11: =F11-K11 -> 86811.12 | M11: 86811 | N11: 21st March 2017 | O11: CLEAR | P11: NEFT Transfer
A12: 7th Mar 2017 | E12: AquGen-020-Dec-2016 | F12: =SUM(G12:H12) -> 5423.4 | G12: 4716 | H12: =G12*15% -> 707.4 | K12: =G12*2% -> 94.32 | L12: =F12-K12 -> 5329.08 | M12: 5329 | N12: 25th Apr 2017 | O12: CLEAR | P12: NEFT Transfer
A13: 7th Mar 2017 | E13: AquGen-021-Jan-2017 | F13: =SUM(G13:H13) -> 10074 | G13: 8760 | H13: =G13*15% -> 1314 | K13: =G13*2% -> 175.2 | L13: =F13-K13 -> 9898.8 | M13: 9899 | N13: 25th Apr 2017 | O13: CLEAR | P13: NEFT Transfer
F14: =SUM(G14:H14) -> 0 | H14: =G14*15% -> 0 | K14: =G14*2% -> 0 | L14: =F14-K14 -> 0
E16: HOME | F16: =SUM(F2:F14) -> 380494.95 | G16: =SUM(G2:G14) -> 330959 | H16: =SUM(H2:H14) -> 49535.95 | K16: =SUM(K2:K14) -> 6619.18 | L16: =SUM(L2:L14) -> 373875.77 | M16: =SUM(M2:M14) -> 373875
E17: Monthwise
N19: =F6*2% -> 1417.03
N20: =F6-N19 -> 69434.47

Sheet Pracharnama
A1: Inv Date | B1: RO No | C1: Campaigns | D1: Adunit | E1: Invoice number | F1: Final Amount | G1: Invoice amt | H1: ServiceTax | I1: Cam End date | J1: Due date | K1: Less 2% | L1: Amt Receivable | M1: Amount Received | N1: Amt Received Date | O1: Status | P1: Cheque No
A2: 13th Feb 2017 | E2: Pracharnama-001-Jan-2017 | F2: =SUM(G2:H2) -> 417875.5 | G2: 363370 | H2: =G2*15% -> 54505.5 | K2: =G2*2% -> 7267.4 | L2: =F2-K2 -> 410608.1
E3: Pracharnama-001-Jan-2017 | F3: =SUM(G3:H3) -> 3105 | G3: 2700 | H3: =G3*15% -> 405 | K3: =G3*2% -> 54 | L3: =F3-K3 -> 3051 | M3: 3051 | N3: 21st July 2017 | O3: CLEAR | P3: NEFT-PNB
C4: Honda | D4: CPV | E4: Pracharnama-002-Feb-2017 | F4: =SUM(G4:H4) -> 176439.9 | G4: 153426 | H4: =G4*15% -> 23013.9 | K4: =G4*2% -> 3068.52 | L4: =F4-K4 -> 173371.38 | M4: 173371 | N4: 21st March 2018 | O4: CLEAR | P4: NEFT-PNB
D5: CPL | E5: Pracharnama-003-Jan-2017 | F5: =SUM(G5:H5) -> 49473 | G5: 43020 | H5: =G5*15% -> 6453 | K5: =G5*2% -> 860.4 | L5: =F5-K5 -> 48612.6 | M5: 48613 | N5: 21st July 2017 | O5: CLEAR | P5: NEFT-PNB
F6: =SUM(G6:H6) -> 0 | H6: =G6*15% -> 0 | K6: =G6*2% -> 0 | L6: =F6-K6 -> 0
F7: =SUM(G7:H7) -> 0 | H7: =G7*15% -> 0 | K7: =G7*2% -> 0 | L7: =F7-K7 -> 0
F8: =SUM(G8:H8) -> 0 | H8: =G8*15% -> 0 | K8: =G8*2% -> 0 | L8: =F8-K8 -> 0
F9: =SUM(G9:H9) -> 0 | H9: =G9*15% -> 0 | K9: =G9*2% -> 0 | L9: =F9-K9 -> 0
F10: =SUM(G10:H10) -> 0 | H10: =G10*15% -> 0 | K10: =G10*2% -> 0 | L10: =F10-K10 -> 0
F11: =SUM(G11:H11) -> 0 | H11: =G11*15% -> 0 | K11: =G11*2% -> 0 | L11: =F11-K11 -> 0
F12: =SUM(G12:H12) -> 0 | H12: =G12*15% -> 0 | K12: =G12*2% -> 0 | L12: =F12-K12 -> 0
E14: HOME | F14: =SUM(F2:F12) -> 646893.4 | G14: =SUM(G2:G12) -> 562516 | H14: =SUM(H2:H12) -> 84377.4 | K14: =SUM(K2:K12) -> 11250.32 | L14: =SUM(L2:L12) -> 635643.08 | M14: =SUM(M2:M12) -> 225035
E15: Monthwise
N17: =#REF!*2% -> #REF!
N18: =#REF!-N17 -> #REF!

Sheet Catalyst
A1: Inv Date | B1: RO No | C1: Campaigns | D1: Adunit | E1: Invoice number | F1: Final Amount | G1: Invoice amt | H1: ServiceTax | I1: Cam End date | J1: Due date | K1: Less 2% | L1: Amt Receivable | M1: Amount Received | N1: Amt Received Date | O1: Status | P1: Cheque No
A2: 29th Nov 2016 | E2: Catalyst-001-Sep-2016 | F2: =SUM(G2:H2) -> 27418.3 | G2: 23842 | H2: =G2*15% -> 3576.3 | K2: =G2*2% -> 476.84 | L2: =F2-K2 -> 26941.46 | M2: 26941 | N2: 22nd Dec 2016 | O2: CLEAR | P2: NEFT Transfer
A3: 6th Feb 2017 | E3: Catalyst-002-Nov-2016 | F3: =SUM(G3:H3) -> 7417.5 | G3: 6450 | H3: =G3*15% -> 967.5 | K3: =G3*2% -> 129 | L3: =F3-K3 -> 7288.5 | M3: 7289 | N3: 3rd June 2017 | O3: CLEAR | P3: NEFT-PNB
F4: =SUM(G4:H4) -> 0 | H4: =G4*15% -> 0 | K4: =G4*2% -> 0 | L4: =F4-K4 -> 0
F5: =SUM(G5:H5) -> 0 | H5: =G5*15% -> 0 | K5: =G5*2% -> 0 | L5: =F5-K5 -> 0
F6: =SUM(G6:H6) -> 0 | H6: =G6*15% -> 0 | K6: =G6*2% -> 0 | L6: =F6-K6 -> 0
F7: =SUM(G7:H7) -> 0 | H7: =G7*15% -> 0 | K7: =G7*2% -> 0 | L7: =F7-K7 -> 0
F8: =SUM(G8:H8) -> 0 | H8: =G8*15% -> 0 | K8: =G8*2% -> 0 | L8: =F8-K8 -> 0
F9: =SUM(G9:H9) -> 0 | H9: =G9*15% -> 0 | K9: =G9*2% -> 0 | L9: =F9-K9 -> 0
F10: =SUM(G10:H10) -> 0 | H10: =G10*15% -> 0 | K10: =G10*2% -> 0 | L10: =F10-K10 -> 0
F11: =SUM(G11:H11) -> 0 | H11: =G11*15% -> 0 | K11: =G11*2% -> 0 | L11: =F11-K11 -> 0
F12: =SUM(G12:H12) -> 0 | H12: =G12*15% -> 0 | K12: =G12*2% -> 0 | L12: =F12-K12 -> 0
F13: =SUM(G13:H13) -> 0 | H13: =G13*15% -> 0 | K13: =G13*2% -> 0 | L13: =F13-K13 -> 0
E15: HOME | F15: =SUM(F2:F13) -> 34835.8 | G15: =SUM(G2:G13) -> 30292 | H15: =SUM(H2:H13) -> 4543.8 | K15: =SUM(K2:K13) -> 605.84 | L15: =SUM(L2:L13) -> 34229.96 | M15: =SUM(M2:M13) -> 34230
E16: Monthwise

Sheet HTTPOOL
A1: Inv Date | B1: RO No | C1: Campaigns | D1: Adunit | E1: Invoice number | F1: Final Amount | G1: Invoice amt | H1: ServiceTax | I1: Cam End date | J1: Due date | K1: Less 2% | L1: Amt Receivable | M1: Amount Received | N1: Amt Received Date | O1: Status | P1: Cheque No
A2: 2nd May 2016 | E2: Httpool-0001-March-2016 | F2: =SUM(G2:H2) -> 29907.4 | G2: 26120 | H2: =G2*14.5% -> 3787.4 | I2: 42492 | J2: =I2+45 -> 42537 | K2: =G2*2% -> 522.4 | L2: =F2-K2 -> 29385 | M2: 29907 | N2: 18th Jul 2016 | O2: CLEAR | P2: NEFT-PNB
A3: 5th Sep 2016 | E3: Httpool-0002-June-2016 | F3: =SUM(G3:H3) -> 119521.8 | G3: 103932 | H3: =G3*15% -> 15589.8 | I3: 42618 | J3: Immediate | K3: =G3*2% -> 2078.64 | L3: =F3-K3 -> 117443.16 | M3: 117443 | N3: 7th Sep 2016 | O3: CLEAR | P3: NEFT-PNB
F4: =SUM(G4:H4) -> 0 | H4: =G4*15% -> 0 | K4: =G4*2% -> 0 | L4: =F4-K4 -> 0
F5: =SUM(G5:H5) -> 0 | H5: =G5*15% -> 0 | K5: =G5*2% -> 0 | L5: =F5-K5 -> 0
F6: =SUM(G6:H6) -> 0 | H6: =G6*15% -> 0 | K6: =G6*2% -> 0 | L6: =F6-K6 -> 0
F7: =SUM(G7:H7) -> 0 | H7: =G7*15% -> 0 | K7: =G7*2% -> 0 | L7: =F7-K7 -> 0
F8: =SUM(G8:H8) -> 0 | H8: =G8*15% -> 0 | K8: =G8*2% -> 0 | L8: =F8-K8 -> 0
F9: =SUM(G9:H9) -> 0 | H9: =G9*15% -> 0 | K9: =G9*2% -> 0 | L9: =F9-K9 -> 0
F10: =SUM(G10:H10) -> 0 | H10: =G10*15% -> 0 | K10: =G10*2% -> 0 | L10: =F10-K10 -> 0
F11: =SUM(G11:H11) -> 0 | H11: =G11*15% -> 0 | K11: =G11*2% -> 0 | L11: =F11-K11 -> 0
F12: =SUM(G12:H12) -> 0 | H12: =G12*15% -> 0 | K12: =G12*2% -> 0 | L12: =F12-K12 -> 0
F13: =SUM(G13:H13) -> 0 | H13: =G13*15% -> 0 | K13: =G13*2% -> 0 | L13: =F13-K13 -> 0
E15: HOME | F15: =SUM(F2:F13) -> 149429.2 | G15: =SUM(G2:G13) -> 130052 | H15: =SUM(H2:H13) -> 19377.2 | K15: =SUM(K2:K13) -> 2601.04 | L15: =SUM(L2:L13) -> 146828.16 | M15: =SUM(M2:M13) -> 147350
E16: Monthwise

Sheet Sense Digital
A1: Inv Date | B1: RO No | C1: Campaigns | D1: Adunit | E1: Invoice number | F1: Final Amount | G1: Invoice amt | H1: ServiceTax | I1: Cam End date | J1: Due date | K1: Less 2% | L1: Amt Receivable | M1: Amount Received | N1: Amt Received Date | O1: Status | P1: Cheque No
A2: 26th Jun 2015 | E2: Sense-Digital-003-Mar-2016 | F2: =SUM(G2:H2) -> 1304.1 | G2: 1134 | H2: =G2*15% -> 170.1 | K2: =G2*2% -> 22.68 | L2: =F2-K2 -> 1281.42 | M2: 1242 | N2: 20th Jul 2016 | O2: CLEAR | P2: NEFT-PNB
A3: 26th Jun 2015 | E3: Sense-Digital-004-April-2016 | F3: =SUM(G3:H3) -> 4168.75 | G3: 3625 | H3: =G3*15% -> 543.75 | K3: =G3*2% -> 72.5 | L3: =F3-K3 -> 4096.25 | M3: 4058 | N3: 20th Jul 2016 | O3: CLEAR | P3: NEFT-PNB
A4: 24th Aug 2016 | E4: Sense-Digital-005-May-2016 | F4: =SUM(G4:H4) -> 15995.35 | G4: 13909 | H4: =G4*15% -> 2086.35 | K4: =G4*2% -> 278.18 | L4: =F4-K4 -> 15717.17 | M4: 15717 | N4: 21st Oct 2016 | O4: CLEAR | P4: NEFT-PNB
A5: 24th Aug 2016 | E5: Sense-Digital-006-June-2016 | F5: =SUM(G5:H5) -> 10074 | G5: 8760 | H5: =G5*15% -> 1314 | K5: =G5*2% -> 175.2 | L5: =F5-K5 -> 9898.8 | M5: 9899 | N5: 24th May 2017 | O5: CLEAR | P5: NEFT-PNB
F6: =SUM(G6:H6) -> 0 | H6: =G6*15% -> 0 | K6: =G6*2% -> 0 | L6: =F6-K6 -> 0
F7: =SUM(G7:H7) -> 0 | H7: =G7*15% -> 0 | K7: =G7*2% -> 0 | L7: =F7-K7 -> 0
F8: =SUM(G8:H8) -> 0 | H8: =G8*15% -> 0 | K8: =G8*2% -> 0 | L8: =F8-K8 -> 0
F9: =SUM(G9:H9) -> 0 | H9: =G9*15% -> 0 | K9: =G9*2% -> 0 | L9: =F9-K9 -> 0
F10: =SUM(G10:H10) -> 0 | H10: =G10*15% -> 0 | K10: =G10*2% -> 0 | L10: =F10-K10 -> 0
F11: =SUM(G11:H11) -> 0 | H11: =G11*15% -> 0 | K11: =G11*2% -> 0 | L11: =F11-K11 -> 0
F12: =SUM(G12:H12) -> 0 | H12: =G12*15% -> 0 | K12: =G12*2% -> 0 | L12: =F12-K12 -> 0
F13: =SUM(G13:H13) -> 0 | H13: =G13*15% -> 0 | K13: =G13*2% -> 0 | L13: =F13-K13 -> 0
F14: =SUM(G14:H14) -> 0 | H14: =G14*15% -> 0 | K14: =G14*2% -> 0 | L14: =F14-K14 -> 0
E16: HOME | F16: =SUM(F2:F14) -> 31542.2 | G16: =SUM(G2:G14) -> 27428 | H16: =SUM(H2:H14) -> 4114.2 | K16: =SUM(K2:K14) -> 548.56 | L16: =SUM(L2:L14) -> 30993.64 | M16: =SUM(M2:M14) -> 30916
E17: Monthwise
O19: =78/2 -> 39 | P19: =L2-O19 -> 1242.42
P20: =L3-O19 -> 4057.25

Sheet AD2Click
A1: Inv Date | B1: RO No | C1: Campaigns | D1: Adunit | E1: Invoice number | F1: Final Amount | G1: Invoice amt | H1: ServiceTax | I1: Cam End date | J1: Due date | K1: Less 2% | L1: Amt Receivable | M1: Amount Received | N1: Amt Received Date | O1: Status | P1: Cheque No
A2: 13th Apr 2016 | C2: CPL | E2: Ad2click -001-Feb-2016 | F2: =SUM(G2:H2) -> 4694.5 | G2: 4100 | H2: =G2*14.5% -> 594.5 | I2: 42492 | J2: =I2+60 -> 42552 | K2: =G2*2% -> 82 | L2: =F2-K2 -> 4612.5 | M2: 4613 | N2: 16th May 2016 | O2: CLEAR | P2: NEFT-PNB
A3: 20th Oct 2016 | C3: CPL | E3: Ad2click -002-Jul-2016 | F3: =SUM(G3:H3) -> 3266 | G3: 2840 | H3: =G3*15% -> 426 | K3: =G3*2% -> 56.8 | L3: =F3-K3 -> 3209.2 | M3: 3209 | N3: 27th Jan 2017 | O3: CLEAR | P3: NEFT-PNB
A4: 11th Nov 2016 | C4: CPL | E4: Ad2click -003-Sep-2016 | F4: =SUM(G4:H4) -> 17066 | G4: 14840 | H4: =G4*15% -> 2226 | I4: 42645 | J4: =I4+60 -> 42705 | K4: =G4*2% -> 296.8 | L4: =F4-K4 -> 16769.2 | M4: 16769 | N4: 15th Dec 2016 | O4: CLEAR | P4: NEFT-PNB
F5: =SUM(G5:H5) -> 0 | H5: =G5*15% -> 0 | K5: =G5*2% -> 0 | L5: =F5-K5 -> 0
F6: =SUM(G6:H6) -> 0 | H6: =G6*15% -> 0 | K6: =G6*2% -> 0 | L6: =F6-K6 -> 0
F7: =SUM(G7:H7) -> 0 | H7: =G7*15% -> 0 | K7: =G7*2% -> 0 | L7: =F7-K7 -> 0
F8: =SUM(G8:H8) -> 0 | H8: =G8*15% -> 0 | K8: =G8*2% -> 0 | L8: =F8-K8 -> 0
F9: =SUM(G9:H9) -> 0 | H9: =G9*15% -> 0 | K9: =G9*2% -> 0 | L9: =F9-K9 -> 0
F10: =SUM(G10:H10) -> 0 | H10: =G10*15% -> 0 | K10: =G10*2% -> 0 | L10: =F10-K10 -> 0
F11: =SUM(G11:H11) -> 0 | H11: =G11*15% -> 0 | K11: =G11*2% -> 0 | L11: =F11-K11 -> 0
F12: =SUM(G12:H12) -> 0 | H12: =G12*15% -> 0 | K12: =G12*2% -> 0 | L12: =F12-K12 -> 0
F13: =SUM(G13:H13) -> 0 | H13: =G13*15% -> 0 | K13: =G13*2% -> 0 | L13: =F13-K13 -> 0
E15: HOME | F15: =SUM(F2:F13) -> 25026.5 | G15: =SUM(G2:G13) -> 21780 | H15: =SUM(H2:H13) -> 3246.5 | K15: =SUM(K2:K13) -> 435.6 | L15: =SUM(L2:L13) -> 24590.9 | M15: =SUM(M2:M13) -> 24591
E16: Monthwise

Sheet Vertoz
A1: Inv Date | B1: RO No | C1: Campaigns | D1: Adunit | E1: Invoice number | F1: Final Amount | G1: Invoice amt | H1: ServiceTax | I1: Cam End date | J1: Due date | K1: Less 2% | L1: Amt Receivable | M1: Amount Received | N1: Amt Received Date | O1: Status | P1: Cheque No
A2: 31st May 2016 | C2: Jal Daan | E2: Vertoz-0001-May-2016 | F2: =SUM(G2:H2) -> 4997.925 | G2: =2910*1.5 -> 4365 | H2: =G2*14.5% -> 632.925 | I2: 42521 | J2: =I2+45 -> 42566 | K2: =G2*2% -> 87.3 | L2: =F2-K2 -> 4910.625 | M2: 4910 | N2: 16th Jul 2016 | O2: CLEAR | P2: NEFT Transfer
A3: 7th Jul 2016 | C3: Jal Daan | E3: Vertoz-0002-Jun-2016 | F3: =SUM(G3:H3) -> 3393.075 | G3: =1967*1.5 -> 2950.5 | H3: =G3*15% -> 442.575 | I3: 42558 | J3: =I3+45 -> 42603 | K3: =G3*2% -> 59.01 | L3: =F3-K3 -> 3334.065 | M3: 3334 | N3: 25th Aug 2016 | O3: CLEAR | P3: NEFT Transfer
A4: 20th Oct 2016 | C4: CPC+CPV | E4: Vertoz-0003-Sep-2016 | F4: =SUM(G4:H4) -> 22538.85 | G4: 19599 | H4: =G4*15% -> 2939.85 | I4: 42647 | J4: =I4+45 -> 42692 | K4: =G4*2% -> 391.98 | L4: =F4-K4 -> 22146.87 | M4: 22146 | N4: 13th Jan 2017 | O4: CLEAR | P4: NEFT Transfer
A5: 29th Nov 2016 | C5: CPC+CPV | E5: Vertoz-0004-Oct-2016 | F5: =SUM(G5:H5) -> 59811.5 | G5: 52010 | H5: =G5*15% -> 7801.5 | I5: 42675 | J5: =I5+45 -> 42720 | K5: =G5*2% -> 1040.2 | L5: =F5-K5 -> 58771.3 | M5: 58771 | N5: 15th Feb 2017 | O5: CLEAR | P5: NEFT Transfer
A6: 9th Jan 2017 | C6: CPC+CPV | E6: Vertoz-0005-Dec-2016 | F6: =SUM(G6:H6) -> 225034.3 | G6: 195682 | H6: =G6*15% -> 29352.3 | I6: 43100 | J6: =I6+45 -> 43145 | K6: =G6*2% -> 3913.64 | L6: =F6-K6 -> 221120.66 | M6: 221121 | N6: 13th Apr 2017 | O6: CLEAR | P6: NEFT Transfer
A7: 6th Feb 2017 | C7: Discovery | D7: CPV | E7: Vertoz-0006-Discovery | F7: =SUM(G7:H7) -> 3574.2 | G7: 3108 | H7: =G7*15% -> 466.2 | I7: 42772 | J7: =I7+45 -> 42817 | K7: =G7*2% -> 62.16 | L7: =F7-K7 -> 3512.04 | M7: 3512 | N7: 13th Apr 2017 | O7: CLEAR | P7: NEFT Transfer
A8: 23rd Feb 2017 | C8: CPL | E8: Vertoz-0007-Jan-2017 | F8: =SUM(G8:H8) -> 51462.5 | G8: 44750 | H8: =G8*15% -> 6712.5 | I8: 42767 | J8: =I8+45 -> 42812 | K8: =G8*2% -> 895 | L8: =F8-K8 -> 50567.5 | M8: 50568 | N8: 13th Apr 2017 | O8: CLEAR | P8: NEFT Transfer
F9: =SUM(G9:H9) -> 0 | H9: =G9*15% -> 0 | J9: =I9+45 -> 45 | K9: =G9*2% -> 0 | L9: =F9-K9 -> 0
F10: =SUM(G10:H10) -> 0 | H10: =G10*15% -> 0 | J10: =I10+45 -> 45 | K10: =G10*2% -> 0 | L10: =F10-K10 -> 0
F11: =SUM(G11:H11) -> 0 | H11: =G11*15% -> 0 | J11: =I11+45 -> 45 | K11: =G11*2% -> 0 | L11: =F11-K11 -> 0
F12: =SUM(G12:H12) -> 0 | H12: =G12*15% -> 0 | J12: =I12+45 -> 45 | K12: =G12*2% -> 0 | L12: =F12-K12 -> 0
F13: =SUM(G13:H13) -> 0 | H13: =G13*15% -> 0 | J13: =I13+45 -> 45 | K13: =G13*2% -> 0 | L13: =F13-K13 -> 0
E15: HOME | F15: =SUM(F2:F13) -> 370812.35 | G15: =SUM(G2:G13) -> 322464.5 | H15: =SUM(H2:H13) -> 48347.85 | K15: =SUM(K2:K13) -> 6449.29 | L15: =SUM(L2:L13) -> 364363.06 | M15: =SUM(M2:M13) -> 364362
E16: Monthwise
N17: =L3-M3 -> 0.065 | P17: 203458
P18: 16759.68
M19: 84275 | P19: =SUM(P17:P18) -> 220217.68
M20: 10628
M21: =SUM(M19:M20) -> 94903

Sheet Mobinet
A1: Inv Date | B1: RO No | C1: Campaigns | D1: Adunit | E1: Invoice number | F1: Final Amount | G1: Invoice amt | H1: ServiceTax | I1: Cam End date | J1: Due date | K1: Less 2% | L1: Amt Receivable | M1: Amount Received | N1: Amt Received Date | O1: Status | P1: Cheque No
A2: 12th July 2016 | C2: Godrej-AER | D2: CPM | E2: Mobinet-001-July-2016 | F2: =SUM(G2:H2) -> 56267.137 | G2: =515031/1000*95 -> 48927.945 | H2: =G2*15% -> 7339.1917 | I2: 42563 | J2: =I2+30 -> 42593 | K2: =G2*2% -> 978.5589 | L2: =F2-K2 -> 55288.578 | M2: 55288 | N2: 9th Aug 2016 | O2: CLEAR | P2: NEFT-PNB
A3: 6th Oct 2016 | C3: Godrej Protekt | D3: CPM | E3: Mobinet-002-Aug-2016 | F3: =SUM(G3:H3) -> 86110.16 | G3: =748784/1000*100 -> 74878.4 | H3: =G3*15% -> 11231.76 | J3: Immediate | K3: =G3*2% -> 1497.568 | L3: =F3-K3 -> 84612.592 | M3: 84612 | N3: 14th Oct 2016 | O3: CLEAR | P3: NEFT-PNB
A4: 6th Oct 2016 | C4: Godrej Expert | D4: CPM | E4: Mobinet-003-Aug-2016 | F4: =SUM(G4:H4) -> 87400 | G4: =800000/1000*95 -> 76000 | H4: =G4*15% -> 11400 | J4: Immediate | K4: =G4*2% -> 1520 | L4: =F4-K4 -> 85880 | M4: 85880 | N4: 26th Oct 2016 | O4: CLEAR | P4: NEFT-PNB
A5: 6th Oct 2016 | C5: Godrej Masterblaster | D5: CPM | E5: Mobinet-004-Sep-2016 | F5: =SUM(G5:H5) -> 103500 | G5: =1000000/1000*90 -> 90000 | H5: =G5*15% -> 13500 | J5: Immediate | K5: =G5*2% -> 1800 | L5: =F5-K5 -> 101700 | M5: 101700 | N5: 17th Nov 2016 | O5: CLEAR | P5: NEFT-PNB
A6: 11th Nov 2016 | C6: Milton | D6: CPV | E6: Mobinet-005-Oct-2016 | F6: =SUM(G6:H6) -> 71875 | G6: =250000*0.25 -> 62500 | H6: =G6*15% -> 9375 | I6: 42675 | J6: =I6+30 -> 42705 | K6: =G6*2% -> 1250 | L6: =F6-K6 -> 70625 | M6: 70625 | N6: 9th Feb 2017 | O6: CLEAR | P6: NEFT-PNB
A7: 29th Nov 2016 | C7: Adidas | D7: CPM | E7: Mobinet-006-Nov-2016 | F7: =SUM(G7:H7) -> 153525 | G7: 133500 | H7: =G7*15% -> 20025 | I7: 42694 | J7: =I7+30 -> 42724 | K7: =G7*2% -> 2670 | L7: =F7-K7 -> 150855 | M7: 150855 | N7: 30th Jan 2017 | O7: CLEAR | P7: NEFT-PNB
A8: 9th Jan 2017 | C8: Godrej-Hit-Cik | D8: CPM | E8: Mobinet-007-Dec-2016 | F8: =SUM(G8:H8) -> 76475 | G8: 66500 | H8: =G8*15% -> 9975 | I8: 43100 | J8: =I8+30 -> 43130 | K8: =G8*2% -> 1330 | L8: =F8-K8 -> 75145 | M8: 75145 | N8: 30th Mar 2017 | O8: CLEAR | P8: NEFT-PNB
A9: 31st Jan 2017 | C9: Godrej-Protekt-Master-Blaster | D9: CPM | E9: Mobinet-008-Dec-2016 | F9: =SUM(G9:H9) -> 38756.15 | G9: 33701 | H9: =G9*15% -> 5055.15 | J9: Immediate | K9: =G9*2% -> 674.02 | L9: =F9-K9 -> 38082.13 | M9: 38082 | N9: 30th Mar 2017 | O9: CLEAR | P9: NEFT-PNB
A10: 20th Feb 2017 | C10: Airtel-4G Handset | D10: CPM | E10: Mobinet-009-Jan-2017 | F10: =SUM(G10:H10) -> 319635.6 | G10: 277944 | H10: =G10*15% -> 41691.6 | I10: 42774 | J10: =I10+30 -> 42804 | K10: =G10*2% -> 5558.88 | L10: =F10-K10 -> 314076.72
A11: 20th Feb 2017 | C11: Non-Airtel-4G Handset | D11: CPM | E11: Mobinet-010-Jan-2017 | F11: =SUM(G11:H11) -> 327750 | G11: 285000 | H11: =G11*15% -> 42750 | I11: 42774 | J11: =I11+30 -> 42804 | K11: =G11*2% -> 5700 | L11: =F11-K11 -> 322050
A12: 23rd Feb 2017 | C12: Tata-Salt-Lite-Desktop-Mobile | D12: CPV | E12: Mobinet-011-Dec-2016 | F12: =SUM(G12:H12) -> 276000 | G12: 240000 | H12: =G12*15% -> 36000 | J12: Immediate | K12: =G12*2% -> 4800 | L12: =F12-K12 -> 271200
A13: 23rd Feb 2017 | C13: Tata-Masaleddar | D13: CPM | E13: Mobinet-012-Dec-2016 | F13: =SUM(G13:H13) -> 65550 | G13: 57000 | H13: =G13*15% -> 8550 | J13: Immediate | K13: =G13*2% -> 1140 | L13: =F13-K13 -> 64410 | M13: 64410 | N13: 27th June 2017 | O13: CLEAR | P13: NEFT-PNB
F14: =SUM(G14:H14) -> 0 | H14: =G14*15% -> 0 | K14: =G14*2% -> 0 | L14: =F14-K14 -> 0
F15: =SUM(G15:H15) -> 0 | H15: =G15*15% -> 0 | K15: =G15*2% -> 0 | L15: =F15-K15 -> 0
E17: HOME | F17: =SUM(F2:F15) -> 1662844 | G17: =SUM(G2:G15) -> 1445951.3 | H17: =SUM(H2:H15) -> 216892.7 | K17: =SUM(K2:K15) -> 28919.027 | L17: =SUM(L2:L15) -> 1633925 | M17: =SUM(M2:M15) -> 726597
E18: Monthwise

Sheet OptiMidea
A1: Inv Date | B1: RO No | C1: Campaigns | D1: Adunit | E1: Invoice number | F1: Final Amount | G1: Invoice amt | H1: ServiceTax | I1: Cam End date | J1: Due date | K1: Less 2% | L1: Amt Receivable | M1: Amount Received | N1: Amt Received Date | O1: Status | P1: Cheque No
A2: 22nd Aug 2016 | D2: Branding | E2: OptiMidea-001-July-2016 | F2: =SUM(G2:H2) -> 75856.3 | G2: 65962 | H2: =G2*15% -> 9894.3 | I2: 42583 | J2: =I2+30 -> 42613 | K2: =G2*2% -> 1319.24 | L2: =F2-K2 -> 74537.06 | M2: 74549 | N2: 7th Oct 2016 | O2: CLEAR | P2: NEFT-PNB
A3: 20th Oct 2016 | D3: Branding + CPL | E3: OptiMidea-002-Aug-2016 | F3: =SUM(G3:H3) -> 412590.1 | G3: 358774 | H3: =G3*15% -> 53816.1 | I3: 42614 | J3: =I3+30 -> 42644 | K3: =G3*2% -> 7175.48 | L3: =F3-K3 -> 405414.62 | M3: 405415 | N3: 3rd Nov 2016 | O3: CLEAR | P3: NEFT-PNB
A4: 11th Nov 2016 | D4: Branding + CPL | E4: OptiMidea-003-Sep-2016 | F4: =SUM(G4:H4) -> 35137.1 | G4: 30554 | H4: =G4*15% -> 4583.1 | I4: 42676 | J4: =I4+30 -> 42706 | K4: =G4*2% -> 611.08 | L4: =F4-K4 -> 34526.02 | M4: 34526 | N4: 30th Nov 2016 | O4: CLEAR | P4: NEFT-PNB
A5: 2nd Jan 2017 | E5: OptiMidea-004-Oct-2016 | F5: =SUM(G5:H5) -> 327958.15 | G5: 285181 | H5: =G5*15% -> 42777.15 | J5: =I5+30 -> 30 | K5: =G5*2% -> 5703.62 | L5: =F5-K5 -> 322254.53 | M5: 322254 | N5: 3rd Jan 2017 | O5: CLEAR | P5: NEFT-PNB
A6: 23rd Jan 2017 | E6: OptiMidea-005-Nov-2016 | F6: =SUM(G6:H6) -> 146689.4 | G6: 127556 | H6: =G6*15% -> 19133.4 | J6: =I6+30 -> 30 | K6: =G6*2% -> 2551.12 | L6: =F6-K6 -> 144138.28 | M6: 144139 | N6: 22nd Feb 2017 | O6: CLEAR | P6: NEFT-PNB
A7: 7th Mar 2017 | D7: Branding + CPL | E7: OptiMidea-006-Dec-2016 | F7: =SUM(G7:H7) -> 275379 | G7: 239460 | H7: =G7*15% -> 35919 | J7: =I7+30 -> 30 | K7: =G7*2% -> 4789.2 | L7: =F7-K7 -> 270589.8 | M7: 270590 | N7: 30th Mar 2017 | O7: CLEAR | P7: NEFT-PNB
F8: =SUM(G8:H8) -> 0 | H8: =G8*15% -> 0 | J8: =I8+30 -> 30 | K8: =G8*2% -> 0 | L8: =F8-K8 -> 0
F9: =SUM(G9:H9) -> 0 | H9: =G9*15% -> 0 | J9: =I9+30 -> 30 | K9: =G9*2% -> 0 | L9: =F9-K9 -> 0 | Q9: 2-different cheques
F10: =SUM(G10:H10) -> 0 | H10: =G10*15% -> 0 | J10: =I10+30 -> 30 | K10: =G10*2% -> 0 | L10: =F10-K10 -> 0
E14: HOME | F14: =SUM(F2:F12) -> 1273610 | G14: =SUM(G2:G12) -> 1107487 | H14: =SUM(H2:H12) -> 166123.05 | K14: =SUM(K2:K12) -> 22149.74 | L14: =SUM(L2:L12) -> 1251460.3 | M14: =SUM(M2:M12) -> 1251473 | N14: =L14-M14 -> -12.69
E15: Monthwise

Sheet CTN
A1: Inv Date | B1: RO No | C1: Campaigns | D1: Adunit | E1: Invoice number | F1: Final Amount | G1: Invoice amt | H1: ServiceTax | I1: Cam End date | J1: Due date | K1: Less 2% | L1: Amt Receivable | M1: Amount Received | N1: Amt Received Date | O1: Status | P1: Cheque No
A2: 24th Aug 2016 | D2: Branding | E2: CTN-001-June-2016 | F2: =SUM(G2:H2) -> 10143 | G2: 8820 | H2: =G2*15% -> 1323 | K2: =G2*2% -> 176.4 | L2: =F2-K2 -> 9966.6 | M2: 9967 | N2: 19th Oct 2016 | O2: CLEAR | P2: NEFT-PNB
A3: 20th Oct 2016 | D3: CPL+CPV | E3: CTN-002-Sep-2016 | F3: =SUM(G3:H3) -> 39746.3 | G3: 34562 | H3: =G3*15% -> 5184.3 | I3: 42647 | J3: =I3+45 -> 42692 | K3: =G3*2% -> 691.24 | L3: =F3-K3 -> 39055.06 | M3: 39055 | N3: 23rd Feb 2017 | O3: CLEAR | P3: NEFT-PNB
A4: 29th Nov 2016 | D4: CPL+CPV | E4: CTN-003-Nov-2016 | F4: =SUM(G4:H4) -> 79068.25 | G4: 68755 | H4: =G4*15% -> 10313.25 | I4: 42684 | J4: =I4+45 -> 42729 | K4: =G4*2% -> 1375.1 | L4: =F4-K4 -> 77693.15 | M4: 77693 | N4: 31st July 2017 | O4: CLEAR | P4: NEFT-PNB
A5: 12th Jan 2017 | C5: Wagon-R | D5: CPV | E5: CTN-004-Dec-2016 | F5: =SUM(G5:H5) -> 24982.6 | G5: 21724 | H5: =G5*15% -> 3258.6 | I5: 42737 | J5: =I5+45 -> 42782 | K5: =G5*2% -> 434.48 | L5: =F5-K5 -> 24548.12 | M5: 24548 | N5: 4th Oct 2017 | O5: CLEAR | P5: NEFT-PNB
A6: 13th Feb 2017 | D6: CPL | E6: CTN-005-Oct-2016 | F6: =SUM(G6:H6) -> 8625 | G6: 7500 | H6: =G6*15% -> 1125 | K6: =G6*2% -> 150 | L6: =F6-K6 -> 8475 | M6: 8475 | N6: 1st Nov 2017 | O6: CLEAR | P6: NEFT-PNB
A7: 13th Feb 2017 | C7: HDFC-Life-C2PP | D7: CPL | E7: CTN-006-Nov-2016 | F7: =SUM(G7:H7) -> 7130 | G7: 6200 | H7: =G7*15% -> 930 | K7: =G7*2% -> 124 | L7: =F7-K7 -> 7006 | M7: 7006 | O7: CLEAR | P7: NEFT-PNB
A8: 13th Feb 2017 | C8: HDFC-Life-C2PP | D8: CPL | E8: CTN-007-Dec-2016 | F8: =SUM(G8:H8) -> 13225 | G8: 11500 | H8: =G8*15% -> 1725 | K8: =G8*2% -> 230 | L8: =F8-K8 -> 12995 | M8: 12995 | O8: CLEAR | P8: NEFT-PNB
F9: =SUM(G9:H9) -> 0 | H9: =G9*15% -> 0 | K9: =G9*2% -> 0 | L9: =F9-K9 -> 0 | Q9: 2-different cheques
F10: =SUM(G10:H10) -> 0 | H10: =G10*15% -> 0 | K10: =G10*2% -> 0 | L10: =F10-K10 -> 0
E14: HOME | F14: =SUM(F2:F12) -> 182920.15 | G14: =SUM(G2:G12) -> 159061 | H14: =SUM(H2:H12) -> 23859.15 | K14: =SUM(K2:K12) -> 3181.22 | L14: =SUM(L2:L12) -> 179738.93 | M14: =SUM(M2:M12) -> 179739 | N14: =L14-M14 -> -0.07
E15: Monthwise

Sheet Rappier
A1: Inv Date | B1: RO No | C1: Campaigns | D1: Adunit | E1: Invoice number | F1: Final Amount | G1: Invoice amt | H1: ServiceTax | I1: Cam End date | J1: Due date | K1: Less 2% | L1: Amt Receivable | M1: Amount Received | N1: Amt Received Date | O1: Status | P1: Cheque No
A2: 23rd Jan 2017 | C2: CocaCola | D2: CPM | E2: Rappier-001-Nov-2016 | F2: =SUM(G2:H2) -> 33097 | G2: 28780 | H2: =G2*15% -> 4317 | I2: 42758 | J2: =I2+30 -> 42788 | K2: =G2*2% -> 575.6 | L2: =F2-K2 -> 32521.4 | M2: 32521 | N2: 17th Feb 2017 | O2: CLEAR | P2: NEFT-PNB
A3: 7th March 2017 | E3: Rappier-002-Dec-2016 | F3: =SUM(G3:H3) -> 9246 | G3: 8040 | H3: =G3*15% -> 1206 | J3: =I3+45 -> 45 | K3: =G3*2% -> 160.8 | L3: =F3-K3 -> 9085.2 | M3: 9085 | N3: 12th May 2017 | O3: CLEAR | P3: NEFT-PNB
F4: =SUM(G4:H4) -> 0 | H4: =G4*15% -> 0 | J4: =I4+45 -> 45 | K4: =G4*2% -> 0 | L4: =F4-K4 -> 0
F5: =SUM(G5:H5) -> 0 | H5: =G5*15% -> 0 | J5: =I5+45 -> 45 | K5: =G5*2% -> 0 | L5: =F5-K5 -> 0
F6: =SUM(G6:H6) -> 0 | H6: =G6*15% -> 0 | J6: =I6+45 -> 45 | K6: =G6*2% -> 0 | L6: =F6-K6 -> 0
F7: =SUM(G7:H7) -> 0 | H7: =G7*15% -> 0 | J7: =I7+45 -> 45 | K7: =G7*2% -> 0 | L7: =F7-K7 -> 0
F8: =SUM(G8:H8) -> 0 | H8: =G8*15% -> 0 | J8: =I8+45 -> 45 | K8: =G8*2% -> 0 | L8: =F8-K8 -> 0
J9: =I9+45 -> 45
J10: =I10+45 -> 45
J11: =I11+45 -> 45
E13: HOME | F13: =SUM(F2:F11) -> 42343 | G13: =SUM(G2:G11) -> 36820 | H13: =SUM(H2:H11) -> 5523 | K13: =SUM(K2:K11) -> 736.4 | L13: =SUM(L2:L11) -> 41606.6 | M13: =SUM(M2:M11) -> 41606
E14: Monthwise

Sheet AdsPayMedia
A1: Inv Date | B1: RO No | C1: Campaigns | D1: Adunit | E1: Invoice number | F1: Final Amount | G1: Invoice amt | H1: ServiceTax | I1: Cam End date | J1: Due date | K1: Less 2% | L1: Amt Receivable | M1: Amount Received | N1: Amt Received Date | O1: Status | P1: Cheque No
A2: 6th Feb 2017 | C2: OBV | D2: CPC | E2: AdsPayMedia-001-Dec-2016 | F2: =SUM(G2:H2) -> 13399.8 | G2: 11652 | H2: =G2*15% -> 1747.8 | I2: 42772 | J2: Immediate | K2: =G2*2% -> 233.04 | L2: =F2-K2 -> 13166.76 | M2: 13167 | N2: 16th Feb 2017 | O2: CLEAR | P2: NEFT-PNB
A3: 6th Feb 2017 | C3: OBV | D3: CPC | E3: AdsPayMedia-002-Jan-2017 | F3: =SUM(G3:H3) -> 9845.15 | G3: 8561 | H3: =G3*15% -> 1284.15 | I3: 42767 | J3: =I3+30 -> 42797 | K3: =G3*2% -> 171.22 | L3: =F3-K3 -> 9673.93 | M3: 9674 | N3: 24th Mar 2017 | O3: CLEAR | P3: NEFT-PNB
F4: =SUM(G4:H4) -> 0 | H4: =G4*15% -> 0 | J4: =I4+30 -> 30 | K4: =G4*2% -> 0 | L4: =F4-K4 -> 0
F5: =SUM(G5:H5) -> 0 | H5: =G5*15% -> 0 | J5: =I5+30 -> 30 | K5: =G5*2% -> 0 | L5: =F5-K5 -> 0
F6: =SUM(G6:H6) -> 0 | H6: =G6*15% -> 0 | J6: =I6+30 -> 30 | K6: =G6*2% -> 0 | L6: =F6-K6 -> 0
F7: =SUM(G7:H7) -> 0 | H7: =G7*15% -> 0 | J7: =I7+30 -> 30 | K7: =G7*2% -> 0 | L7: =F7-K7 -> 0
F8: =SUM(G8:H8) -> 0 | H8: =G8*15% -> 0 | J8: =I8+30 -> 30 | K8: =G8*2% -> 0 | L8: =F8-K8 -> 0
F9: =SUM(G9:H9) -> 0 | H9: =G9*15% -> 0 | J9: =I9+30 -> 30 | K9: =G9*2% -> 0 | L9: =F9-K9 -> 0
J10: =I10+30 -> 30
J11: =I11+30 -> 30
J12: =I12+30 -> 30
E14: HOME | F14: =SUM(F2:F12) -> 23244.95 | G14: =SUM(G2:G12) -> 20213 | H14: =SUM(H2:H12) -> 3031.95 | K14: =SUM(K2:K12) -> 404.26 | L14: =SUM(L2:L12) -> 22840.69 | M14: =SUM(M2:M12) -> 22841
E15: Monthwise

Sheet Adclickzone
A1: Inv Date | B1: RO No | C1: Campaigns | D1: Adunit | E1: Invoice number | F1: Final Amount | G1: Invoice amt | H1: ServiceTax | I1: Cam End date | J1: Due date | K1: Less 2% | L1: Amt Receivable | M1: Amount Received | N1: Amt Received Date | O1: Status | P1: Cheque No
A2: 6th Feb 2017 | C2: Bajaj-Allianz | D2: CPV | E2: Adclickzone-001-Jan-2017 | F2: =SUM(G2:H2) -> 46381.8 | G2: 40332 | H2: =G2*15% -> 6049.8 | I2: 42772 | J2: =I2+45 -> 42817 | K2: =G2*2% -> 806.64 | L2: =F2-K2 -> 45575.16 | M2: 45575 | N2: 11th Apr 2017 | O2: CLEAR | P2: NEFT-PNB
A3: 7th Mar 2017 | D3: CPL | E3: Adclickzone-002-Dec-2016 | F3: =SUM(G3:H3) -> 2863.5 | G3: 2490 | H3: =G3*15% -> 373.5 | J3: =I3+45 -> 45 | K3: =G3*2% -> 49.8 | L3: =F3-K3 -> 2813.7 | M3: 2814 | N3: 11th Apr 2017 | O3: CLEAR | P3: NEFT-PNB
A4: 7th Mar 2017 | D4: CPL | E4: Adclickzone-003-Jan-2017 | F4: =SUM(G4:H4) -> 1196 | G4: 1040 | H4: =G4*15% -> 156 | J4: =I4+45 -> 45 | K4: =G4*2% -> 20.8 | L4: =F4-K4 -> 1175.2 | M4: 1175 | N4: 18th Apr 2017 | O4: CLEAR | P4: NEFT-PNB
F5: =SUM(G5:H5) -> 0 | H5: =G5*15% -> 0 | J5: =I5+45 -> 45 | K5: =G5*2% -> 0 | L5: =F5-K5 -> 0
F6: =SUM(G6:H6) -> 0 | H6: =G6*15% -> 0 | J6: =I6+45 -> 45 | K6: =G6*2% -> 0 | L6: =F6-K6 -> 0
F7: =SUM(G7:H7) -> 0 | H7: =G7*15% -> 0 | J7: =I7+45 -> 45 | K7: =G7*2% -> 0 | L7: =F7-K7 -> 0
F8: =SUM(G8:H8) -> 0 | H8: =G8*15% -> 0 | J8: =I8+45 -> 45 | K8: =G8*2% -> 0 | L8: =F8-K8 -> 0
J9: =I9+45 -> 45
J10: =I10+45 -> 45
J11: =I11+45 -> 45
E13: HOME | F13: =SUM(F2:F11) -> 50441.3 | G13: =SUM(G2:G11) -> 43862 | H13: =SUM(H2:H11) -> 6579.3 | K13: =SUM(K2:K11) -> 877.24 | L13: =SUM(L2:L11) -> 49564.06 | M13: =SUM(M2:M11) -> 49564
E14: Monthwise

Sheet AdSpar
A1: Inv Date | B1: RO No | C1: Campaigns | D1: Adunit | E1: Invoice number | F1: Final Amount | G1: Invoice amt | H1: ServiceTax | I1: Cam End date | J1: Due date | K1: Less 2% | L1: Amt Receivable | M1: Amount Received | N1: Amt Received Date | O1: Status | P1: Cheque No
A2: 23rd Jan 2017 | E2: AdSpar-001-Nov-2016 | F2: =SUM(G2:H2) -> 10827.25 | G2: 9415 | H2: =G2*15% -> 1412.25 | I2: 42758 | J2: Immediate | K2: =G2*2% -> 188.3 | L2: =F2-K2 -> 10638.95
A3: 23rd Feb 2017 | E3: AdSpar-002-Dec-2016 | F3: =SUM(G3:H3) -> 9752 | G3: 8480 | H3: =G3*15% -> 1272 | I3: 42736 | J3: =I3+45 -> 42781 | K3: =G3*2% -> 169.6 | L3: =F3-K3 -> 9582.4
F4: =SUM(G4:H4) -> 0 | H4: =G4*15% -> 0 | J4: =I4+45 -> 45 | K4: =G4*2% -> 0 | L4: =F4-K4 -> 0
F5: =SUM(G5:H5) -> 0 | H5: =G5*15% -> 0 | J5: =I5+45 -> 45 | K5: =G5*2% -> 0 | L5: =F5-K5 -> 0
F6: =SUM(G6:H6) -> 0 | H6: =G6*15% -> 0 | J6: =I6+45 -> 45 | K6: =G6*2% -> 0 | L6: =F6-K6 -> 0
F7: =SUM(G7:H7) -> 0 | H7: =G7*15% -> 0 | J7: =I7+45 -> 45 | K7: =G7*2% -> 0 | L7: =F7-K7 -> 0
F8: =SUM(G8:H8) -> 0 | H8: =G8*15% -> 0 | J8: =I8+45 -> 45 | K8: =G8*2% -> 0 | L8: =F8-K8 -> 0
J9: =I9+45 -> 45
J10: =I10+45 -> 45
J11: =I11+45 -> 45
E13: HOME | F13: =SUM(F2:F11) -> 20579.25 | G13: =SUM(G2:G11) -> 17895 | H13: =SUM(H2:H11) -> 2684.25 | K13: =SUM(K2:K11) -> 357.9 | L13: =SUM(L2:L11) -> 20221.35 | M13: =SUM(M2:M11) -> 0
E14: Monthwise

Sheet Esperto
A1: Inv Date | B1: RO No | C1: Campaigns | D1: Adunit | E1: Invoice number | F1: Final Amount | G1: Invoice amt | H1: ServiceTax | I1: Cam End date | J1: Due date | K1: Less 2% | L1: Amt Receivable | M1: Amount Received | N1: Amt Received Date | O1: Status | P1: Cheque No
A2: 21st Mar 2017 | E2: Esperto-001-Dec-2016 | F2: =SUM(G2:H2) -> 30834.95 | G2: 26813 | H2: =G2*15% -> 4021.95 | I2: 42741 | J2: =I2+30 -> 42771 | K2: =G2*2% -> 536.26 | L2: =F2-K2 -> 30298.69 | M2: 12868 | N2: 6th June 2017 | O2: CLEAR | P2: NEFT-PNB
F3: =SUM(G3:H3) -> 0 | H3: =G3*15% -> 0 | J3: =I3+45 -> 45 | K3: =G3*2% -> 0 | L3: =F3-K3 -> 0 | M3: 17349 | N3: 27th Sep 2017 | O3: CLEAR | P3: NEFT-PNB
F4: =SUM(G4:H4) -> 0 | H4: =G4*15% -> 0 | J4: =I4+45 -> 45 | K4: =G4*2% -> 0 | L4: =F4-K4 -> 0
F5: =SUM(G5:H5) -> 0 | H5: =G5*15% -> 0 | J5: =I5+45 -> 45 | K5: =G5*2% -> 0 | L5: =F5-K5 -> 0
F6: =SUM(G6:H6) -> 0 | H6: =G6*15% -> 0 | J6: =I6+45 -> 45 | K6: =G6*2% -> 0 | L6: =F6-K6 -> 0
F7: =SUM(G7:H7) -> 0 | H7: =G7*15% -> 0 | J7: =I7+45 -> 45 | K7: =G7*2% -> 0 | L7: =F7-K7 -> 0
F8: =SUM(G8:H8) -> 0 | H8: =G8*15% -> 0 | J8: =I8+45 -> 45 | K8: =G8*2% -> 0 | L8: =F8-K8 -> 0
J9: =I9+45 -> 45
J10: =I10+45 -> 45
J11: =I11+45 -> 45
E13: HOME | F13: =SUM(F2:F11) -> 30834.95 | G13: =SUM(G2:G11) -> 26813 | H13: =SUM(H2:H11) -> 4021.95 | K13: =SUM(K2:K11) -> 536.26 | L13: =SUM(L2:L11) -> 30298.69 | M13: =SUM(M2:M11) -> 30217
E14: Monthwise

Sheet Adhunterz
A1: Inv Date | B1: RO No | C1: Campaigns | D1: Adunit | E1: Invoice number | F1: Final Amount | G1: Invoice amt | H1: ServiceTax | I1: Cam End date | J1: Due date | K1: Less 2% | L1: Amt Receivable | M1: Amount Received | N1: Amt Received Date | O1: Status | P1: Cheque No
A2: 7th Feb 2017 | C2: CocaCola | D2: CPM | E2: Adhunterz-001-Jan-2017 | F2: =SUM(G2:H2) -> 5150.85 | G2: 4479 | H2: =G2*15% -> 671.85 | I2: 42741 | J2: =I2+30 -> 42771 | K2: =G2*2% -> 89.58 | L2: =F2-K2 -> 5061.27 | M2: 5061 | N2: 15th June 2017 | O2: CLEAR | P2: NEFT-PNB
F3: =SUM(G3:H3) -> 0 | H3: =G3*15% -> 0 | J3: =I3+45 -> 45 | K3: =G3*2% -> 0 | L3: =F3-K3 -> 0
F4: =SUM(G4:H4) -> 0 | H4: =G4*15% -> 0 | J4: =I4+45 -> 45 | K4: =G4*2% -> 0 | L4: =F4-K4 -> 0
F5: =SUM(G5:H5) -> 0 | H5: =G5*15% -> 0 | J5: =I5+45 -> 45 | K5: =G5*2% -> 0 | L5: =F5-K5 -> 0
F6: =SUM(G6:H6) -> 0 | H6: =G6*15% -> 0 | J6: =I6+45 -> 45 | K6: =G6*2% -> 0 | L6: =F6-K6 -> 0
F7: =SUM(G7:H7) -> 0 | H7: =G7*15% -> 0 | J7: =I7+45 -> 45 | K7: =G7*2% -> 0 | L7: =F7-K7 -> 0
F8: =SUM(G8:H8) -> 0 | H8: =G8*15% -> 0 | J8: =I8+45 -> 45 | K8: =G8*2% -> 0 | L8: =F8-K8 -> 0
J9: =I9+45 -> 45
J10: =I10+45 -> 45
J11: =I11+45 -> 45
E13: HOME | F13: =SUM(F2:F11) -> 5150.85 | G13: =SUM(G2:G11) -> 4479 | H13: =SUM(H2:H11) -> 671.85 | K13: =SUM(K2:K11) -> 89.58 | L13: =SUM(L2:L11) -> 5061.27 | M13: =SUM(M2:M11) -> 5061
E14: Monthwise

Sheet Adzjunction
A1: Inv Date | B1: RO No | C1: Campaigns | D1: Adunit | E1: Invoice number | F1: Final Amount | G1: Invoice amt | H1: ServiceTax | I1: Cam End date | J1: Due date | K1: Less 2% | L1: Amt Receivable | M1: Amount Received | N1: Amt Received Date | O1: Status | P1: Cheque No
A2: 23rd Feb 2017 | C2: Jaldaan | D2: CPC | E2: Adzjunction-001-Jan-2017 | F2: =SUM(G2:H2) -> 10346.55 | G2: 8997 | H2: =G2*15% -> 1349.55 | I2: 42763 | J2: =I2+30 -> 42793 | K2: =G2*2% -> 179.94 | L2: =F2-K2 -> 10166.61 | M2: 10167 | N2: 22nd Mar 2017 | O2: CLEAR | P2: NEFT-PNB
F3: =SUM(G3:H3) -> 0 | H3: =G3*15% -> 0 | J3: =I3+45 -> 45 | K3: =G3*2% -> 0 | L3: =F3-K3 -> 0
F4: =SUM(G4:H4) -> 0 | H4: =G4*15% -> 0 | J4: =I4+45 -> 45 | K4: =G4*2% -> 0 | L4: =F4-K4 -> 0
F5: =SUM(G5:H5) -> 0 | H5: =G5*15% -> 0 | J5: =I5+45 -> 45 | K5: =G5*2% -> 0 | L5: =F5-K5 -> 0
F6: =SUM(G6:H6) -> 0 | H6: =G6*15% -> 0 | J6: =I6+45 -> 45 | K6: =G6*2% -> 0 | L6: =F6-K6 -> 0
F7: =SUM(G7:H7) -> 0 | H7: =G7*15% -> 0 | J7: =I7+45 -> 45 | K7: =G7*2% -> 0 | L7: =F7-K7 -> 0
F8: =SUM(G8:H8) -> 0 | H8: =G8*15% -> 0 | J8: =I8+45 -> 45 | K8: =G8*2% -> 0 | L8: =F8-K8 -> 0
J9: =I9+45 -> 45
J10: =I10+45 -> 45
J11: =I11+45 -> 45
E13: HOME | F13: =SUM(F2:F11) -> 10346.55 | G13: =SUM(G2:G11) -> 8997 | H13: =SUM(H2:H11) -> 1349.55 | K13: =SUM(K2:K11) -> 179.94 | L13: =SUM(L2:L11) -> 10166.61 | M13: =SUM(M2:M11) -> 10167
E14: Monthwise

Sheet Zeematics
A1: Inv Date | B1: RO No | C1: Campaigns | D1: Adunit | E1: Invoice number | F1: Final Amount | G1: Invoice amt | H1: ServiceTax | I1: Cam End date | J1: Due date | K1: Less 2% | L1: Amt Receivable | M1: Amount Received | N1: Amt Received Date | O1: Status | P1: Cheque No
A2: 31st Mar 2017 | C2: Branding | D2: CPM | E2: Zeematics-001-Mar-2017 | F2: =SUM(G2:H2) -> 9994.65 | G2: 8691 | H2: =G2*15% -> 1303.65 | I2: 42763 | J2: =I2+30 -> 42793 | K2: =G2*2% -> 173.82 | L2: =F2-K2 -> 9820.83 | M2: 9995 | N2: 3rd April 2017 | O2: CLEAR | P2: NEFT-PNB
F3: =SUM(G3:H3) -> 0 | H3: =G3*15% -> 0 | J3: =I3+45 -> 45 | K3: =G3*2% -> 0 | L3: =F3-K3 -> 0
F4: =SUM(G4:H4) -> 0 | H4: =G4*15% -> 0 | J4: =I4+45 -> 45 | K4: =G4*2% -> 0 | L4: =F4-K4 -> 0
F5: =SUM(G5:H5) -> 0 | H5: =G5*15% -> 0 | J5: =I5+45 -> 45 | K5: =G5*2% -> 0 | L5: =F5-K5 -> 0
F6: =SUM(G6:H6) -> 0 | H6: =G6*15% -> 0 | J6: =I6+45 -> 45 | K6: =G6*2% -> 0 | L6: =F6-K6 -> 0
F7: =SUM(G7:H7) -> 0 | H7: =G7*15% -> 0 | J7: =I7+45 -> 45 | K7: =G7*2% -> 0 | L7: =F7-K7 -> 0
F8: =SUM(G8:H8) -> 0 | H8: =G8*15% -> 0 | J8: =I8+45 -> 45 | K8: =G8*2% -> 0 | L8: =F8-K8 -> 0
J9: =I9+45 -> 45
J10: =I10+45 -> 45
J11: =I11+45 -> 45
E13: HOME | F13: =SUM(F2:F11) -> 9994.65 | G13: =SUM(G2:G11) -> 8691 | H13: =SUM(H2:H11) -> 1303.65 | K13: =SUM(K2:K11) -> 173.82 | L13: =SUM(L2:L11) -> 9820.83 | M13: =SUM(M2:M11) -> 9995
E14: Monthwise

Sheet Value First
A1: Inv Date | B1: RO No | C1: Campaigns | D1: Adunit | E1: Invoice number | F1: Final Amount | G1: Invoice amt | H1: ServiceTax | I1: Cam End date | J1: Due date | K1: Less 2% | L1: Amt Receivable | M1: Amount Received | N1: Amt Received Date | O1: Status | P1: Cheque No
E16: HOME | F16: =SUM(F2:F14) -> 0 | G16: =SUM(G2:G14) -> 0 | H16: =SUM(H2:H14) -> 0 | K16: =SUM(K2:K14) -> 0 | L16: =SUM(L2:L14) -> 0 | M16: =SUM(M2:M14) -> 0
E17: Monthwise
L20: 65394
L21: 25264
L22: =SUM(L20:L21) -> 90658
L23: =L22*10% -> 9065.8
L24: =L22-L23 -> 81592.2

Sheet Girnarsoft
A1: Inv Date | B1: RO No | C1: Campaigns | D1: Adunit | E1: Invoice number | F1: Final Amount | G1: Invoice amt | H1: ServiceTax | I1: Cam End date | J1: Due date | K1: Less 2% | L1: Amt Receivable | M1: Amount Received | N1: Amt Received Date | O1: Status | P1: Cheque No
E16: HOME | F16: =SUM(F2:F14) -> 0 | G16: =SUM(G2:G14) -> 0 | H16: =SUM(H2:H14) -> 0 | K16: =SUM(K2:K14) -> 0 | L16: =SUM(L2:L14) -> 0 | M16: =SUM(M2:M14) -> 0
E17: Monthwise

Sheet Myinsuranceclub
A1: Inv Date | B1: RO No | C1: Campaigns | D1: Adunit | E1: Invoice number | F1: Final Amount | G1: Invoice amt | H1: ServiceTax | I1: Cam End date | J1: Due date | K1: Less 2% | L1: Amt Receivable | M1: Amount Received | N1: Amt Received Date | O1: Status | P1: Cheque No
A2: 29th Aug 2016 | D2: CPL | E2: Myinsuranceclub-001-July-2016 | F2: =SUM(G2:H2) -> 25564.5 | G2: 22230 | H2: =G2*15% -> 3334.5 | I2: 42592 | J2: =I2+30 -> 42622 | K2: =G2*2% -> 444.6 | L2: =F2-K2 -> 25119.9 | M2: 10000
F3: =SUM(G3:H3) -> 0 | H3: =G3*15% -> 0 | K3: =G3*2% -> 0 | L3: =F3-K3 -> 0
F4: =SUM(G4:H4) -> 0 | H4: =G4*15% -> 0 | K4: =G4*2% -> 0 | L4: =F4-K4 -> 0
F5: =SUM(G5:H5) -> 0 | H5: =G5*15% -> 0 | K5: =G5*2% -> 0 | L5: =F5-K5 -> 0
F6: =SUM(G6:H6) -> 0 | H6: =G6*15% -> 0 | K6: =G6*2% -> 0 | L6: =F6-K6 -> 0
F7: =SUM(G7:H7) -> 0 | H7: =G7*15% -> 0 | K7: =G7*2% -> 0 | L7: =F7-K7 -> 0
F8: =SUM(G8:H8) -> 0 | H8: =G8*15% -> 0 | K8: =G8*2% -> 0 | L8: =F8-K8 -> 0
F9: =SUM(G9:H9) -> 0 | H9: =G9*15% -> 0 | K9: =G9*2% -> 0 | L9: =F9-K9 -> 0 | Q9: 2-different cheques
F10: =SUM(G10:H10) -> 0 | H10: =G10*15% -> 0 | K10: =G10*2% -> 0 | L10: =F10-K10 -> 0
E14: HOME | F14: =SUM(F2:F12) -> 25564.5 | G14: =SUM(G2:G12) -> 22230 | H14: =SUM(H2:H12) -> 3334.5 | K14: =SUM(K2:K12) -> 444.6 | L14: =SUM(L2:L12) -> 25119.9 | M14: =SUM(M2:M12) -> 10000 | N14: =L14-M14 -> 15119.9
E15: Monthwise
M16: 9987071159-Amay

Sheet Refearn
A1: Inv Date | B1: RO No | C1: Campaigns | D1: Adunit | E1: Invoice number | F1: Final Amount | G1: Invoice amt | H1: ServiceTax | I1: Cam End date | J1: Due date | K1: Less 2% | L1: Amt Receivable | M1: Amount Received | N1: Amt Received Date | O1: Status | P1: Cheque No
A2: 29th Aug 2016 | C2: Unicef | D2: CPC | E2: Refearn-001-June-2016 | F2: =SUM(G2:H2) -> 21531.45 | G2: 18723 | H2: =G2*15% -> 2808.45 | I2: 42579 | J2: =I2+30 -> 42609 | K2: =G2*2% -> 374.46 | L2: =F2-K2 -> 21156.99 | M2: 21156 | N2: 1st Feb 2017 | O2: CLEAR | P2: NEFT-PNB
F3: =SUM(G3:H3) -> 0 | H3: =G3*15% -> 0 | K3: =G3*2% -> 0 | L3: =F3-K3 -> 0
F4: =SUM(G4:H4) -> 0 | H4: =G4*15% -> 0 | K4: =G4*2% -> 0 | L4: =F4-K4 -> 0
F5: =SUM(G5:H5) -> 0 | H5: =G5*15% -> 0 | K5: =G5*2% -> 0 | L5: =F5-K5 -> 0
F6: =SUM(G6:H6) -> 0 | H6: =G6*15% -> 0 | K6: =G6*2% -> 0 | L6: =F6-K6 -> 0
F7: =SUM(G7:H7) -> 0 | H7: =G7*15% -> 0 | K7: =G7*2% -> 0 | L7: =F7-K7 -> 0
F8: =SUM(G8:H8) -> 0 | H8: =G8*15% -> 0 | K8: =G8*2% -> 0 | L8: =F8-K8 -> 0
F9: =SUM(G9:H9) -> 0 | H9: =G9*15% -> 0 | K9: =G9*2% -> 0 | L9: =F9-K9 -> 0
F10: =SUM(G10:H10) -> 0 | H10: =G10*15% -> 0 | K10: =G10*2% -> 0 | L10: =F10-K10 -> 0
E14: HOME | F14: =SUM(F2:F12) -> 21531.45 | G14: =SUM(G2:G12) -> 18723 | H14: =SUM(H2:H12) -> 2808.45 | K14: =SUM(K2:K12) -> 374.46 | L14: =SUM(L2:L12) -> 21156.99 | M14: =SUM(M2:M12) -> 21156
E15: Monthwise

Sheet Admitad
A1: Inv Date | B1: RO No | C1: Campaigns | D1: Adunit | E1: Invoice number | F1: Final Amount | G1: Invoice amt | H1: ServiceTax | I1: Cam End date | J1: Due date | K1: Less 2% | L1: Amt Receivable | M1: Amount Received | N1: Amt Received Date | O1: Status | P1: Cheque No
A2: 6th Sep 2016 | E2: Admitad-001-May-June-July-2016 | F2: =SUM(G2:H2) -> 8692.85 | G2: 7559 | H2: =G2*15% -> 1133.85 | K2: =G2*2% -> 151.18 | L2: =F2-K2 -> 8541.67 | M2: 8542 | N2: 13th Oct 2016 | O2: CLEAR | P2: NEFT-PNB
F4: =SUM(G4:H4) -> 0 | H4: =G4*15% -> 0 | K4: =G4*2% -> 0 | L4: =F4-K4 -> 0
F5: =SUM(G5:H5) -> 0 | H5: =G5*15% -> 0 | K5: =G5*2% -> 0 | L5: =F5-K5 -> 0
F6: =SUM(G6:H6) -> 0 | H6: =G6*15% -> 0 | K6: =G6*2% -> 0 | L6: =F6-K6 -> 0
F7: =SUM(G7:H7) -> 0 | H7: =G7*15% -> 0 | K7: =G7*2% -> 0 | L7: =F7-K7 -> 0
F8: =SUM(G8:H8) -> 0 | H8: =G8*15% -> 0 | K8: =G8*2% -> 0 | L8: =F8-K8 -> 0
F9: =SUM(G9:H9) -> 0 | H9: =G9*15% -> 0 | K9: =G9*2% -> 0 | L9: =F9-K9 -> 0
F10: =SUM(G10:H10) -> 0 | H10: =G10*15% -> 0 | K10: =G10*2% -> 0 | L10: =F10-K10 -> 0
F11: =SUM(G11:H11) -> 0 | H11: =G11*15% -> 0 | K11: =G11*2% -> 0 | L11: =F11-K11 -> 0
F12: =SUM(G12:H12) -> 0 | H12: =G12*15% -> 0 | K12: =G12*2% -> 0 | L12: =F12-K12 -> 0
F13: =SUM(G13:H13) -> 0 | H13: =G13*15% -> 0 | K13: =G13*2% -> 0 | L13: =F13-K13 -> 0
F14: =SUM(G14:H14) -> 0 | H14: =G14*15% -> 0 | K14: =G14*2% -> 0 | L14: =F14-K14 -> 0
F15: =SUM(G15:H15) -> 0 | H15: =G15*15% -> 0 | K15: =G15*2% -> 0 | L15: =F15-K15 -> 0
... F21: =SUM(G21:H21) -> 0 | H21: =G21*15% -> 0 | K21: =G21*2% -> 0 | L21: =F21-K21 -> 0
E23: HOME | F23: =SUM(F2:F21) -> 8692.85 | G23: =SUM(G2:G21) -> 7559 | H23: =SUM(H2:H21) -> 1133.85 | K23: =SUM(K2:K21) -> 151.18 | L23: =SUM(L2:L21) -> 8541.67 | M23: =SUM(M2:M21) -> 8542
E24: Monthwise

Sheet Xapads
A1: Inv Date | B1: RO No | C1: Campaigns | D1: Adunit | E1: Invoice number | F1: Final Amount | G1: Invoice amt | H1: ServiceTax | I1: Cam End date | J1: Due date | K1: Less 2% | L1: Amt Receivable | M1: Amount Received | N1: Amt Received Date | O1: Status | P1: Cheque No
A2: 9th Jan 2017 | C2: India Pop | D2: CPM | E2: Xapads-001-Dec-2016 | F2: =SUM(G2:H2) -> 13874.75 | G2: 12065 | H2: =G2*15% -> 1809.75 | I2: 43100 | J2: =I2+30 -> 43130 | K2: =G2*2% -> 241.3 | L2: =F2-K2 -> 13633.45 | M2: 13633 | N2: 27th June 2017 | O2: CLEAR | P2: NEFT-PNB
A3: 13th Feb 2017 | C3: India Pop | D3: CPM | E3: Xapads-002-Jan-2017 | F3: =SUM(G3:H3) -> 12057.75 | G3: 10485 | H3: =G3*15% -> 1572.75 | K3: =G3*2% -> 209.7 | L3: =F3-K3 -> 11848.05 | M3: 11848 | N3: 27th June 2017 | O3: CLEAR | P3: NEFT-PNB
F4: =SUM(G4:H4) -> 0 | H4: =G4*15% -> 0 | K4: =G4*2% -> 0 | L4: =F4-K4 -> 0
F5: =SUM(G5:H5) -> 0 | H5: =G5*15% -> 0 | K5: =G5*2% -> 0 | L5: =F5-K5 -> 0
F6: =SUM(G6:H6) -> 0 | H6: =G6*15% -> 0 | K6: =G6*2% -> 0 | L6: =F6-K6 -> 0
F7: =SUM(G7:H7) -> 0 | H7: =G7*15% -> 0 | K7: =G7*2% -> 0 | L7: =F7-K7 -> 0
F8: =SUM(G8:H8) -> 0 | H8: =G8*15% -> 0 | K8: =G8*2% -> 0 | L8: =F8-K8 -> 0
F9: =SUM(G9:H9) -> 0 | H9: =G9*15% -> 0 | K9: =G9*2% -> 0 | L9: =F9-K9 -> 0
F10: =SUM(G10:H10) -> 0 | H10: =G10*15% -> 0 | K10: =G10*2% -> 0 | L10: =F10-K10 -> 0
F11: =SUM(G11:H11) -> 0 | H11: =G11*15% -> 0 | K11: =G11*2% -> 0 | L11: =F11-K11 -> 0
F12: =SUM(G12:H12) -> 0 | H12: =G12*15% -> 0 | K12: =G12*2% -> 0 | L12: =F12-K12 -> 0
F13: =SUM(G13:H13) -> 0 | H13: =G13*15% -> 0 | K13: =G13*2% -> 0 | L13: =F13-K13 -> 0
F14: =SUM(G14:H14) -> 0 | H14: =G14*15% -> 0 | K14: =G14*2% -> 0 | L14: =F14-K14 -> 0
F15: =SUM(G15:H15) -> 0 | H15: =G15*15% -> 0 | K15: =G15*2% -> 0 | L15: =F15-K15 -> 0
F16: =SUM(G16:H16) -> 0 | H16: =G16*15% -> 0 | K16: =G16*2% -> 0 | L16: =F16-K16 -> 0
E18: HOME | F18: =SUM(F2:F16) -> 25932.5 | G18: =SUM(G2:G16) -> 22550 | H18: =SUM(H2:H16) -> 3382.5 | K18: =SUM(K2:K16) -> 451 | L18: =SUM(L2:L16) -> 25481.5 | M18: =SUM(M2:M16) -> 25481
E19: Monthwise

Sheet BAD DEBTS
A1: Inv Date | B1: RO No | C1: Campaigns | D1: Adunit | E1: Invoice number | F1: Final Amount | G1: Invoice amt | H1: ServiceTax | I1: Cam End date | J1: Due date | K1: Less 2% | L1: Amt Receivable | M1: Amount Received | N1: Amt Received Date | O1: Status | P1: Cheque No
A2: 20th May 2016 | C2: MMT-MMTBUS-CPV | E2: Digidesk Media-016-Mar-2016 | F2: =SUM(G2:H2) -> 24230.49 | G2: 21162 | H2: =G2*14.5% -> 3068.49 | K2: =G2*2% -> 423.24 | L2: =F2-K2 -> 23807.25
